Workbook
Name _AFC1: [1]INV!$A$25:$D$28
Name _AFC3: [1]INV!$F$25:$I$28
Name _AFC5: [1]INV!$K$25:$N$28
Name _BGC1: [1]INV!$A$5:$D$8
Name _BGC3: [1]INV!$F$5:$I$8
Name _BGC5: [1]INV!$K$5:$N$8
Name _CAC1: [1]INV!$A$19:$D$22
Name _CAC3: [1]INV!$F$19:$I$22
Name _CAC5: [1]INV!$K$19:$N$22
Name _Cod1: #REF!
Name _Cod1: #REF!
Name _Cod1: #REF!
Name _Cod1: #REF!
Name _Cod1: #REF!
Name _Cod1: #REF!
Name _Cod1: #REF!
Name _Cod1: #REF!
Name _Cod1: #REF!
Name _Cod1: #REF!
Name _Cod1: #REF!
Name _Cod1: #REF!
Name _Cod1: #REF!
Name _Cod1: #REF!
Name _Cod1: #REF!
Name _Cod1: #REF!
Name _Cod1: #REF!
Name _Cod1: #REF!
Name _Cod1: #REF!
Name _Cod1: #REF!
Name _Cod1: #REF!
Name _Cod1: #REF!
Name _MA2: #REF!
Name _MA2: #REF!
Name _MA2: #REF!
Name _MA2: #REF!
Name _MA2: #REF!
Name _MA2: #REF!
Name _MA2: #REF!
Name _MA2: #REF!
Name _MA2: #REF!
Name _MA2: #REF!
Name _MA2: #REF!
Name _MA2: #REF!
Name _MA2: #REF!
Name _MA2: #REF!
Name _MA2: #REF!
Name _MA2: #REF!
Name _MA2: #REF!
Name _MA2: #REF!
Name _MA2: #REF!
Name _MA2: #REF!
Name _MA2: #REF!
Name _MA2: #REF!
Name _Pa1: '[2]Paral. 1'!$E$1:$E$65536
Name _Pa2: '[2]Paral. 2'!$E$1:$E$65536
Name _Pa3: '[2]Paral. 3'!$E$1:$E$65536
Name _Pa4: [2]Paral.4!$E$1:$E$65536
Name _SBC1: [1]INV!$A$12:$D$15
Name _SBC3: [1]INV!$F$12:$I$15
Name _SBC5: [1]INV!$K$12:$N$15

Sheet Instructivo
C1: SISTEMA DE GESTIÓN INTEGRAL - SGI
C2: INSTRUCTIVO - COMPONENTE FINANCIERO EP
C3: CÓDIGO: F-PGC-21 | G3: VERSIÓN: 02
A5: Color | B5: Hoja | D5: Color | E5: Celda
A6: Gris | B6: Informativa | D6: Azul | E6: Protegida
A7: Vinotinto | B7: Formatos
A8: Morado | B8: Variables
A10: Para un mejor diligenciamiento de los formatos y uso de las variables y hojas informativas que se encuentran en este libro, se recomienda, antes de empezar a diligenciar, leer el instructivo, que se encuentra consignado en la presente hoja, igualmente, cada hoja contiene un número significativo de comentarios, los cuales, pretenden ayudar al diligenciamiento, se recomienda leerlos y aplicarlos de manera atenta. En caso de requerir apoyo, favor comunicarse con el asesor(a) financiero(a) asignado para el proceso.
A12: HOJAS INFORMATIVAS
A13: Nombre | D13: Descripción
A14: Cuantías de contratación (por pluralidad de oferentes) | D14: En la hoja se encuentran los valores establecidos anualmente, para identificar dentro de la contratación por pluralidad de oferentes, de acuerdo al valor del presupuesto, si se clasifica dentro de una mínima cuantía, menor cuantía o licitación pública, en los casos que aplique.
A15: Documentos de apoyo | D15: En la hoja se encuentran listas enunciativas de documentos de apoyo, que pueden presentar interés, al igual, que guíar el accionar en el ámbito general de la contratación pública y específico de la asesoría financiera a la misma. Se deberá considerar que las listas no son exhaustivas, es decir, no contemplan todos los documentos de cada categoría, al igual, que depende de la actualización constante de la Subdirección Administrativa y Financiera.
A16: Impuestos y garantías | D16: En la hoja se encuentra una lista enunciativa de los impuestos y las garantías en los que puede incurrir el ejecutor, las cuales dependen de la especificidad del proceso. La lista es de carácter informativa en caso que se emitan consultas al respecto.
A17: Información anticipos y pagos anticipados | D17: En la hoja se encuentra una corta explicación sobre la consideración normativa de los anticipos y pagos anticipados, que tiene como objeto orientar respecto a este tema de frecuente consulta e inquietud; tema sobre el cual, se requiere tener claridad para la estipulación de la ejecución física y financiera de los procesos.
A18: Información procesos de obra pública y capacidad residual (K) | D18: En la hoja se encuentra una corta explicación sobre los procesos de obra, y el cálculo de la capacidad residual (K) en los casos que se requiera, que tiene como objeto suministrar información de interés general respecto a este tema de frecuente consulta e inquietud; tener en cuenta que este tema es de competencia tanto jurídica como técnica y financiera.
A19: Información IVA | D19: En la hoja se encuentra una corta explicación sobre las consideraciones respecto al IVA, que tiene como objeto orientar respecto a este tema de frecuente consulta e inquietud.
A20: Notas propuesta económica | D20: En la hoja se encuentra una lista enunciativa de notas, las cuales deberán ser elegidas de acuerdo a la especificidad del proceso contractual, con el fin de incluirlas en el formato de propuesta económica. Las notas tienen como objeto orientar a los oferentes en el diligenciamiento de dicho formato.
A21: Requisitos habilitantes capacidad financiera y organizacional | D21: En la hoja se encuentran los requisitos de capacidad financiera y organizacional vigentes
A23: FORMATOS (PARA DILIGENCIAR) | I23: DILIGENCIAR EN CASO DE:
A24: Nombre | D24: Descripción | I24: Contratos por contratación directa | J24: Contratos por pluralidad de oferentes | K24: Convenios
A25: DILIGENCIAR PARA EVALUACIÓN POR PARTE DEL COMITÉ DE CONTRATACIÓN (Asesor técnico)
A26: Se recomienda que el asesor técnico para la planeación financiera del proceso contractual, empiece con el diligenciamiento paralelo de la memoria de cálculo con su debido estudio de mercado, para seguir con la estipulación de los gastos de administración, si aplican. En un segundo momento, se recomienda diligenciar, el presupuesto de acuerdo a la modalidad del proceso, y el plan de ejecución física y de inversiones. El técnico podrá anexar al presente libro las hojas que considere necesarias con el fin de suportar la estimación de los valores. NOTA: Se recomienda iniciar escribiendo en el formato del Plan de ejecución los datos básicos de modalidad de contratación y objeto a contratar, ya que está información alimenta a las demás hojas.
A27: Plan de ejecución física y de inversiones | D27: Diligenciar la programación física y financiera del proceso, tanto en la étapa inicial, como en el caso de solicitud de Otrosí de adición de recursos o prórroga, o cuando el Otrosí de modificación implique cambios en el presupuesto. | I27: X | J27: X | K27: X
A28: Plan de ejecución física y de inversiones - Prestación de Servicios Personales | D28: Diligenciar exclusivamente para los contratos de Prestación de Servicios Personales que suscribe la Corporación con una persona natural. Este formato simplificado permite la programación física y financiera del proceso, tanto en la étapa inicial, como en el caso de solicitud de Otrosí de adición de recursos o prórroga, o cuando el Otrosí de modificación implique cambios en el presupuesto. | I28: X
A29: Presupuesto - Modalidad contrato | D29: Diligenciar en caso que el proceso se tipifique dentro de las modalidades de contratos. El presupuesto es un documento donde se plasman los recursos económicos requeridos para llevar a cabo de manera exitosa el proceso contractual. | I29: X | J29: X
A30: Presupuesto - Modalidad contrato - Prestación de Servicios Personales | D30: Diligenciar exclusivamente para los contratos de Prestación de Servicios Personales que suscribe la Corporación con una persona natural. En este formato simplificado se plasma el presupuesto, donde se relacionan los recursos económicos requeridos para llevar a cabo de manera exitosa el proceso contractual. | I30: X
A31: Presupuesto - Modalidad convenio | D31: Diligenciar en caso que el proceso se tipifique dentro de las modalidades de convenios. El presupuesto es un documento donde se plasman los recursos económicos requeridos para llevar a cabo de manera exitosa el proceso contractual. | K31: X
A32: Memoria de cálculo - Opción 1 | D32: Diligenciar de acuerdo a las características del proceso, alcance y/o actividad. La memoria de cálculo es un documento descriptivo donde se refleja de manera exhaustiva y detallada, todos y cada uno de los elementos que intervienen en el proceso, alcance y/o actividad que se está valorando. Esta memoria de cálculo es útil para la compra de productos terminados, bienes con características homogéneas, o bienes y servicios que se valoren a todo costo, entre otras opciones, por ejemplo: compra de equipos o insumos. Nota: Tener en cuenta que para valorar una variable o ítem se utiliza una sola memoria de cálculo y no las tres opciones, por ejemplo, si se quiere valorar la adquisición de 1 equipo de cómputo, dicha adquisición se deja consignada en solo una de las memorias de cálculo, no se tiene que utilizar las tres opciones para este mismo ítem. | I32: Se seleccionará el formato de memoria de cálculo que mejor se adapte a las características del proceso, alcance y/o actividad a valorar.
A33: Memoria de cálculo - Opción 2 | D33: Diligenciar de acuerdo a las características del proceso, alcance y/o actividad. La memoria de cálculo es un documento descriptivo donde se refleja de manera exhaustiva y detallada, todos y cada uno de los elementos que intervienen en el proceso, alcance y/o actividad que se está valorando. Esta memoria de cálculo es útil para los procesos de obra. Nota: Tener en cuenta que para valorar una variable o ítem se utiliza una sola memoria de cálculo y no las tres opciones, por ejemplo, si se quiere valorar la adquisición de 1 equipo de cómputo, dicha adquisición se deja consignada en solo una de las memorias de cálculo, no se tiene que utilizar las tres opciones para este mismo ítem.
A34: Memoria de cálculo - Opción 3 | D34: Diligenciar de acuerdo a las características del proceso, alcance y/o actividad. La memoria de cálculo es un documento descriptivo donde se refleja de manera exhaustiva y detallada, todos y cada uno de los elementos que intervienen en el proceso, alcance y/o actividad que se está valorando. Esta memoria de cálculo es útil para procesos que requieran detallar todos los elementos del costo, por ejemplo, realización de talleres, donde se debe considerar los materiales, los refrigerios, alquiler de equipos, entre otros. Nota: Tener en cuenta que para valorar una variable o ítem se utiliza una sola memoria de cálculo y no las tres opciones, por ejemplo, si se quiere valorar la adquisición de 1 equipo de cómputo, dicha adquisición se deja consignada en solo una de las memorias de cálculo, no se tiene que utilizar las tres opciones para este mismo ítem.
A35: Estudio de mercado | D35: Un estudio de mercado es el proceso mediante el cual, se recoge y análiza información que sirve para identificar las características, valores y condiciones del bien o servicio a adquirir, con el fin de obtenerlos acuerdo a las estipulaciones del mercado, bajo el principio de plena competencia. En la corporación el estudio de mercado se realiza mediante la identificación de valores por medio de cotizaciones debidamente radicadas, valores históricos de los bienes y servicios de interés, recolección de información de sitios de internet soportados con los debidos pantallazos, y demás información de diferentes fuentes con sus correspondientes medios de verificación. El estudio de mercado no se puede confundir con el estudio de sector, este último, requerido solo para algunos procesos contractuales. En el estudio de mercado, pueden hacer parte, debidamente soportados o en todo caso que permita realizar la trazabilidad, los valores establecidos en otros procesos contractuales para los mismos bienes y servicios, de la misma vigencia o de anteriores vigencias, en caso de utilizar valores de vigencias anteriores se deberá realizar la respectiva actualización con la inflación anual de la o las vigencias pasadas. | I35: X | J35: X | K35: X
A36: Determinación de gastos de administración | D36: Diligenciar para determinar el porcentaje de los gastos de administración o administración del proceso, de acuerdo a las características del mismo, considerando no tener duplicidad en ítems ya contemplados en el presupuesto general del proceso. | I36: X | J36: X | K36: X
A37: Identificación de bienes nacionales relevantes | D37: Diligenciar para identificar los bienes nacionales relevantes en los procesos que apliquen. | J37: X
A38: DILIGENCIAR COMO PARTE DE LOS DOCUMENTOS A SUBIR A LA PLATAFORMA SECOP (Asesor financiero)
A39: Propuesta económica - Opción 1 | D39: Diligenciar con el objeto de suministrarle a los oferentes la estructura y condiciones de la presentación de las respectivas propuestas económicas, se recomienda su uso para procesos que se hayan planeado en el formato memoria de cálculo - opción 1. | J39: X
A40: Propuesta económica - Opción 2 | D40: Diligenciar con el objeto de suministrarle a los oferentes la estructura y condiciones de la presentación de las respectivas propuestas económicas, se recomienda su uso para procesos que se hayan planeado en el formato memoria de cálculo - opción 2. | J40: X
A41: Propuesta económica - Opción 3 | D41: Diligenciar con el objeto de suministrarle a los oferentes la estructura y condiciones de la presentación de las respectivas propuestas económicas, se recomienda su uso para procesos que se hayan planeado en el formato memoria de cálculo - opción 3. | J41: X
A42: Estimación PAB comparación absoluta | D42: Diligenciar con el objeto realizar el acta del Precio Artificialmente Bajo (PAB). La cual, se elabora paralelamente con el formato de propuesta económica para el proceso. | J42: X
A43: DILIGENCIAR PARA EVALUACIÓN FINANCIERA DE OFERENTES (Asesor financiero)
A44: Verificación de requisitos habilitantes de los proponentes sobre capacidad financiera y organizacional | D44: Diligenciar con el fin de consignar la verificación de los requisitos habilitantes de los proponentes, sobre capacidad financiera y organizacional, en los casos que apliquen. | J44: X
A45: Estimación PAB comparación relativa | D45: Diligenciar solamente en el caso que sea necesario aplicar la metodología de comparación relativa, es decir, cuando se hayan presentado más de 5 ofertas, con el fin de evaluar los PAB de los oferentes. | J45: X
A46: DILIGENCIAR EN CASO DE PROCESOS DE SELECCIÓN ABREVIADA POR SUBASTA INVERSA (Asesor financiero)
A47: Subasta inversa - Análisis de habilitados | D47: Diligenciar (de manera física o virtual) en caso de realizarse una subasta inversa | J47: X
A48: Subasta inversa presencial - Análisis de lances | D48: Diligenciar (de manera física o virtual) en caso de realizarse una subasta inversa presencial | J48: X
A49: Subasta inversa presencial - Lances de precios | D49: Imprimir para diligenciar de manera física por parte de los oferentes, en caso de realizarse una subasta inversa presencial | J49: X
A50: Subasta inversa presencial - Declinación de lances | D50: Imprimir para diligenciar de manera física por parte de los oferentes, en caso de realizarse una subasta inversa presencial | J50: X
A52: VARIABLES (ESTIPULACIÓN DE VALORES DE CARÁCTER CORPORATIVO)
A53: Nombre | D53: Descripción
A54: Valores de gastos de desplazamiento y manutención | D54: Determinación de los valores de los gastos de desplazamiento (transporte) y manutención (alimentación y/o alojamiento) a reconocer en las comisiones que se requieran realizar en la ejecución del proceso contractual.
A55: Valores de honorarios (prestadores de servicios) | D55: Determinación de los valores para el reconocimiento de los honorarios a pagar en el caso de vinculación por contrato de prestación de servicios personales (contrato civil).
A56: Valores de jornales | D56: Determinación de los valores para el reconocimiento del pago, cuando el mismo se realiza de manera diaria al trabajador.
A57: Valores de salarios | D57: Determinación de los valores de los salarios percibidos por el personal con vinculación laboral a la corporación, estos valores se utilizan únicamente para cuantificar el aporte en especie corporativo de su personal, en los casos que aplique.
A58: Valores de alimentación | D58: Determinación de los valores a reconocer por el suministro de alimentación, tales como refrigerios y almuerzos, entre otros.
A59: Valores de distintivos corporativos | D59: Determinación de los valores a reconocer por el suministro de distintivos corporativos, tales como gorras, pavas, camisetas, chalecos, entre otros.
A61: Nota 1: El presente libro en excel contiene los formatos y variables de frecuente y general uso para la planeación financiera de los procesos contractuales de la entidad, los mismos se diligenciarán y utilizarán de acuerdo a la especificidad del proceso, el diligenciamiento es de responsabilidad del técnico del proceso (a excepción de los formatos donde expresamente se señale que el diligenciamiento es por el asesor financiero), el cual, tendrá acompañamiento por parte del respectivo asesor financiero del proceso. En caso de no requerir una o varias hojas del presente libro, favor ocultarlas (no eliminarlas).
A62: Nota 2: En los contratos por pluralidad de oferentes al momento de subir el presente libro a la plataforma SECOP, el asesor jurídico y el asesor técnico deberán coordinar con el asesor financiero las hojas del presente libro a publicar y su debida protección, considerando que se recomienda dejar visibles las hojas que hayan sido diligenciadas o se hayan utilizado para el diligenciamiento del presupuesto y el soporte de las estimaciones del mismo, en los casos que se puedan, lo que implica que las demás hojas se deben ocultar, y el libro proteger, con el fin de evitar confusiones innecesarias a los posibles oferentes. Así mismo, con el fin de proporcionarles claridades a las oferentes, se publicará la hoja de propuesta económica que estos deben diligenciar aparte del libro con las hojas de la planeación del proceso, y se debe ocultar la hoja de la estimación del PAB por comparación absoluta. En todo caso, para la publicación de la información, se debe considerar lo dispuesto en el Decreto 1510 de 2013 artículos 19 y 20.
A63: Nota 3: La actualización del presente libro es responsabilidad de la Subdirección Administrativa y Financiera, quien actualizará los formatos en caso de alguna novedad, y actualizará las variables a inicio de cada año con la expedición del respectivo memorando, en caso de las variables que se actualicen por parte de otras dependencias, por ejemplo, costos de alimentación por parte de la Subdirección de Cultura y Participación, o Distintivos por parte de la Subdirección de Comunicaciones, la Subdirección Administrativa y Financiera actualizará la variable posterior a que la subdirección encargada emita el memorando, para estos casos, si hay cambio de vigencia (de un año a otro), se utilizará el valor que actualmente esté establecido por memorando, actualizado con la inflación anual de la o las vigencias pasadas, cifra a expresar redondeada a la centena más cercana.

Sheet Plan Ejecución
C1: SISTEMA DE GESTIÓN INTEGRAL - SGI | AE1: Instructivo
C2: COMPONENTE FINANCIERO EP - PLAN DE EJECUCIÓN FÍSICA Y DE INVERSIONES
C3: CÓDIGO: F-PGC-21 | H3: VERSIÓN: 03
A5: MODALIDAD DE CONTRATACIÓN: | C5: CONTRATACIÓN DIRECTA | AE5: =C5 -> CONTRATACIÓN DIRECTA
A6: OBJETO A CONTRATAR: | C6: "“SOPORTE, MANTENIMIENTO Y ACTUALIZACIÓN DEL VISOR GEOGRÁFICO – AÑO 2025" | AE6: =C6 -> "“SOPORTE, MANTENIMIENTO Y ACTUALIZACIÓN DEL VISOR GEOGRÁFICO – AÑO 2025"
A8: CONTRATISTA/CONVENIANTE: | C8: H Y G CONSULTORES SAS
A9: NOMBRE DEL TÉCNICO (A): | C9: Isabel Cristina Buritica Mira
A10: DURACIÓN Y/O PLAZO DEL CONTRATO (MESES): | C10: Doce (12) meses
A11: PERIODO DE PROGRAMACIÓN Y SEGUIMIENTO: | C11: Trimestral
A13: PROGRAMACIÓN FÍSICA
B14: Descripción | C14: % de importancia | D14: % de importancia subactividades | E14: Unidad de medida | F14: Cantidad Programada | G14: Distribución física
G15: Período 1 | H15: Período 2 | I15: Período 3 | J15: Período 4 | K15: Período 5 | L15: Período 6 | M15: Período 7 | N15: Período 8 | O15: Período 9 | P15: Período 10 | Q15: Período 11 | R15: Período 12 | S15: Período 13 | T15: Período 14 | U15: Período 15 | V15: Período 16 | W15: Período 17 | X15: Período 18 | Y15: Período 19 | Z15: Período 20 | AA15: Período 21 | AB15: Período 22 | AC15: Período 23 | AD15: Período 24
A16: META/ PRODUCTO A OBTENER: | B16: "SOPORTE, MANTENIMIENTO Y ACTUALIZACIÓN DEL VISOR GEOGRÁFICO – AÑO 2025" | C16: 1 | D16: =SUM(D17:D202) -> 1 | E16: Informe Consolidado
A17: Alcance 1 | B17: Licenciamiento y actualización del Geoportal. | C17: 0.1 | E17: Licencia
A18: Actividad 1.1 | C18: 1 | E18: Licencia | G18: 0.25 | H18: 0.25
A19: Subactividad 1.1.1 | C19: 1 | D19: =C19*$C$18*$C$17 -> 0.1 | E19: Licencia | F19: 1 | G19: 0.25 | H19: 0.25 | I19: 0.25 | J19: 0.25
A20: Subactividad 1.1.2 | D20: =C20*$C$18*$C$17 -> 0
A21: Subactividad 1.1.3 | D21: =C21*$C$18*$C$17 -> 0
A22: Subactividad 1.1.4 | D22: =C22*$C$18*$C$17 -> 0
A23: Subactividad 1.1.5 | D23: =C23*$C$18*$C$17 -> 0
A24: Actividad 1.2
A25: Subactividad 1.2.1 | D25: =C25*$C$24*$C$17 -> 0
A26: Subactividad 1.2.2 | D26: =C26*$C$24*$C$17 -> 0
A27: Subactividad 1.2.3 | D27: =C27*$C$24*$C$17 -> 0
A28: Subactividad 1.2.4 | D28: =C28*$C$24*$C$17 -> 0
A29: Subactividad 1.2.5 | D29: =C29*$C$24*$C$17 -> 0
A30: Actividad 1.3
A31: Subactividad 1.3.1 | D31: =C31*$C$30*$C$17 -> 0
A32: Subactividad 1.3.2 | D32: =C32*$C$30*$C$17 -> 0
A33: Subactividad 1.3.3 | D33: =C33*$C$30*$C$17 -> 0
A34: Subactividad 1.3.4 | D34: =C34*$C$30*$C$17 -> 0
A35: Subactividad 1.3.5 | D35: =C35*$C$30*$C$17 -> 0
A36: Actividad 1.4
A37: Subactividad 1.4.1 | D37: =C37*$C$36*$C$17 -> 0
A38: Subactividad 1.4.2 | D38: =C38*$C$36*$C$17 -> 0
A39: Subactividad 1.4.3 | D39: =C39*$C$36*$C$17 -> 0
A40: Subactividad 1.4.4 | D40: =C40*$C$36*$C$17 -> 0
A41: Subactividad 1.4.5 | D41: =C41*$C$36*$C$17 -> 0
A42: Actividad 1.5
A43: Subactividad 1.5.1 | D43: =C43*$C$42*$C$17 -> 0
A44: Subactividad 1.5.2 | D44: =C44*$C$42*$C$17 -> 0
A45: Subactividad 1.5.3 | D45: =C45*$C$42*$C$17 -> 0
A46: Subactividad 1.5.4 | D46: =C46*$C$42*$C$17 -> 0
A47: Subactividad 1.5.5 | D47: =C47*$C$42*$C$17 -> 0
A48: Alcance 2 | B48: Soporte y mantenimiento del sistema con mesa de ayuda (lun-vie 6: am - 5:00 pm) | C48: 0.9 | E48: Meses | F48: 4 | G48: 1 | H48: 1 | I48: 1 | J48: 1
A49: Actividad 2.1 | C49: 1 | E49: Meses | F49: 4 | G49: 1 | H49: 1 | I49: 1 | J49: 1
A50: Subactividad 2.1.1 | C50: 1 | D50: =C50*$C$49*$C$48 -> 0.9 | E50: Meses | F50: 4 | G50: 1 | H50: 1 | I50: 1 | J50: 1
A51: Subactividad 2.1.2 | D51: =C51*$C$49*$C$48 -> 0 | AE51: =F51-SUM(G51:AD51) -> 0
A52: Subactividad 2.1.3 | D52: =C52*$C$49*$C$48 -> 0 | AE52: =F52-SUM(G52:AD52) -> 0
A53: Subactividad 2.1.4 | D53: =C53*$C$49*$C$48 -> 0 | AE53: =F53-SUM(G53:AD53) -> 0
A54: Subactividad 2.1.5 | D54: =C54*$C$49*$C$48 -> 0 | AE54: =F54-SUM(G54:AD54) -> 0
A55: Actividad 2.2 | G55: =SUM(G56:G60) -> 0 | H55: =SUM(H56:H60) -> 0 | I55: =SUM(I56:I60) -> 0 | J55: =SUM(J56:J60) -> 0 | K55: =SUM(K56:K60) -> 0 | L55: =SUM(L56:L60) -> 0 | M55: =SUM(M56:M60) -> 0 | N55: =SUM(N56:N60) -> 0 | ... AD55: =SUM(AD56:AD60) -> 0 | AE55: =F55-SUM(G55:AD55) -> 0
A56: Subactividad 2.2.1 | D56: =C56*$C$55*$C$48 -> 0 | AE56: =F56-SUM(G56:AD56) -> 0
A57: Subactividad 2.2.2 | D57: =C57*$C$55*$C$48 -> 0 | AE57: =F57-SUM(G57:AD57) -> 0
A58: Subactividad 2.2.3 | D58: =C58*$C$55*$C$48 -> 0 | AE58: =F58-SUM(G58:AD58) -> 0
A59: Subactividad 2.2.4 | D59: =C59*$C$55*$C$48 -> 0 | AE59: =F59-SUM(G59:AD59) -> 0
A60: Subactividad 2.2.5 | D60: =C60*$C$55*$C$48 -> 0 | AE60: =F60-SUM(G60:AD60) -> 0
A61: Actividad 2.3 | G61: =SUM(G62:G66) -> 0 | H61: =SUM(H62:H66) -> 0 | I61: =SUM(I62:I66) -> 0 | J61: =SUM(J62:J66) -> 0 | K61: =SUM(K62:K66) -> 0 | L61: =SUM(L62:L66) -> 0 | M61: =SUM(M62:M66) -> 0 | N61: =SUM(N62:N66) -> 0 | ... AD61: =SUM(AD62:AD66) -> 0 | AE61: =F61-SUM(G61:AD61) -> 0
A62: Subactividad 2.3.1 | D62: =C62*$C$61*$C$48 -> 0 | AE62: =F62-SUM(G62:AD62) -> 0
A63: Subactividad 2.3.2 | D63: =C63*$C$61*$C$48 -> 0 | AE63: =F63-SUM(G63:AD63) -> 0
A64: Subactividad 2.3.3 | D64: =C64*$C$61*$C$48 -> 0 | AE64: =F64-SUM(G64:AD64) -> 0
A65: Subactividad 2.3.4 | D65: =C65*$C$61*$C$48 -> 0 | AE65: =F65-SUM(G65:AD65) -> 0
A66: Subactividad 2.3.5 | D66: =C66*$C$61*$C$48 -> 0 | AE66: =F66-SUM(G66:AD66) -> 0
A67: Actividad 2.4 | G67: =SUM(G68:G72) -> 0 | H67: =SUM(H68:H72) -> 0 | I67: =SUM(I68:I72) -> 0 | J67: =SUM(J68:J72) -> 0 | K67: =SUM(K68:K72) -> 0 | L67: =SUM(L68:L72) -> 0 | M67: =SUM(M68:M72) -> 0 | N67: =SUM(N68:N72) -> 0 | ... AD67: =SUM(AD68:AD72) -> 0 | AE67: =F67-SUM(G67:AD67) -> 0
A68: Subactividad 2.4.1 | D68: =C68*$C$67*$C$48 -> 0 | AE68: =F68-SUM(G68:AD68) -> 0
A69: Subactividad 2.4.2 | D69: =C69*$C$67*$C$48 -> 0 | AE69: =F69-SUM(G69:AD69) -> 0
A70: Subactividad 2.4.3 | D70: =C70*$C$67*$C$48 -> 0 | AE70: =F70-SUM(G70:AD70) -> 0
A71: Subactividad 2.4.4 | D71: =C71*$C$67*$C$48 -> 0 | AE71: =F71-SUM(G71:AD71) -> 0
A72: Subactividad 2.4.5 | D72: =C72*$C$67*$C$48 -> 0 | AE72: =F72-SUM(G72:AD72) -> 0
A73: Actividad 2.5 | G73: =SUM(G74:G78) -> 0 | H73: =SUM(H74:H78) -> 0 | I73: =SUM(I74:I78) -> 0 | J73: =SUM(J74:J78) -> 0 | K73: =SUM(K74:K78) -> 0 | L73: =SUM(L74:L78) -> 0 | M73: =SUM(M74:M78) -> 0 | N73: =SUM(N74:N78) -> 0 | ... AD73: =SUM(AD74:AD78) -> 0 | AE73: =F73-SUM(G73:AD73) -> 0
A74: Subactividad 2.5.1 | D74: =C74*$C$73*$C$48 -> 0 | AE74: =F74-SUM(G74:AD74) -> 0
A75: Subactividad 2.5.2 | D75: =C75*$C$73*$C$48 -> 0 | AE75: =F75-SUM(G75:AD75) -> 0
A76: Subactividad 2.5.3 | D76: =C76*$C$73*$C$48 -> 0 | AE76: =F76-SUM(G76:AD76) -> 0
A77: Subactividad 2.5.4 | D77: =C77*$C$73*$C$48 -> 0 | AE77: =F77-SUM(G77:AD77) -> 0
A78: Subactividad 2.5.5 | D78: =C78*$C$73*$C$48 -> 0 | AE78: =F78-SUM(G78:AD78) -> 0
A79: Alcance 3 | B79: Trasferencia de conocimiento | C79: 0 | E79: Horas | J79: 0 | K79: 0 | L79: =L80+L86+L92+L98+L104 -> 0 | M79: =M80+M86+M92+M98+M104 -> 0 | N79: =N80+N86+N92+N98+N104 -> 0 | O79: =O80+O86+O92+O98+O104 -> 0 | P79: =P80+P86+P92+P98+P104 -> 0 | Q79: =Q80+Q86+Q92+Q98+Q104 -> 0 | R79: =R80+R86+R92+R98+R104 -> 0 | S79: =S80+S86+S92+S98+S104 -> 0 | ... AD79: =AD80+AD86+AD92+AD98+AD104 -> 0 | AE79: =F79-SUM(G79:AD79) -> 0
A80: Actividad 3.1 | C80: 1 | E80: Horas | J80: 0 | K80: 0 | L80: =SUM(L81:L85) -> 0 | M80: =SUM(M81:M85) -> 0 | N80: =SUM(N81:N85) -> 0 | O80: =SUM(O81:O85) -> 0 | P80: =SUM(P81:P85) -> 0 | Q80: =SUM(Q81:Q85) -> 0 | R80: =SUM(R81:R85) -> 0 | S80: =SUM(S81:S85) -> 0 | ... AD80: =SUM(AD81:AD85) -> 0 | AE80: =F80-SUM(G80:AD80) -> 0
A81: Subactividad 3.1.1 | C81: 1 | D81: =C81*$C$80*$C$79 -> 0 | E81: Horas | F81: 0 | G81: 0 | H81: 0 | I81: 0 | J81: 0 | K81: 0 | AE81: =F81-SUM(G81:AD81) -> 0
A82: Subactividad 3.1.2 | D82: =C82*$C$80*$C$79 -> 0 | AE82: =F82-SUM(G82:AD82) -> 0
A83: Subactividad 3.1.3 | D83: =C83*$C$80*$C$79 -> 0 | AE83: =F83-SUM(G83:AD83) -> 0
A84: Subactividad 3.1.4 | D84: =C84*$C$80*$C$79 -> 0 | AE84: =F84-SUM(G84:AD84) -> 0
A85: Subactividad 3.1.5 | D85: =C85*$C$80*$C$79 -> 0 | AE85: =F85-SUM(G85:AD85) -> 0
A86: Actividad 3.2 | G86: =SUM(G87:G91) -> 0 | H86: =SUM(H87:H91) -> 0 | I86: =SUM(I87:I91) -> 0 | J86: =SUM(J87:J91) -> 0 | K86: =SUM(K87:K91) -> 0 | L86: =SUM(L87:L91) -> 0 | M86: =SUM(M87:M91) -> 0 | N86: =SUM(N87:N91) -> 0 | ... AD86: =SUM(AD87:AD91) -> 0 | AE86: =F86-SUM(G86:AD86) -> 0
A87: Subactividad 3.2.1 | D87: =C87*$C$86*$C$79 -> 0 | AE87: =F87-SUM(G87:AD87) -> 0
A88: Subactividad 3.2.2 | D88: =C88*$C$86*$C$79 -> 0 | AE88: =F88-SUM(G88:AD88) -> 0
A89: Subactividad 3.2.3 | D89: =C89*$C$86*$C$79 -> 0 | AE89: =F89-SUM(G89:AD89) -> 0
A90: Subactividad 3.2.4 | D90: =C90*$C$86*$C$79 -> 0 | AE90: =F90-SUM(G90:AD90) -> 0
A91: Subactividad 3.2.5 | D91: =C91*$C$86*$C$79 -> 0 | AE91: =F91-SUM(G91:AD91) -> 0
A92: Actividad 3.3 | G92: =SUM(G93:G97) -> 0 | H92: =SUM(H93:H97) -> 0 | I92: =SUM(I93:I97) -> 0 | J92: =SUM(J93:J97) -> 0 | K92: =SUM(K93:K97) -> 0 | L92: =SUM(L93:L97) -> 0 | M92: =SUM(M93:M97) -> 0 | N92: =SUM(N93:N97) -> 0 | ... AD92: =SUM(AD93:AD97) -> 0 | AE92: =F92-SUM(G92:AD92) -> 0
A93: Subactividad 3.3.1 | D93: =C93*$C$92*$C$79 -> 0 | AE93: =F93-SUM(G93:AD93) -> 0
A94: Subactividad 3.3.2 | D94: =C94*$C$92*$C$79 -> 0 | AE94: =F94-SUM(G94:AD94) -> 0
A95: Subactividad 3.3.3 | D95: =C95*$C$92*$C$79 -> 0 | AE95: =F95-SUM(G95:AD95) -> 0
A96: Subactividad 3.3.4 | D96: =C96*$C$92*$C$79 -> 0 | AE96: =F96-SUM(G96:AD96) -> 0
A97: Subactividad 3.3.5 | D97: =C97*$C$92*$C$79 -> 0 | AE97: =F97-SUM(G97:AD97) -> 0
A98: Actividad 3.4 | G98: =SUM(G99:G103) -> 0 | H98: =SUM(H99:H103) -> 0 | I98: =SUM(I99:I103) -> 0 | J98: =SUM(J99:J103) -> 0 | K98: =SUM(K99:K103) -> 0 | L98: =SUM(L99:L103) -> 0 | M98: =SUM(M99:M103) -> 0 | N98: =SUM(N99:N103) -> 0 | ... AD98: =SUM(AD99:AD103) -> 0 | AE98: =F98-SUM(G98:AD98) -> 0
A99: Subactividad 3.4.1 | D99: =C99*$C$98*$C$79 -> 0 | AE99: =F99-SUM(G99:AD99) -> 0
A100: Subactividad 3.4.2 | D100: =C100*$C$98*$C$79 -> 0 | AE100: =F100-SUM(G100:AD100) -> 0
A101: Subactividad 3.4.3 | D101: =C101*$C$98*$C$79 -> 0 | AE101: =F101-SUM(G101:AD101) -> 0
A102: Subactividad 3.4.4 | D102: =C102*$C$98*$C$79 -> 0 | AE102: =F102-SUM(G102:AD102) -> 0
A103: Subactividad 3.4.5 | D103: =C103*$C$98*$C$79 -> 0 | AE103: =F103-SUM(G103:AD103) -> 0
...

Sheet PE PSP
C1: SISTEMA DE GESTIÓN INTEGRAL - SGI | R1: Instructivo
C2: COMPONENTE FINANCIERO EP - PRESTACIÓN DE SERVICIOS PERSONALES | R2: Presupuesto - modalidad contrato - prestación de servicios personales
C3: CÓDIGO: F-PGC-21 | J3: VERSIÓN: 02
A5: MODALIDAD DE CONTRATACIÓN: | R5: =C5 -> 0
A6: OBJETO A CONTRATAR: | R6: =C6 -> 0
A8: CONTRATISTA:
A9: NOMBRE SUPERVISOR O INTERVENTOR:
A10: DURACIÓN Y/O PLAZO DEL CONTRATO (MESES):
A11: PERIODO DE PROGRAMACIÓN Y SEGUIMIENTO:
A13: PROGRAMACIÓN FÍSICA
B14: Descripción | C14: % de importancia | D14: Unidad de medida | E14: Cantidad Programada | F14: Distribución física
F15: Período 1 | G15: Período 2 | H15: Período 3 | I15: Período 4 | J15: Período 5 | K15: Período 6 | L15: Período 7 | M15: Período 8 | N15: Período 9 | O15: Período 10 | P15: Período 11 | Q15: Período 12
A16: META/ PRODUCTO A OBTENER: | C16: 1 | D16: Meses | E16: =E17 -> 0 | R16: =E16-SUM(F16:Q16) -> 0
A17: Alcance 1 | C17: 1 | D17: Meses | R17: =E17-SUM(F17:Q17) -> 0
A18: TOTAL | F18: =IFERROR(F17/$E$17,0) -> 0 | G18: =IFERROR(G17/$E$17,0) -> 0 | H18: =IFERROR(H17/$E$17,0) -> 0 | I18: =IFERROR(I17/$E$17,0) -> 0 | J18: =IFERROR(J17/$E$17,0) -> 0 | K18: =IFERROR(K17/$E$17,0) -> 0 | L18: =IFERROR(L17/$E$17,0) -> 0 | M18: =IFERROR(M17/$E$17,0) -> 0 | ... Q18: =IFERROR(Q17/$E$17,0) -> 0
A19: ACUMULADO | F19: =F18 -> 0 | G19: =G18+F19 -> 0 | H19: =H18+G19 -> 0 | I19: =I18+H19 -> 0 | J19: =J18+I19 -> 0 | K19: =K18+J19 -> 0 | L19: =L18+K19 -> 0 | M19: =M18+L19 -> 0 | N19: =N18+M19 -> 0 | ... Q19: =Q18+P19 -> 0
E21: La programación financiera debe ser coherente con la programación física, todo pago que no sea soportado en la ejecución física efectiva y certificada es un anticipo o pago anticipado, de acuerdo al caso; para tener más información sobre anticipos y pagos anticipados remitirse a la hoja | Q21: Información anticipos
E22: PROGRAMACIÓN FINANCIERA INICIAL
F23: Distribución de recursos del valor aportado por Corantioquia
E24: Valor del contrato | F24: Período 1 | G24: Período 2 | H24: Período 3 | I24: Período 4 | J24: Período 5 | K24: Período 6 | L24: Período 7 | M24: Período 8 | N24: Período 9 | O24: Período 10 | P24: Período 11 | Q24: Período 12
F25: =$E$25*F26 -> 0 | G25: =$E$25*G26 -> 0 | H25: =$E$25*H26 -> 0 | I25: =$E$25*I26 -> 0 | J25: =$E$25*J26 -> 0 | K25: =$E$25*K26 -> 0 | L25: =$E$25*L26 -> 0 | M25: =$E$25*M26 -> 0 | ... Q25: =$E$25*Q26 -> 0
E26: Porcentaje (%) | F26: =F18 -> 0 | G26: =G18 -> 0 | H26: =H18 -> 0 | I26: =I18 -> 0 | J26: =J18 -> 0 | K26: =K18 -> 0 | L26: =L18 -> 0 | M26: =M18 -> 0 | ... Q26: =Q18 -> 0
E27: Porcentaje Acumulado (%) | F27: =+F26 -> 0 | G27: =+F27+G26 -> 0 | H27: =+G27+H26 -> 0 | I27: =+H27+I26 -> 0 | J27: =+I27+J26 -> 0 | K27: =+J27+K26 -> 0 | L27: =+K27+L26 -> 0 | M27: =+L27+M26 -> 0 | N27: =+M27+N26 -> 0 | ... Q27: =+P27+Q26 -> 0
C28: Diligenciar esta información solo en caso de solicitud de Otrosí de adición de recursos o prórroga, o cuando el Otrosí de modificación implique cambios en el presupuesto. | E28: Valores ya ejecutados | F28: 0 | G28: 0 | H28: 0 | I28: 0 | J28: 0 | K28: 0 | L28: 0 | M28: 0 | N28: 0 | O28: 0 | P28: 0 | Q28: 0
E29: Porcentaje (%) PGAR | F29: =IFERROR(F28/$E$25,0) -> 0 | G29: =IFERROR(G28/$E$25,0) -> 0 | H29: =IFERROR(H28/$E$25,0) -> 0 | I29: =IFERROR(I28/$E$25,0) -> 0 | J29: =IFERROR(J28/$E$25,0) -> 0 | K29: =IFERROR(K28/$E$25,0) -> 0 | L29: =IFERROR(L28/$E$25,0) -> 0 | M29: =IFERROR(M28/$E$25,0) -> 0 | ... Q29: =IFERROR(Q28/$E$25,0) -> 0
E30: Porcentaje Acumulado (%) PGAR | F30: =F29 -> 0 | G30: =F30+G29 -> 0 | H30: =G30+H29 -> 0 | I30: =H30+I29 -> 0 | J30: =I30+J29 -> 0 | K30: =J30+K29 -> 0 | L30: =K30+L29 -> 0 | M30: =L30+M29 -> 0 | N30: =M30+N29 -> 0 | ... Q30: =P30+Q29 -> 0
C32: PROGRAMACIÓN FINANCIERA EN CASO DE ADICIÓN DE RECURSOS O PRÓRROGA
C33: Valor de la adición | D33: Valor total del contrato (incluida la adición) | E33: Distribución de recursos del valor aportado por Corantioquia
F34: Período 1 | G34: Período 2 | H34: Período 3 | I34: Período 4 | J34: Período 5 | K34: Período 6 | L34: Período 7 | M34: Período 8 | N34: Período 9 | O34: Período 10 | P34: Período 11 | Q34: Período 12 | R34: Total Valores
C35: 0 | D35: =E25+C35 -> 0 | E35: Valores ya ejecutados | F35: =F28 -> 0 | G35: =G28 -> 0 | H35: =H28 -> 0 | I35: =I28 -> 0 | J35: =J28 -> 0 | K35: =K28 -> 0 | L35: =L28 -> 0 | M35: =M28 -> 0 | ... Q35: =Q28 -> 0 | R35: =SUM(F35:Q35) -> 0
E36: Porcentaje (%) | F36: =IFERROR(F35/$D$35,0) -> 0 | G36: =IFERROR(G35/$D$35,0) -> 0 | H36: =IFERROR(H35/$D$35,0) -> 0 | I36: =IFERROR(I35/$D$35,0) -> 0 | J36: =IFERROR(J35/$D$35,0) -> 0 | K36: =IFERROR(K35/$D$35,0) -> 0 | L36: =IFERROR(L35/$D$35,0) -> 0 | M36: =IFERROR(M35/$D$35,0) -> 0 | ... Q36: =IFERROR(Q35/$D$35,0) -> 0
E37: Porcentaje Acumulado (%) | F37: =+F36 -> 0 | G37: =+F37+G36 -> 0 | H37: =+G37+H36 -> 0 | I37: =+H37+I36 -> 0 | J37: =+I37+J36 -> 0 | K37: =+J37+K36 -> 0 | L37: =+K37+L36 -> 0 | M37: =+L37+M36 -> 0 | N37: =+M37+N36 -> 0 | ... Q37: =+P37+Q36 -> 0
E38: Valores por ejecutar | F38: 0 | G38: 0 | H38: 0 | I38: 0 | J38: 0 | K38: 0 | L38: 0 | M38: 0 | N38: 0 | O38: 0 | P38: 0 | Q38: 0 | R38: =SUM(F38:Q38) -> 0
E39: Porcentaje (%) | F39: =IFERROR(F38/$D$35,0) -> 0 | G39: =IFERROR(G38/$D$35,0) -> 0 | H39: =IFERROR(H38/$D$35,0) -> 0 | I39: =IFERROR(I38/$D$35,0) -> 0 | J39: =IFERROR(J38/$D$35,0) -> 0 | K39: =IFERROR(K38/$D$35,0) -> 0 | L39: =IFERROR(L38/$D$35,0) -> 0 | M39: =IFERROR(M38/$D$35,0) -> 0 | ... Q39: =IFERROR(Q38/$D$35,0) -> 0
E40: Porcentaje Acumulado (%) | F40: =+F39 -> 0 | G40: =+F40+G39 -> 0 | H40: =+G40+H39 -> 0 | I40: =+H40+I39 -> 0 | J40: =+I40+J39 -> 0 | K40: =+J40+K39 -> 0 | L40: =+K40+L39 -> 0 | M40: =+L40+M39 -> 0 | N40: =+M40+N39 -> 0 | ... Q40: =+P40+Q39 -> 0
C41: PORCENTAJE ACUMULADO (%) TOTAL | F41: =F37+F40 -> 0 | G41: =G37+G40 -> 0 | H41: =H37+H40 -> 0 | I41: =I37+I40 -> 0 | J41: =J37+J40 -> 0 | K41: =K37+K40 -> 0 | L41: =L37+L40 -> 0 | M41: =M37+M40 -> 0 | ... Q41: =Q37+Q40 -> 0 | R41: =IFERROR((R35+R38)/D35,0) -> 0
B49: GERENTE PROGRAMA | G49: COORDINADOR GIT

Sheet Otrosi_1
C1: SISTEMA DE GESTIÓN INTEGRAL - SGI | AE1: Instructivo
C2: COMPONENTE FINANCIERO EP - PLAN DE EJECUCIÓN FÍSICA Y DE INVERSIONES
C3: CÓDIGO: F-PGC-21 | H3: VERSIÓN: 03
A5: MODALIDAD DE CONTRATACIÓN: | C5: CONTRATACIÓN DIRECTA | AE5: =C5 -> CONTRATACIÓN DIRECTA
A6: OBJETO A CONTRATAR: | C6: "PRESTAR EL SERVICIO DE SOPORTE, MANTENIMIENTO Y ACTUALIZACIÓN DEL PORTAL GEOGRÁFICO" | AE6: =C6 -> "PRESTAR EL SERVICIO DE SOPORTE, MANTENIMIENTO Y ACTUALIZACIÓN DEL PORTAL GEOGRÁFICO"
A8: CONTRATISTA/CONVENIANTE: | C8: H Y G CONSULTORES S.A
A9: NOMBRE DEL TÉCNICO (A): | C9: Isabel Cristina Buritica Mira
A10: DURACIÓN Y/O PLAZO DEL CONTRATO (MESES): | C10: Once y medio (11.5) meses | J10: =16.7+16.7+33.4+33.4 -> 100.2
A11: PERIODO DE PROGRAMACIÓN Y SEGUIMIENTO: | C11: Trimestral
A13: PROGRAMACIÓN FÍSICA
B14: Descripción | C14: % de importancia | D14: % de importancia subactividades | E14: Unidad de medida | F14: Cantidad Programada | G14: Distribución física
G15: Período 1 | H15: Período 2 | I15: Período 3 | J15: Período 4 | K15: Período 5 | L15: Período 6 | M15: Período 7 | N15: Período 8 | O15: Período 9 | P15: Período 10 | Q15: Período 11 | R15: Período 12 | S15: Período 13 | T15: Período 14 | U15: Período 15 | V15: Período 16 | W15: Período 17 | X15: Período 18 | Y15: Período 19 | Z15: Período 20 | AA15: Período 21 | AB15: Período 22 | AC15: Período 23 | AD15: Período 24
A16: META/ PRODUCTO A OBTENER: | B16: PRESTAR EL SERVICIO DE SOPORTE, MANTENIMIENTO Y ACTUALIZACIÓN DEL PORTAL GEOGRÁFICO | C16: 1 | D16: =SUM(D17:D202) -> 1 | E16: Informe Consolidado
A17: Alcance 1 | B17: Actualización del licenciamiento y mejoras de portal geográfico | C17: =+'PRESUPUESTO OTRO SI '!G146 -> 0.1148226 | E17: Licencia
A18: Actividad 1.1 | B18: Actualización del licenciamiento y mejoras de portal geográfico | C18: 1 | E18: Licencia | G18: 0.25 | H18: 0.25
A19: Subactividad 1.1.1 | B19: Actualización del licenciamiento y mejoras de portal geográfico | C19: 1 | D19: =C19*$C$18*$C$17 -> 0.1148226 | E19: Licencia | F19: 1 | G19: 0.25 | H19: 0.25 | I19: 0.25 | J19: 0.25
A20: Subactividad 1.1.2 | D20: =C20*$C$18*$C$17 -> 0
A21: Subactividad 1.1.3 | D21: =C21*$C$18*$C$17 -> 0
A22: Subactividad 1.1.4 | D22: =C22*$C$18*$C$17 -> 0
A23: Subactividad 1.1.5 | D23: =C23*$C$18*$C$17 -> 0
A24: Actividad 1.2
A25: Subactividad 1.2.1 | D25: =C25*$C$24*$C$17 -> 0
A26: Subactividad 1.2.2 | D26: =C26*$C$24*$C$17 -> 0
A27: Subactividad 1.2.3 | D27: =C27*$C$24*$C$17 -> 0
A28: Subactividad 1.2.4 | D28: =C28*$C$24*$C$17 -> 0
A29: Subactividad 1.2.5 | D29: =C29*$C$24*$C$17 -> 0
A30: Actividad 1.3
A31: Subactividad 1.3.1 | D31: =C31*$C$30*$C$17 -> 0
A32: Subactividad 1.3.2 | D32: =C32*$C$30*$C$17 -> 0
A33: Subactividad 1.3.3 | D33: =C33*$C$30*$C$17 -> 0
A34: Subactividad 1.3.4 | D34: =C34*$C$30*$C$17 -> 0
A35: Subactividad 1.3.5 | D35: =C35*$C$30*$C$17 -> 0
A36: Actividad 1.4
A37: Subactividad 1.4.1 | D37: =C37*$C$36*$C$17 -> 0
A38: Subactividad 1.4.2 | D38: =C38*$C$36*$C$17 -> 0
A39: Subactividad 1.4.3 | D39: =C39*$C$36*$C$17 -> 0
A40: Subactividad 1.4.4 | D40: =C40*$C$36*$C$17 -> 0
A41: Subactividad 1.4.5 | D41: =C41*$C$36*$C$17 -> 0
A42: Actividad 1.5
A43: Subactividad 1.5.1 | D43: =C43*$C$42*$C$17 -> 0
A44: Subactividad 1.5.2 | D44: =C44*$C$42*$C$17 -> 0
A45: Subactividad 1.5.3 | D45: =C45*$C$42*$C$17 -> 0
A46: Subactividad 1.5.4 | D46: =C46*$C$42*$C$17 -> 0
A47: Subactividad 1.5.5 | D47: =C47*$C$42*$C$17 -> 0
A48: Alcance 2 | B48: Soporte y Mantenimiento del sistema inlcuye Transferencia de conocimiento y mesa de ayuda. | C48: =+'PRESUPUESTO OTRO SI '!G147 -> 0.55218147 | E48: Trimestral | F48: 4 | G48: 1 | H48: 1 | I48: 1 | J48: 1
A49: Actividad 2.1 | C49: 1 | E49: Trimestral | F49: 4 | G49: 1 | H49: 1 | I49: 1 | J49: 1
A50: Subactividad 2.1.1 | C50: 1 | D50: =C50*$C$49*$C$48 -> 0.55218147 | E50: Trimestral | F50: 4 | G50: 1 | H50: 1 | I50: 1 | J50: 1
A51: Subactividad 2.1.2 | D51: =C51*$C$49*$C$48 -> 0 | AE51: =F51-SUM(G51:AD51) -> 0
A52: Subactividad 2.1.3 | D52: =C52*$C$49*$C$48 -> 0 | AE52: =F52-SUM(G52:AD52) -> 0
A53: Subactividad 2.1.4 | D53: =C53*$C$49*$C$48 -> 0 | AE53: =F53-SUM(G53:AD53) -> 0
A54: Subactividad 2.1.5 | D54: =C54*$C$49*$C$48 -> 0 | AE54: =F54-SUM(G54:AD54) -> 0
A55: Actividad 2.2 | G55: =SUM(G56:G60) -> 0 | H55: =SUM(H56:H60) -> 0 | I55: =SUM(I56:I60) -> 0 | J55: =SUM(J56:J60) -> 0 | K55: =SUM(K56:K60) -> 0 | L55: =SUM(L56:L60) -> 0 | M55: =SUM(M56:M60) -> 0 | N55: =SUM(N56:N60) -> 0 | ... AD55: =SUM(AD56:AD60) -> 0 | AE55: =F55-SUM(G55:AD55) -> 0
A56: Subactividad 2.2.1 | D56: =C56*$C$55*$C$48 -> 0 | AE56: =F56-SUM(G56:AD56) -> 0
A57: Subactividad 2.2.2 | D57: =C57*$C$55*$C$48 -> 0 | AE57: =F57-SUM(G57:AD57) -> 0
A58: Subactividad 2.2.3 | D58: =C58*$C$55*$C$48 -> 0 | AE58: =F58-SUM(G58:AD58) -> 0
A59: Subactividad 2.2.4 | D59: =C59*$C$55*$C$48 -> 0 | AE59: =F59-SUM(G59:AD59) -> 0
A60: Subactividad 2.2.5 | D60: =C60*$C$55*$C$48 -> 0 | AE60: =F60-SUM(G60:AD60) -> 0
A61: Actividad 2.3 | G61: =SUM(G62:G66) -> 0 | H61: =SUM(H62:H66) -> 0 | I61: =SUM(I62:I66) -> 0 | J61: =SUM(J62:J66) -> 0 | K61: =SUM(K62:K66) -> 0 | L61: =SUM(L62:L66) -> 0 | M61: =SUM(M62:M66) -> 0 | N61: =SUM(N62:N66) -> 0 | ... AD61: =SUM(AD62:AD66) -> 0 | AE61: =F61-SUM(G61:AD61) -> 0
A62: Subactividad 2.3.1 | D62: =C62*$C$61*$C$48 -> 0 | AE62: =F62-SUM(G62:AD62) -> 0
A63: Subactividad 2.3.2 | D63: =C63*$C$61*$C$48 -> 0 | AE63: =F63-SUM(G63:AD63) -> 0
A64: Subactividad 2.3.3 | D64: =C64*$C$61*$C$48 -> 0 | AE64: =F64-SUM(G64:AD64) -> 0
A65: Subactividad 2.3.4 | D65: =C65*$C$61*$C$48 -> 0 | AE65: =F65-SUM(G65:AD65) -> 0
A66: Subactividad 2.3.5 | D66: =C66*$C$61*$C$48 -> 0 | AE66: =F66-SUM(G66:AD66) -> 0
A67: Actividad 2.4 | G67: =SUM(G68:G72) -> 0 | H67: =SUM(H68:H72) -> 0 | I67: =SUM(I68:I72) -> 0 | J67: =SUM(J68:J72) -> 0 | K67: =SUM(K68:K72) -> 0 | L67: =SUM(L68:L72) -> 0 | M67: =SUM(M68:M72) -> 0 | N67: =SUM(N68:N72) -> 0 | ... AD67: =SUM(AD68:AD72) -> 0 | AE67: =F67-SUM(G67:AD67) -> 0
A68: Subactividad 2.4.1 | D68: =C68*$C$67*$C$48 -> 0 | AE68: =F68-SUM(G68:AD68) -> 0
A69: Subactividad 2.4.2 | D69: =C69*$C$67*$C$48 -> 0 | AE69: =F69-SUM(G69:AD69) -> 0
A70: Subactividad 2.4.3 | D70: =C70*$C$67*$C$48 -> 0 | AE70: =F70-SUM(G70:AD70) -> 0
A71: Subactividad 2.4.4 | D71: =C71*$C$67*$C$48 -> 0 | AE71: =F71-SUM(G71:AD71) -> 0
A72: Subactividad 2.4.5 | D72: =C72*$C$67*$C$48 -> 0 | AE72: =F72-SUM(G72:AD72) -> 0
A73: Actividad 2.5 | G73: =SUM(G74:G78) -> 0 | H73: =SUM(H74:H78) -> 0 | I73: =SUM(I74:I78) -> 0 | J73: =SUM(J74:J78) -> 0 | K73: =SUM(K74:K78) -> 0 | L73: =SUM(L74:L78) -> 0 | M73: =SUM(M74:M78) -> 0 | N73: =SUM(N74:N78) -> 0 | ... AD73: =SUM(AD74:AD78) -> 0 | AE73: =F73-SUM(G73:AD73) -> 0
A74: Subactividad 2.5.1 | D74: =C74*$C$73*$C$48 -> 0 | AE74: =F74-SUM(G74:AD74) -> 0
A75: Subactividad 2.5.2 | D75: =C75*$C$73*$C$48 -> 0 | AE75: =F75-SUM(G75:AD75) -> 0
A76: Subactividad 2.5.3 | D76: =C76*$C$73*$C$48 -> 0 | AE76: =F76-SUM(G76:AD76) -> 0
A77: Subactividad 2.5.4 | D77: =C77*$C$73*$C$48 -> 0 | AE77: =F77-SUM(G77:AD77) -> 0
A78: Subactividad 2.5.5 | D78: =C78*$C$73*$C$48 -> 0 | AE78: =F78-SUM(G78:AD78) -> 0
A79: Alcance 3 | B79: =+B80 -> Módulo de Certificación Ambiental Ventanilla Minera | C79: =+'PRESUPUESTO OTRO SI '!G148 -> 0.33299593 | E79: Modulo | J79: 0 | K79: 0 | L79: =L80+L86+L92+L98+L104 -> 0 | M79: =M80+M86+M92+M98+M104 -> 0 | N79: =N80+N86+N92+N98+N104 -> 0 | O79: =O80+O86+O92+O98+O104 -> 0 | P79: =P80+P86+P92+P98+P104 -> 0 | Q79: =Q80+Q86+Q92+Q98+Q104 -> 0 | R79: =R80+R86+R92+R98+R104 -> 0 | S79: =S80+S86+S92+S98+S104 -> 0 | ... AD79: =AD80+AD86+AD92+AD98+AD104 -> 0 | AE79: =F79-SUM(G79:AD79) -> 0
A80: Actividad 3.1 | B80: =+B81 -> Módulo de Certificación Ambiental Ventanilla Minera | C80: 1 | E80: Modulo | J80: 0 | K80: 0 | L80: =SUM(L81:L85) -> 0 | M80: =SUM(M81:M85) -> 0 | N80: =SUM(N81:N85) -> 0 | O80: =SUM(O81:O85) -> 0 | P80: =SUM(P81:P85) -> 0 | Q80: =SUM(Q81:Q85) -> 0 | R80: =SUM(R81:R85) -> 0 | S80: =SUM(S81:S85) -> 0 | ... AD80: =SUM(AD81:AD85) -> 0 | AE80: =F80-SUM(G80:AD80) -> 0
A81: Subactividad 3.1.1 | B81: Módulo de Certificación Ambiental Ventanilla Minera | C81: 1 | D81: =C81*$C$80*$C$79 -> 0.33299593 | E81: Modulo | F81: 1 | G81: 0 | H81: 0 | I81: 0.5 | J81: 0.5 | K81: 0 | AE81: =F81-SUM(G81:AD81) -> 0
A82: Subactividad 3.1.2 | D82: =C82*$C$80*$C$79 -> 0 | AE82: =F82-SUM(G82:AD82) -> 0
A83: Subactividad 3.1.3 | D83: =C83*$C$80*$C$79 -> 0 | AE83: =F83-SUM(G83:AD83) -> 0
A84: Subactividad 3.1.4 | D84: =C84*$C$80*$C$79 -> 0 | AE84: =F84-SUM(G84:AD84) -> 0
A85: Subactividad 3.1.5 | D85: =C85*$C$80*$C$79 -> 0 | AE85: =F85-SUM(G85:AD85) -> 0
A86: Actividad 3.2 | G86: =SUM(G87:G91) -> 0 | H86: =SUM(H87:H91) -> 0 | I86: =SUM(I87:I91) -> 0 | J86: =SUM(J87:J91) -> 0 | K86: =SUM(K87:K91) -> 0 | L86: =SUM(L87:L91) -> 0 | M86: =SUM(M87:M91) -> 0 | N86: =SUM(N87:N91) -> 0 | ... AD86: =SUM(AD87:AD91) -> 0 | AE86: =F86-SUM(G86:AD86) -> 0
A87: Subactividad 3.2.1 | D87: =C87*$C$86*$C$79 -> 0 | AE87: =F87-SUM(G87:AD87) -> 0
A88: Subactividad 3.2.2 | D88: =C88*$C$86*$C$79 -> 0 | AE88: =F88-SUM(G88:AD88) -> 0
A89: Subactividad 3.2.3 | D89: =C89*$C$86*$C$79 -> 0 | AE89: =F89-SUM(G89:AD89) -> 0
A90: Subactividad 3.2.4 | D90: =C90*$C$86*$C$79 -> 0 | AE90: =F90-SUM(G90:AD90) -> 0
A91: Subactividad 3.2.5 | D91: =C91*$C$86*$C$79 -> 0 | AE91: =F91-SUM(G91:AD91) -> 0
A92: Actividad 3.3 | G92: =SUM(G93:G97) -> 0 | H92: =SUM(H93:H97) -> 0 | I92: =SUM(I93:I97) -> 0 | J92: =SUM(J93:J97) -> 0 | K92: =SUM(K93:K97) -> 0 | L92: =SUM(L93:L97) -> 0 | M92: =SUM(M93:M97) -> 0 | N92: =SUM(N93:N97) -> 0 | ... AD92: =SUM(AD93:AD97) -> 0 | AE92: =F92-SUM(G92:AD92) -> 0
A93: Subactividad 3.3.1 | D93: =C93*$C$92*$C$79 -> 0 | AE93: =F93-SUM(G93:AD93) -> 0
A94: Subactividad 3.3.2 | D94: =C94*$C$92*$C$79 -> 0 | AE94: =F94-SUM(G94:AD94) -> 0
A95: Subactividad 3.3.3 | D95: =C95*$C$92*$C$79 -> 0 | AE95: =F95-SUM(G95:AD95) -> 0
A96: Subactividad 3.3.4 | D96: =C96*$C$92*$C$79 -> 0 | AE96: =F96-SUM(G96:AD96) -> 0
A97: Subactividad 3.3.5 | D97: =C97*$C$92*$C$79 -> 0 | AE97: =F97-SUM(G97:AD97) -> 0
A98: Actividad 3.4 | G98: =SUM(G99:G103) -> 0 | H98: =SUM(H99:H103) -> 0 | I98: =SUM(I99:I103) -> 0 | J98: =SUM(J99:J103) -> 0 | K98: =SUM(K99:K103) -> 0 | L98: =SUM(L99:L103) -> 0 | M98: =SUM(M99:M103) -> 0 | N98: =SUM(N99:N103) -> 0 | ... AD98: =SUM(AD99:AD103) -> 0 | AE98: =F98-SUM(G98:AD98) -> 0
A99: Subactividad 3.4.1 | D99: =C99*$C$98*$C$79 -> 0 | AE99: =F99-SUM(G99:AD99) -> 0
A100: Subactividad 3.4.2 | D100: =C100*$C$98*$C$79 -> 0 | AE100: =F100-SUM(G100:AD100) -> 0
A101: Subactividad 3.4.3 | D101: =C101*$C$98*$C$79 -> 0 | AE101: =F101-SUM(G101:AD101) -> 0
A102: Subactividad 3.4.4 | D102: =C102*$C$98*$C$79 -> 0 | AE102: =F102-SUM(G102:AD102) -> 0
A103: Subactividad 3.4.5 | D103: =C103*$C$98*$C$79 -> 0 | AE103: =F103-SUM(G103:AD103) -> 0
...

Sheet Otrosi_2
C1: SISTEMA DE GESTIÓN INTEGRAL - SGI | AE1: Instructivo
C2: COMPONENTE FINANCIERO EP - PLAN DE EJECUCIÓN FÍSICA Y DE INVERSIONES
C3: CÓDIGO: F-PGC-21 | H3: VERSIÓN: 03
A5: MODALIDAD DE CONTRATACIÓN: | C5: CONTRATACIÓN DIRECTA | AE5: CONTRATACIÓN DIRECTA
A6: OBJETO A CONTRATAR: | C6: "PRESTAR EL SERVICIO DE SOPORTE, MANTENIMIENTO Y ACTUALIZACIÓN DEL PORTAL GEOGRÁFICO" | AE6: "PRESTAR EL SERVICIO DE SOPORTE, MANTENIMIENTO Y ACTUALIZACIÓN DEL PORTAL GEOGRÁFICO"
A8: CONTRATISTA/CONVENIANTE: | C8: H Y G CONSULTORES S.A
A9: NOMBRE DEL TÉCNICO (A): | C9: Isabel Cristina Buritica Mira
A10: DURACIÓN Y/O PLAZO DEL CONTRATO (MESES): | C10: Once y medio (11.5) meses | G10: 12 | J10: =16.7+16.7+33.4+33.4 -> 100.2
A11: PERIODO DE PROGRAMACIÓN Y SEGUIMIENTO: | C11: Trimestral | G11: mensual
A13: PROGRAMACIÓN FÍSICA
B14: Descripción | C14: % de importancia | D14: % de importancia subactividades | E14: Unidad de medida | F14: Cantidad Programada | G14: Distribución física
G15: Período 1 | H15: Período 2 | I15: Período 3 | J15: Período 4 | K15: Período 5 | L15: Período 6 | M15: Período 7 | N15: Período 8 | O15: Período 9 | P15: Período 10 | Q15: Período 11 | R15: Período 12 | S15: Período 13 | T15: Período 14 | U15: Período 15 | V15: Período 16 | W15: Período 17 | X15: Período 18 | Y15: Período 19 | Z15: Período 20 | AA15: Período 21 | AB15: Período 22 | AC15: Período 23 | AD15: Período 24
A16: META/ PRODUCTO A OBTENER: | B16: PRESTAR EL SERVICIO DE SOPORTE, MANTENIMIENTO Y ACTUALIZACIÓN DEL PORTAL GEOGRÁFICO | C16: 1 | D16: 1 | E16: Informe Consolidado
A17: Alcance 1 | B17: Actualización del licenciamiento y mejoras de portal geográfico | C17: =+'PRESUPUESTO OTRO SI '!G146 -> 0.1148226 | E17: Licencia
A18: Actividad 1.1 | B18: Actualización del licenciamiento y mejoras de portal geográfico | C18: 1 | E18: Licencia | G18: 0.25 | H18: 0.25
A19: Subactividad 1.1.1 | B19: Actualización del licenciamiento y mejoras de portal geográfico | C19: 1 | D19: 0.1148226 | E19: Licencia | F19: 1 | G19: 0.25 | H19: 0.25 | I19: 0.25 | J19: 0.25
A20: Subactividad 1.1.2 | D20: 0
A21: Subactividad 1.1.3 | D21: 0
A22: Subactividad 1.1.4 | D22: 0
A23: Subactividad 1.1.5 | D23: 0
A24: Actividad 1.2
A25: Subactividad 1.2.1 | D25: 0
A26: Subactividad 1.2.2 | D26: 0
A27: Subactividad 1.2.3 | D27: 0
A28: Subactividad 1.2.4 | D28: 0
A29: Subactividad 1.2.5 | D29: 0
A30: Actividad 1.3
A31: Subactividad 1.3.1 | D31: 0
A32: Subactividad 1.3.2 | D32: 0
A33: Subactividad 1.3.3 | D33: 0
A34: Subactividad 1.3.4 | D34: 0
A35: Subactividad 1.3.5 | D35: 0
A36: Actividad 1.4
A37: Subactividad 1.4.1 | D37: 0
A38: Subactividad 1.4.2 | D38: 0
A39: Subactividad 1.4.3 | D39: 0
A40: Subactividad 1.4.4 | D40: 0
A41: Subactividad 1.4.5 | D41: 0
A42: Actividad 1.5
A43: Subactividad 1.5.1 | D43: 0
A44: Subactividad 1.5.2 | D44: 0
A45: Subactividad 1.5.3 | D45: 0
A46: Subactividad 1.5.4 | D46: 0
A47: Subactividad 1.5.5 | D47: 0
A48: Alcance 2 | B48: Soporte y Mantenimiento del sistema inlcuye Transferencia de conocimiento y mesa de ayuda. | C48: =+'PRESUPUESTO OTRO SI '!G147 -> 0.55218147 | E48: Trimestral | F48: 4 | G48: 1 | H48: 1 | I48: 1 | J48: 1
A49: Actividad 2.1 | C49: 1 | E49: Trimestral | F49: 4 | G49: 1 | H49: 1 | I49: 1 | J49: 1
A50: Subactividad 2.1.1 | C50: 1 | D50: 0.55218147 | E50: Trimestral | F50: 4 | G50: 1 | H50: 1 | I50: 1 | J50: 1
A51: Subactividad 2.1.2 | D51: 0 | AE51: =F51-SUM(G51:AD51) -> 0
A52: Subactividad 2.1.3 | D52: 0 | AE52: =F52-SUM(G52:AD52) -> 0
A53: Subactividad 2.1.4 | D53: 0 | AE53: =F53-SUM(G53:AD53) -> 0
A54: Subactividad 2.1.5 | D54: 0 | AE54: =F54-SUM(G54:AD54) -> 0
A55: Actividad 2.2 | G55: =SUM(G56:G60) -> 0 | H55: =SUM(H56:H60) -> 0 | I55: =SUM(I56:I60) -> 0 | J55: =SUM(J56:J60) -> 0 | K55: =SUM(K56:K60) -> 0 | L55: =SUM(L56:L60) -> 0 | M55: =SUM(M56:M60) -> 0 | N55: =SUM(N56:N60) -> 0 | ... AD55: =SUM(AD56:AD60) -> 0 | AE55: =F55-SUM(G55:AD55) -> 0
A56: Subactividad 2.2.1 | D56: 0 | AE56: =F56-SUM(G56:AD56) -> 0
A57: Subactividad 2.2.2 | D57: 0 | AE57: =F57-SUM(G57:AD57) -> 0
A58: Subactividad 2.2.3 | D58: 0 | AE58: =F58-SUM(G58:AD58) -> 0
A59: Subactividad 2.2.4 | D59: 0 | AE59: =F59-SUM(G59:AD59) -> 0
A60: Subactividad 2.2.5 | D60: 0 | AE60: =F60-SUM(G60:AD60) -> 0
A61: Actividad 2.3 | G61: =SUM(G62:G66) -> 0 | H61: =SUM(H62:H66) -> 0 | I61: =SUM(I62:I66) -> 0 | J61: =SUM(J62:J66) -> 0 | K61: =SUM(K62:K66) -> 0 | L61: =SUM(L62:L66) -> 0 | M61: =SUM(M62:M66) -> 0 | N61: =SUM(N62:N66) -> 0 | ... AD61: =SUM(AD62:AD66) -> 0 | AE61: =F61-SUM(G61:AD61) -> 0
A62: Subactividad 2.3.1 | D62: 0 | AE62: =F62-SUM(G62:AD62) -> 0
A63: Subactividad 2.3.2 | D63: 0 | AE63: =F63-SUM(G63:AD63) -> 0
A64: Subactividad 2.3.3 | D64: 0 | AE64: =F64-SUM(G64:AD64) -> 0
A65: Subactividad 2.3.4 | D65: 0 | AE65: =F65-SUM(G65:AD65) -> 0
A66: Subactividad 2.3.5 | D66: 0 | AE66: =F66-SUM(G66:AD66) -> 0
A67: Actividad 2.4 | G67: =SUM(G68:G72) -> 0 | H67: =SUM(H68:H72) -> 0 | I67: =SUM(I68:I72) -> 0 | J67: =SUM(J68:J72) -> 0 | K67: =SUM(K68:K72) -> 0 | L67: =SUM(L68:L72) -> 0 | M67: =SUM(M68:M72) -> 0 | N67: =SUM(N68:N72) -> 0 | ... AD67: =SUM(AD68:AD72) -> 0 | AE67: =F67-SUM(G67:AD67) -> 0
A68: Subactividad 2.4.1 | D68: 0 | AE68: =F68-SUM(G68:AD68) -> 0
A69: Subactividad 2.4.2 | D69: 0 | AE69: =F69-SUM(G69:AD69) -> 0
A70: Subactividad 2.4.3 | D70: 0 | AE70: =F70-SUM(G70:AD70) -> 0
A71: Subactividad 2.4.4 | D71: 0 | AE71: =F71-SUM(G71:AD71) -> 0
A72: Subactividad 2.4.5 | D72: 0 | AE72: =F72-SUM(G72:AD72) -> 0
A73: Actividad 2.5 | G73: =SUM(G74:G78) -> 0 | H73: =SUM(H74:H78) -> 0 | I73: =SUM(I74:I78) -> 0 | J73: =SUM(J74:J78) -> 0 | K73: =SUM(K74:K78) -> 0 | L73: =SUM(L74:L78) -> 0 | M73: =SUM(M74:M78) -> 0 | N73: =SUM(N74:N78) -> 0 | ... AD73: =SUM(AD74:AD78) -> 0 | AE73: =F73-SUM(G73:AD73) -> 0
A74: Subactividad 2.5.1 | D74: 0 | AE74: =F74-SUM(G74:AD74) -> 0
A75: Subactividad 2.5.2 | D75: 0 | AE75: =F75-SUM(G75:AD75) -> 0
A76: Subactividad 2.5.3 | D76: 0 | AE76: =F76-SUM(G76:AD76) -> 0
A77: Subactividad 2.5.4 | D77: 0 | AE77: =F77-SUM(G77:AD77) -> 0
A78: Subactividad 2.5.5 | D78: 0 | AE78: =F78-SUM(G78:AD78) -> 0
B79: =+B80 -> Módulo de Certificación Ambiental Ventanilla Minera | C79: =+'PRESUPUESTO OTRO SI '!G148 -> 0.33299593 | D79: 0.03 | E79: Modulo | J79: 0 | K79: 0 | L79: =L80+L86+L92+L98+L104 -> 0 | M79: =M80+M86+M92+M98+M104 -> 0 | N79: =N80+N86+N92+N98+N104 -> 0 | O79: =O80+O86+O92+O98+O104 -> 0 | P79: =P80+P86+P92+P98+P104 -> 0 | Q79: =Q80+Q86+Q92+Q98+Q104 -> 0 | R79: =R80+R86+R92+R98+R104 -> 0 | S79: =S80+S86+S92+S98+S104 -> 0 | ... AD79: =AD80+AD86+AD92+AD98+AD104 -> 0 | AE79: =F79-SUM(G79:AD79) -> 0
B80: =+B81 -> Módulo de Certificación Ambiental Ventanilla Minera | C80: 1 | E80: Modulo | J80: 0 | K80: 0 | L80: =SUM(L81:L85) -> 0 | M80: =SUM(M81:M85) -> 0 | N80: =SUM(N81:N85) -> 0 | O80: =SUM(O81:O85) -> 0 | P80: =SUM(P81:P85) -> 0 | Q80: =SUM(Q81:Q85) -> 0 | R80: =SUM(R81:R85) -> 0 | S80: =SUM(S81:S85) -> 0 | ... AD80: =SUM(AD81:AD85) -> 0 | AE80: =F80-SUM(G80:AD80) -> 0
B81: Módulo de Certificación Ambiental Ventanilla Minera | C81: 1 | D81: 0.3 | E81: Modulo | F81: 1 | G81: 0 | H81: 0 | I81: 0.5 | J81: 0.5 | K81: 0 | AE81: =F81-SUM(G81:AD81) -> 0
A82: Subactividad 3.1.2 | D82: 0 | AE82: =F82-SUM(G82:AD82) -> 0
A83: Subactividad 3.1.3 | D83: 0 | AE83: =F83-SUM(G83:AD83) -> 0
A84: Subactividad 3.1.4 | D84: 0 | AE84: =F84-SUM(G84:AD84) -> 0
A85: Subactividad 3.1.5 | D85: 0 | AE85: =F85-SUM(G85:AD85) -> 0
A86: Actividad 3.2 | G86: =SUM(G87:G91) -> 0 | H86: =SUM(H87:H91) -> 0 | I86: =SUM(I87:I91) -> 0 | J86: =SUM(J87:J91) -> 0 | K86: =SUM(K87:K91) -> 0 | L86: =SUM(L87:L91) -> 0 | M86: =SUM(M87:M91) -> 0 | N86: =SUM(N87:N91) -> 0 | ... AD86: =SUM(AD87:AD91) -> 0 | AE86: =F86-SUM(G86:AD86) -> 0
A87: Subactividad 3.2.1 | D87: 0 | AE87: =F87-SUM(G87:AD87) -> 0
A88: Subactividad 3.2.2 | D88: 0 | AE88: =F88-SUM(G88:AD88) -> 0
A89: Subactividad 3.2.3 | D89: 0 | AE89: =F89-SUM(G89:AD89) -> 0
A90: Subactividad 3.2.4 | D90: 0 | AE90: =F90-SUM(G90:AD90) -> 0
A91: Subactividad 3.2.5 | D91: 0 | AE91: =F91-SUM(G91:AD91) -> 0
A92: Actividad 3.3 | G92: =SUM(G93:G97) -> 0 | H92: =SUM(H93:H97) -> 0 | I92: =SUM(I93:I97) -> 0 | J92: =SUM(J93:J97) -> 0 | K92: =SUM(K93:K97) -> 0 | L92: =SUM(L93:L97) -> 0 | M92: =SUM(M93:M97) -> 0 | N92: =SUM(N93:N97) -> 0 | ... AD92: =SUM(AD93:AD97) -> 0 | AE92: =F92-SUM(G92:AD92) -> 0
A93: Subactividad 3.3.1 | D93: 0 | AE93: =F93-SUM(G93:AD93) -> 0
A94: Subactividad 3.3.2 | D94: 0 | AE94: =F94-SUM(G94:AD94) -> 0
A95: Subactividad 3.3.3 | D95: 0 | AE95: =F95-SUM(G95:AD95) -> 0
A96: Subactividad 3.3.4 | D96: 0 | AE96: =F96-SUM(G96:AD96) -> 0
A97: Subactividad 3.3.5 | D97: 0 | AE97: =F97-SUM(G97:AD97) -> 0
A98: Actividad 3.4 | G98: =SUM(G99:G103) -> 0 | H98: =SUM(H99:H103) -> 0 | I98: =SUM(I99:I103) -> 0 | J98: =SUM(J99:J103) -> 0 | K98: =SUM(K99:K103) -> 0 | L98: =SUM(L99:L103) -> 0 | M98: =SUM(M99:M103) -> 0 | N98: =SUM(N99:N103) -> 0 | ... AD98: =SUM(AD99:AD103) -> 0 | AE98: =F98-SUM(G98:AD98) -> 0
A99: Subactividad 3.4.1 | D99: 0 | AE99: =F99-SUM(G99:AD99) -> 0
A100: Subactividad 3.4.2 | D100: 0 | AE100: =F100-SUM(G100:AD100) -> 0
A101: Subactividad 3.4.3 | D101: 0 | AE101: =F101-SUM(G101:AD101) -> 0
A102: Subactividad 3.4.4 | D102: 0 | AE102: =F102-SUM(G102:AD102) -> 0
A103: Subactividad 3.4.5 | D103: 0 | AE103: =F103-SUM(G103:AD103) -> 0
...

Sheet Presupuesto Contrato
C1: SISTEMA DE GESTIÓN INTEGRAL - SGI | P1: Instructivo
C2: PRESUPUESTO - MODALIDAD CONTRATO
C3: CÓDIGO: F-PGC-21 | H3: VERSIÓN: 03
A5: MODALIDAD DE CONTRATACIÓN: | C5: ='Plan Ejecución'!C5:AD5 -> CONTRATACIÓN DIRECTA
A6: OBJETO A CONTRATAR: | C6: ='Plan Ejecución'!C6:AD6 -> "“SOPORTE, MANTENIMIENTO Y ACTUALIZACIÓN DEL VISOR GEOGRÁFICO – AÑO 2025"
A8: COSTOS DE PERSONAL | J8: Recursos por alcance, actividad o subactividad
A9: Ítem | B9: Cantidad personal | C9: (%) Dedicación | D9: Unidad de medida | E9: Cantidad | F9: Valor unitario base | G9: Factor prestacional | H9: Valor total | I9: (%) PP | J9: Alcance 1 | K9: Alcance 2 | L9: Alcance 3 | M9: Alcance 4 | N9: Alcance 5 | O9: Alcance 6
A10: Mano de Obra Calificada
F11: =IFERROR(VLOOKUP(A11,Honorarios!$A$9:$D$15,2,FALSE),"") | G11: =IFERROR(((VLOOKUP(A11,Honorarios!$A$9:$D$15,3,FALSE))),"") | H11: =IFERROR(B11*C11*E11*F11*G11,0) -> 0 | I11: =IFERROR(H11/$H$80,0) -> 0 | P11: =H11-SUM(J11:O11) -> 0
F12: =IFERROR(VLOOKUP(A12,Honorarios!$A$9:$D$15,2,FALSE),"") | G12: =IFERROR(((VLOOKUP(A12,Honorarios!$A$9:$D$15,3,FALSE))),"") | H12: =IFERROR(B12*C12*E12*F12*G12,0) -> 0 | I12: =IFERROR(H12/$H$80,0) -> 0 | P12: =H12-SUM(J12:O12) -> 0
F13: =IFERROR(VLOOKUP(A13,Honorarios!$A$9:$D$15,2,FALSE),"") | G13: =IFERROR(((VLOOKUP(A13,Honorarios!$A$9:$D$15,3,FALSE))),"") | H13: =IFERROR(B13*C13*E13*F13*G13,0) -> 0 | I13: =IFERROR(H13/$H$80,0) -> 0 | P13: =H13-SUM(J13:O13) -> 0
F14: =IFERROR(VLOOKUP(A14,Honorarios!$A$9:$D$15,2,FALSE),"") | G14: =IFERROR(((VLOOKUP(A14,Honorarios!$A$9:$D$15,3,FALSE))),"") | H14: =IFERROR(B14*C14*E14*F14*G14,0) -> 0 | I14: =IFERROR(H14/$H$80,0) -> 0 | P14: =H14-SUM(J14:O14) -> 0
F15: =IFERROR(VLOOKUP(A15,Honorarios!$A$9:$D$15,2,FALSE),"") | G15: =IFERROR(((VLOOKUP(A15,Honorarios!$A$9:$D$15,3,FALSE))),"") | H15: =IFERROR(B15*C15*E15*F15*G15,0) -> 0 | I15: =IFERROR(H15/$H$80,0) -> 0 | P15: =H15-SUM(J15:O15) -> 0
F16: =IFERROR(VLOOKUP(A16,Honorarios!$A$9:$D$15,2,FALSE),"") | G16: =IFERROR(((VLOOKUP(A16,Honorarios!$A$9:$D$15,3,FALSE))),"") | H16: =IFERROR(B16*C16*E16*F16*G16,0) -> 0 | I16: =IFERROR(H16/$H$80,0) -> 0 | P16: =H16-SUM(J16:O16) -> 0
F17: =IFERROR(VLOOKUP(A17,Honorarios!$A$9:$D$15,2,FALSE),"") | G17: =IFERROR(((VLOOKUP(A17,Honorarios!$A$9:$D$15,3,FALSE))),"") | H17: =IFERROR(B17*C17*E17*F17*G17,0) -> 0 | I17: =IFERROR(H17/$H$80,0) -> 0 | P17: =H17-SUM(J17:O17) -> 0
F18: =IFERROR(VLOOKUP(A18,Honorarios!$A$9:$D$15,2,FALSE),"") | G18: =IFERROR(((VLOOKUP(A18,Honorarios!$A$9:$D$15,3,FALSE))),"") | H18: =IFERROR(B18*C18*E18*F18*G18,0) -> 0 | I18: =IFERROR(H18/$H$80,0) -> 0 | P18: =H18-SUM(J18:O18) -> 0
F19: =IFERROR(VLOOKUP(A19,Honorarios!$A$9:$D$15,2,FALSE),"") | G19: =IFERROR(((VLOOKUP(A19,Honorarios!$A$9:$D$15,3,FALSE))),"") | H19: =IFERROR(B19*C19*E19*F19*G19,0) -> 0 | I19: =IFERROR(H19/$H$80,0) -> 0 | P19: =H19-SUM(J19:O19) -> 0
F20: =IFERROR(VLOOKUP(A20,Honorarios!$A$9:$D$15,2,FALSE),"") | G20: =IFERROR(((VLOOKUP(A20,Honorarios!$A$9:$D$15,3,FALSE))),"") | H20: =IFERROR(B20*C20*E20*F20*G20,0) -> 0 | I20: =IFERROR(H20/$H$80,0) -> 0 | P20: =H20-SUM(J20:O20) -> 0
F21: =IFERROR(VLOOKUP(A21,Honorarios!$A$9:$D$15,2,FALSE),"") | G21: =IFERROR(((VLOOKUP(A21,Honorarios!$A$9:$D$15,3,FALSE))),"") | H21: =IFERROR(B21*C21*E21*F21*G21,0) -> 0 | I21: =IFERROR(H21/$H$80,0) -> 0 | P21: =H21-SUM(J21:O21) -> 0
F22: =IFERROR(VLOOKUP(A22,Honorarios!$A$9:$D$15,2,FALSE),"") | G22: =IFERROR(((VLOOKUP(A22,Honorarios!$A$9:$D$15,3,FALSE))),"") | H22: =IFERROR(B22*C22*E22*F22*G22,0) -> 0 | I22: =IFERROR(H22/$H$80,0) -> 0 | P22: =H22-SUM(J22:O22) -> 0
... F51: =IFERROR(VLOOKUP(A51,Honorarios!$A$9:$D$15,2,FALSE),"") | G51: =IFERROR(((VLOOKUP(A51,Honorarios!$A$9:$D$15,3,FALSE))),"") | H51: =IFERROR(B51*C51*E51*F51*G51,0) -> 0 | I51: =IFERROR(H51/$H$80,0) -> 0 | P51: =H51-SUM(J51:O51) -> 0
A52: Subtotal Mano de Obra calificada | H52: =SUM(H11:H51) -> 0 | I52: =SUM(I11:I51) -> 0
A53: Mano de Obra No Calificada
H54: =B54*C54*E54*F54*G54 -> 0 | I54: =IFERROR(H54/$H$80,0) -> 0 | P54: =H54-SUM(J54:O54) -> 0
H55: =B55*C55*E55*F55*G55 -> 0 | I55: =IFERROR(H55/$H$80,0) -> 0 | P55: =H55-SUM(J55:O55) -> 0
H56: =B56*C56*E56*F56*G56 -> 0 | I56: =IFERROR(H56/$H$80,0) -> 0 | P56: =H56-SUM(J56:O56) -> 0
H57: =B57*C57*E57*F57*G57 -> 0 | I57: =IFERROR(H57/$H$80,0) -> 0 | P57: =H57-SUM(J57:O57) -> 0
H58: =B58*C58*E58*F58*G58 -> 0 | I58: =IFERROR(H58/$H$80,0) -> 0 | P58: =H58-SUM(J58:O58) -> 0
H59: =B59*C59*E59*F59*G59 -> 0 | I59: =IFERROR(H59/$H$80,0) -> 0 | P59: =H59-SUM(J59:O59) -> 0
H60: =B60*C60*E60*F60*G60 -> 0 | I60: =IFERROR(H60/$H$80,0) -> 0 | P60: =H60-SUM(J60:O60) -> 0
H61: =B61*C61*E61*F61*G61 -> 0 | I61: =IFERROR(H61/$H$80,0) -> 0 | P61: =H61-SUM(J61:O61) -> 0
H62: =B62*C62*E62*F62*G62 -> 0 | I62: =IFERROR(H62/$H$80,0) -> 0 | P62: =H62-SUM(J62:O62) -> 0
H63: =B63*C63*E63*F63*G63 -> 0 | I63: =IFERROR(H63/$H$80,0) -> 0 | P63: =H63-SUM(J63:O63) -> 0
H64: =B64*C64*E64*F64*G64 -> 0 | I64: =IFERROR(H64/$H$80,0) -> 0 | P64: =H64-SUM(J64:O64) -> 0
H65: =B65*C65*E65*F65*G65 -> 0 | I65: =IFERROR(H65/$H$80,0) -> 0 | P65: =H65-SUM(J65:O65) -> 0
... H78: =B78*C78*E78*F78*G78 -> 0 | I78: =IFERROR(H78/$H$80,0) -> 0 | P78: =H78-SUM(J78:O78) -> 0
A79: Subtotal Mano de Obra no Calificada | H79: =SUM(H54:H78) -> 0 | I79: =SUM(I54:I78) -> 0
A80: SUBTOTAL PERSONAL (Mano de Obra Calificada + Mano de Obra no Calificada) | H80: =H52+H79 -> 0 | I80: =I52+I79 -> 0
A82: COSTOS (Diferentes a los costos del personal)
A83: Ítem | D83: Unidad de medida | E83: Cantidad | F83: Valor unitario | H83: Valor total | I83: (%) PP
A84: Licenciamiento y actualización del Geoportal. | D84: Licencia | E84: 1 | F84: 10204400 | H84: =+F84*E84 -> 10204400 | I84: =IFERROR(H84/$H$126,0) -> 0.13028379 | P84: =H84-SUM(J84:O84) -> 10204400
A85: . Soporte y mantenimiento del sistema con mesa de ayuda. | D85: Meses | E85: 12 | F85: 5676666.7 | H85: =+F85*E85 -> 68120000 | I85: =IFERROR(H85/$H$126,0) -> 0.86971621 | P85: =H85-SUM(J85:O85) -> 68120000
H86: =+F86*E86 -> 0 | I86: =IFERROR(H86/$H$126,0) -> 0 | P86: =H86-SUM(J86:O86) -> 0
H87: =+F87*E87 -> 0 | I87: =IFERROR(H87/$H$126,0) -> 0 | P87: =H87-SUM(J87:O87) -> 0
H88: =+F88*E88 -> 0 | I88: =IFERROR(H88/$H$126,0) -> 0 | P88: =H88-SUM(J88:O88) -> 0
H89: =+F89*E89 -> 0 | I89: =IFERROR(H89/$H$126,0) -> 0 | P89: =H89-SUM(J89:O89) -> 0
H90: =+F90*E90 -> 0 | I90: =IFERROR(H90/$H$126,0) -> 0 | P90: =H90-SUM(J90:O90) -> 0
H91: =+F91*E91 -> 0 | I91: =IFERROR(H91/$H$126,0) -> 0 | P91: =H91-SUM(J91:O91) -> 0
H92: =+F92*E92 -> 0 | I92: =IFERROR(H92/$H$126,0) -> 0 | P92: =H92-SUM(J92:O92) -> 0
H93: =+F93*E93 -> 0 | I93: =IFERROR(H93/$H$126,0) -> 0 | P93: =H93-SUM(J93:O93) -> 0
H94: =+F94*E94 -> 0 | I94: =IFERROR(H94/$H$126,0) -> 0 | P94: =H94-SUM(J94:O94) -> 0
H95: =+F95*E95 -> 0 | I95: =IFERROR(H95/$H$126,0) -> 0 | P95: =H95-SUM(J95:O95) -> 0
H96: =+F96*E96 -> 0 | I96: =IFERROR(H96/$H$126,0) -> 0 | P96: =H96-SUM(J96:O96) -> 0
H97: =+F97*E97 -> 0 | I97: =IFERROR(H97/$H$126,0) -> 0 | P97: =H97-SUM(J97:O97) -> 0
... H125: =+F125*E125 -> 0 | I125: =IFERROR(H125/$H$126,0) -> 0 | P125: =H125-SUM(J125:O125) -> 0
A126: SUBTOTAL COSTOS (Diferentes a los costos del personal) | H126: =SUM(H84:H125) -> 78324400 | I126: =SUM(I84:I125) -> 1
J127: =SUM(J10:J126) -> 0 | K127: =SUM(K10:K126) -> 0 | L127: =SUM(L10:L126) -> 0 | M127: =SUM(M10:M126) -> 0 | N127: =SUM(N10:N126) -> 0 | O127: =SUM(O10:O126) -> 0
A129: SUBTOTAL (antes de AU e IVA) | H129: =H80+H126 -> 78324400
A130: Administración | G130: 0 | H130: =H129*G130 -> 0 | I130: Gastos de administración
A131: Utilidad | G131: 0 | H131: =G131*H130 -> 0
A132: IVA | G132: 0.19 | H132: =(H129+H130+H131)*G132 -> 14881636 | I132: Info IVA
A133: TOTAL (incluido AU e IVA) | H133: =SUM(H129:H132) -> 93206036
A135: RESUMEN POR CONCEPTO
A136: Ítem | D136: Valor total | E136: (%) PP (SUBTOTAL) | F136: (%) PP (TOTAL)
A137: =A80 -> SUBTOTAL PERSONAL (Mano de Obra Calificada + Mano de Obra no Calificada) | D137: =H80 -> 0 | E137: =IFERROR(D137/$H$129,0) -> 0 | F137: =IFERROR(D137/$H$133,0) -> 0
A138: =A82 -> COSTOS (Diferentes a los costos del personal) | D138: =H126 -> 78324400 | E138: =IFERROR(D138/$H$129,0) -> 1 | F138: =IFERROR(D138/$H$133,0) -> 0.84033613
A139: =A130 -> Administración | D139: =H130 -> 0 | E139: NA | F139: =IFERROR(D139/$H$133,0) -> 0
A140: =A131 -> Utilidad | D140: =H131 -> 0 | E140: NA | F140: =IFERROR(D140/$H$133,0) -> 0
A141: =A132 -> IVA | D141: =H132 -> 14881636 | E141: NA | F141: =IFERROR(D141/$H$133,0) -> 0.15966387
E142: =SUM(E137:E138) -> 1 | F142: =SUM(F137:F141) -> 1
A144: RESUMEN POR ALCANCES, ACTIVIDADES O SUBACTIVIDADES
A145: Alcance, actividad o subactividad | B145: Subtotal (Costos de personal y diferentes de personal) | C145: Costos de administración Y/O utilidad si aplican | D145: IVA (Si aplica) | E145: TOTAL | F145: ¿Es alcance de obra? (Si, No) | G145: (%) PP (TOTAL)
A146: =+A84 -> Licenciamiento y actualización del Geoportal. | B146: =+H84 -> 10204400 | D146: =+B146*0.19 -> 1938836 | E146: =SUM(B146:D146) -> 12143236 | G146: =IFERROR(E146/$H$133,0) -> 0.13028379
A147: Soporte y mantenimiento del sistema con mesa de ayuda (lun-vie 6: am - 5:00 pm) | B147: =+H85 -> 68120000 | D147: =+B147*0.19 -> 12942800 | E147: =SUM(B147:D147) -> 81062800 | G147: =IFERROR(E147/$H$133,0) -> 0.86971621
A148: =+A86 -> 0 | B148: =+H86 -> 0 | D148: =+B148*0.19 -> 0 | E148: =SUM(B148:D148) -> 0 | G148: =IFERROR(E148/$H$133,0) -> 0
E149: =SUM(B149:D149) -> 0 | G149: =IFERROR(E149/$H$133,0) -> 0
E150: =SUM(B150:D150) -> 0 | G150: =IFERROR(E150/$H$133,0) -> 0
E151: =SUM(B151:D151) -> 0 | G151: =IFERROR(E151/$H$133,0) -> 0
E152: =SUM(B152:D152) -> 0 | G152: =IFERROR(E152/$H$133,0) -> 0
E153: =SUM(B153:D153) -> 0 | G153: =IFERROR(E153/$H$133,0) -> 0
E154: =SUM(B154:D154) -> 0 | G154: =IFERROR(E154/$H$133,0) -> 0
E155: =SUM(B155:D155) -> 0 | G155: =IFERROR(E155/$H$133,0) -> 0
E156: =SUM(B156:D156) -> 0 | G156: =IFERROR(E156/$H$133,0) -> 0
E157: =SUM(B157:D157) -> 0 | G157: =IFERROR(E157/$H$133,0) -> 0
E158: =SUM(B158:D158) -> 0 | G158: =IFERROR(E158/$H$133,0) -> 0
E159: =SUM(B159:D159) -> 0 | G159: =IFERROR(E159/$H$133,0) -> 0
E160: =SUM(B160:D160) -> 0 | G160: =IFERROR(E160/$H$133,0) -> 0
... E165: =SUM(B165:D165) -> 0 | G165: =IFERROR(E165/$H$133,0) -> 0
B166: =SUM(B146:B165) -> 78324400 | C166: =SUM(C146:C165) -> 0 | D166: =SUM(D146:D165) -> 14881636 | E166: =SUM(E146:E165) -> 93206036 | G166: =SUM(G146:G165) -> 1
B167: =B166-H129 -> 0 | C167: =C166-(H130+H131) -> 0 | D167: =D166-H132 -> 0 | E167: =E166-H133 -> 0

Sheet Ppto PSP
B1: SISTEMA DE GESTIÓN INTEGRAL - SGI | G1: Instructivo
B2: PRESUPUESTO - MODALIDAD CONTRATO - PRESTACIÓN DE SERVICIOS PERSONALES | G2: Plan de ejecución física y de inversiones - prestación de servicios personales
B3: CÓDIGO: F-PGC-21 | E3: VERSIÓN: 02
A5: MODALIDAD DE CONTRATACIÓN: | B5: ='PE PSP'!R5 -> 0
A6: OBJETO A CONTRATAR: | B6: ='PE PSP'!R6 -> 0
A8: Ítem | B8: Unidad de medida | C8: Cantidad | D8: Valor unitario base | E8: Factor prestacional | F8: Valor total
B9: Mes | D9: =IFERROR(VLOOKUP(A9,Honorarios!$A$9:$D$15,2,FALSE),"") | E9: =IFERROR(VLOOKUP(A9,Honorarios!$A$9:$D$15,3,FALSE),"") | F9: =IFERROR(C9*D9*E9,0) -> 0 | G9: Tabla de honorarios
A11: SUBTOTAL | F11: =F9+F10 -> 0
A12: IVA | F12: 0 | G12: Solo aplica en caso que la persona natural sea responsable de IVA
A13: TOTAL | F13: =F11+F12 -> 0

Sheet Presupuesto Convenio
E1: SISTEMA DE GESTIÓN INTEGRAL - SGI | U1: Instructivo
E2: PRESUPUESTO - MODALIDAD CONVENIO
E3: CÓDIGO: F-PGC-21 | M3: VERSIÓN: 02
A5: MODALIDAD DE CONTRATACIÓN: | C5: ='Plan Ejecución'!AE5 -> CONTRATACIÓN DIRECTA
A6: OBJETO A CONTRATAR: | C6: ='Plan Ejecución'!AE6 -> "“SOPORTE, MANTENIMIENTO Y ACTUALIZACIÓN DEL VISOR GEOGRÁFICO – AÑO 2025"
A8: COSTOS DE PERSONAL | J8: FUENTES DE COFINANCIACIÓN | O8: Recursos en dinero de CORANTIOQUIA por alcance, actividad o subactividad
A9: Ítem | B9: Cantidad personal | C9: (%) Dedicación | D9: Unidad de medida | E9: Cantidad | F9: Valor unitario base | G9: Factor prestacional | H9: Valor total | I9: (%) PP | J9: CORANTIOQUIA | L9: Entidad 1:
J10: DINERO | K10: ESPECIE | L10: DINERO | M10: ESPECIE | O10: Alcance 1 | P10: Alcance 2 | Q10: Alcance 3 | R10: Alcance 4 | S10: Alcance 5 | T10: Alcance 6
A11: Mano de Obra Calificada
F12: =IFERROR(VLOOKUP(A12,Honorarios!$A$9:$D$15,2,FALSE),"") | G12: =IFERROR(((VLOOKUP(A12,Honorarios!$A$9:$D$15,3,FALSE))),"") | H12: =IFERROR(B12*C12*E12*F12*G12,0) -> 0 | I12: =IFERROR(H12/$H$100,0) -> 0 | N12: =IFERROR(H12-SUM(J12:M12),"") -> 0 | U12: =J12-SUM(O12:T12) -> 0
F13: =IFERROR(VLOOKUP(A13,Honorarios!$A$9:$D$15,2,FALSE),"") | G13: =IFERROR(((VLOOKUP(A13,Honorarios!$A$9:$D$15,3,FALSE))),"") | H13: =IFERROR(B13*C13*E13*F13*G13,0) -> 0 | I13: =IFERROR(H13/$H$100,0) -> 0 | N13: =IFERROR(H13-SUM(J13:M13),"") -> 0 | U13: =J13-SUM(O13:T13) -> 0
F14: =IFERROR(VLOOKUP(A14,Honorarios!$A$9:$D$15,2,FALSE),"") | G14: =IFERROR(((VLOOKUP(A14,Honorarios!$A$9:$D$15,3,FALSE))),"") | H14: =IFERROR(B14*C14*E14*F14*G14,0) -> 0 | I14: =IFERROR(H14/$H$100,0) -> 0 | N14: =IFERROR(H14-SUM(J14:M14),"") -> 0 | U14: =J14-SUM(O14:T14) -> 0
F15: =IFERROR(VLOOKUP(A15,Honorarios!$A$9:$D$15,2,FALSE),"") | G15: =IFERROR(((VLOOKUP(A15,Honorarios!$A$9:$D$15,3,FALSE))),"") | H15: =IFERROR(B15*C15*E15*F15*G15,0) -> 0 | I15: =IFERROR(H15/$H$100,0) -> 0 | N15: =IFERROR(H15-SUM(J15:M15),"") -> 0 | U15: =J15-SUM(O15:T15) -> 0
F16: =IFERROR(VLOOKUP(A16,Honorarios!$A$9:$D$15,2,FALSE),"") | G16: =IFERROR(((VLOOKUP(A16,Honorarios!$A$9:$D$15,3,FALSE))),"") | H16: =IFERROR(B16*C16*E16*F16*G16,0) -> 0 | I16: =IFERROR(H16/$H$100,0) -> 0 | N16: =IFERROR(H16-SUM(J16:M16),"") -> 0 | U16: =J16-SUM(O16:T16) -> 0
F17: =IFERROR(VLOOKUP(A17,Honorarios!$A$9:$D$15,2,FALSE),"") | G17: =IFERROR(((VLOOKUP(A17,Honorarios!$A$9:$D$15,3,FALSE))),"") | H17: =IFERROR(B17*C17*E17*F17*G17,0) -> 0 | I17: =IFERROR(H17/$H$100,0) -> 0 | N17: =IFERROR(H17-SUM(J17:M17),"") -> 0 | U17: =J17-SUM(O17:T17) -> 0
F18: =IFERROR(VLOOKUP(A18,Honorarios!$A$9:$D$15,2,FALSE),"") | G18: =IFERROR(((VLOOKUP(A18,Honorarios!$A$9:$D$15,3,FALSE))),"") | H18: =IFERROR(B18*C18*E18*F18*G18,0) -> 0 | I18: =IFERROR(H18/$H$100,0) -> 0 | N18: =IFERROR(H18-SUM(J18:M18),"") -> 0 | U18: =J18-SUM(O18:T18) -> 0
F19: =IFERROR(VLOOKUP(A19,Honorarios!$A$9:$D$15,2,FALSE),"") | G19: =IFERROR(((VLOOKUP(A19,Honorarios!$A$9:$D$15,3,FALSE))),"") | H19: =IFERROR(B19*C19*E19*F19*G19,0) -> 0 | I19: =IFERROR(H19/$H$100,0) -> 0 | N19: =IFERROR(H19-SUM(J19:M19),"") -> 0 | U19: =J19-SUM(O19:T19) -> 0
F20: =IFERROR(VLOOKUP(A20,Honorarios!$A$9:$D$15,2,FALSE),"") | G20: =IFERROR(((VLOOKUP(A20,Honorarios!$A$9:$D$15,3,FALSE))),"") | H20: =IFERROR(B20*C20*E20*F20*G20,0) -> 0 | I20: =IFERROR(H20/$H$100,0) -> 0 | N20: =IFERROR(H20-SUM(J20:M20),"") -> 0 | U20: =J20-SUM(O20:T20) -> 0
F21: =IFERROR(VLOOKUP(A21,Honorarios!$A$9:$D$15,2,FALSE),"") | G21: =IFERROR(((VLOOKUP(A21,Honorarios!$A$9:$D$15,3,FALSE))),"") | H21: =IFERROR(B21*C21*E21*F21*G21,0) -> 0 | I21: =IFERROR(H21/$H$100,0) -> 0 | N21: =IFERROR(H21-SUM(J21:M21),"") -> 0 | U21: =J21-SUM(O21:T21) -> 0
F22: =IFERROR(VLOOKUP(A22,Honorarios!$A$9:$D$15,2,FALSE),"") | G22: =IFERROR(((VLOOKUP(A22,Honorarios!$A$9:$D$15,3,FALSE))),"") | H22: =IFERROR(B22*C22*E22*F22*G22,0) -> 0 | I22: =IFERROR(H22/$H$100,0) -> 0 | N22: =IFERROR(H22-SUM(J22:M22),"") -> 0 | U22: =J22-SUM(O22:T22) -> 0
F23: =IFERROR(VLOOKUP(A23,Honorarios!$A$9:$D$15,2,FALSE),"") | G23: =IFERROR(((VLOOKUP(A23,Honorarios!$A$9:$D$15,3,FALSE))),"") | H23: =IFERROR(B23*C23*E23*F23*G23,0) -> 0 | I23: =IFERROR(H23/$H$100,0) -> 0 | N23: =IFERROR(H23-SUM(J23:M23),"") -> 0 | U23: =J23-SUM(O23:T23) -> 0
... F60: =IFERROR(VLOOKUP(A60,Honorarios!$A$9:$D$15,2,FALSE),"") | G60: =IFERROR(((VLOOKUP(A60,Honorarios!$A$9:$D$15,3,FALSE))),"") | H60: =IFERROR(B60*C60*E60*F60*G60,0) -> 0 | I60: =IFERROR(H60/$H$100,0) -> 0 | N60: =IFERROR(H60-SUM(J60:M60),"") -> 0 | U60: =J60-SUM(O60:T60) -> 0
A61: Subtotal Mano de Obra calificada | H61: =SUM(H12:H60) -> 0 | I61: =SUM(I12:I60) -> 0 | J61: =SUM(J12:J60) -> 0 | K61: =SUM(K12:K60) -> 0 | L61: =SUM(L12:L60) -> 0 | M61: =SUM(M12:M60) -> 0 | N61: =H61-SUM(J61:M61) -> 0
A62: Mano de Obra No Calificada
H63: =IFERROR(B63*C63*E63*F63*G63,0) -> 0 | I63: =IFERROR(H63/$H$100,0) -> 0 | N63: =H63-SUM(J63:M63) -> 0 | U63: =J63-SUM(O63:T63) -> 0
H64: =IFERROR(B64*C64*E64*F64*G64,0) -> 0 | I64: =IFERROR(H64/$H$100,0) -> 0 | N64: =H64-SUM(J64:M64) -> 0 | U64: =J64-SUM(O64:T64) -> 0
H65: =IFERROR(B65*C65*E65*F65*G65,0) -> 0 | I65: =IFERROR(H65/$H$100,0) -> 0 | N65: =H65-SUM(J65:M65) -> 0 | U65: =J65-SUM(O65:T65) -> 0
H66: =IFERROR(B66*C66*E66*F66*G66,0) -> 0 | I66: =IFERROR(H66/$H$100,0) -> 0 | N66: =H66-SUM(J66:M66) -> 0 | U66: =J66-SUM(O66:T66) -> 0
H67: =IFERROR(B67*C67*E67*F67*G67,0) -> 0 | I67: =IFERROR(H67/$H$100,0) -> 0 | N67: =H67-SUM(J67:M67) -> 0 | U67: =J67-SUM(O67:T67) -> 0
H68: =IFERROR(B68*C68*E68*F68*G68,0) -> 0 | I68: =IFERROR(H68/$H$100,0) -> 0 | N68: =H68-SUM(J68:M68) -> 0 | U68: =J68-SUM(O68:T68) -> 0
H69: =IFERROR(B69*C69*E69*F69*G69,0) -> 0 | I69: =IFERROR(H69/$H$100,0) -> 0 | N69: =H69-SUM(J69:M69) -> 0 | U69: =J69-SUM(O69:T69) -> 0
H70: =IFERROR(B70*C70*E70*F70*G70,0) -> 0 | I70: =IFERROR(H70/$H$100,0) -> 0 | N70: =H70-SUM(J70:M70) -> 0 | U70: =J70-SUM(O70:T70) -> 0
H71: =IFERROR(B71*C71*E71*F71*G71,0) -> 0 | I71: =IFERROR(H71/$H$100,0) -> 0 | N71: =H71-SUM(J71:M71) -> 0 | U71: =J71-SUM(O71:T71) -> 0
H72: =IFERROR(B72*C72*E72*F72*G72,0) -> 0 | I72: =IFERROR(H72/$H$100,0) -> 0 | N72: =H72-SUM(J72:M72) -> 0 | U72: =J72-SUM(O72:T72) -> 0
H73: =IFERROR(B73*C73*E73*F73*G73,0) -> 0 | I73: =IFERROR(H73/$H$100,0) -> 0 | N73: =H73-SUM(J73:M73) -> 0 | U73: =J73-SUM(O73:T73) -> 0
H74: =IFERROR(B74*C74*E74*F74*G74,0) -> 0 | I74: =IFERROR(H74/$H$100,0) -> 0 | N74: =H74-SUM(J74:M74) -> 0 | U74: =J74-SUM(O74:T74) -> 0
... H98: =IFERROR(B98*C98*E98*F98*G98,0) -> 0 | I98: =IFERROR(H98/$H$100,0) -> 0 | N98: =H98-SUM(J98:M98) -> 0 | U98: =J98-SUM(O98:T98) -> 0
A99: Subtotal Mano de Obra no Calificada | H99: =SUM(H63:H98) -> 0 | I99: =SUM(I63:I98) -> 0 | J99: =SUM(J63:J98) -> 0 | K99: =SUM(K63:K98) -> 0 | L99: =SUM(L63:L98) -> 0 | M99: =SUM(M63:M98) -> 0 | N99: =H99-SUM(J99:M99) -> 0
A100: SUBTOTAL PERSONAL (Mano de Obra Calificada + Mano de Obra no Calificada) | H100: =H61+H99 -> 0 | I100: =I61+I99 -> 0 | J100: =J61+J99 -> 0 | K100: =K61+K99 -> 0 | L100: =L61+L99 -> 0 | M100: =M61+M99 -> 0 | N100: =H100-SUM(J100:M100) -> 0
A102: COSTOS (Diferentes a los costos del personal) | J102: FUENTES DE COFINANCIACIÓN
A103: Ítem | D103: Unidad de medida | E103: Cantidad | F103: Valor unitario | H103: Valor total | I103: (%) PP | J103: CORANTIOQUIA | L103: Entidad 1:
J104: DINERO | K104: ESPECIE | L104: DINERO | M104: ESPECIE
H105: =+F105*E105 -> 0 | I105: =IFERROR(H105/$H$149,0) -> 0 | N105: =H105-SUM(J105:M105) -> 0 | U105: =J105-SUM(O105:T105) -> 0
H106: =+F106*E106 -> 0 | I106: =IFERROR(H106/$H$149,0) -> 0 | N106: =H106-SUM(J106:M106) -> 0 | U106: =J106-SUM(O106:T106) -> 0
H107: =+F107*E107 -> 0 | I107: =IFERROR(H107/$H$149,0) -> 0 | N107: =H107-SUM(J107:M107) -> 0 | U107: =J107-SUM(O107:T107) -> 0
H108: =+F108*E108 -> 0 | I108: =IFERROR(H108/$H$149,0) -> 0 | N108: =H108-SUM(J108:M108) -> 0 | U108: =J108-SUM(O108:T108) -> 0
H109: =+F109*E109 -> 0 | I109: =IFERROR(H109/$H$149,0) -> 0 | N109: =H109-SUM(J109:M109) -> 0 | U109: =J109-SUM(O109:T109) -> 0
H110: =+F110*E110 -> 0 | I110: =IFERROR(H110/$H$149,0) -> 0 | N110: =H110-SUM(J110:M110) -> 0 | U110: =J110-SUM(O110:T110) -> 0
H111: =+F111*E111 -> 0 | I111: =IFERROR(H111/$H$149,0) -> 0 | N111: =H111-SUM(J111:M111) -> 0 | U111: =J111-SUM(O111:T111) -> 0
H112: =+F112*E112 -> 0 | I112: =IFERROR(H112/$H$149,0) -> 0 | N112: =H112-SUM(J112:M112) -> 0 | U112: =J112-SUM(O112:T112) -> 0
H113: =+F113*E113 -> 0 | I113: =IFERROR(H113/$H$149,0) -> 0 | N113: =H113-SUM(J113:M113) -> 0 | U113: =J113-SUM(O113:T113) -> 0
H114: =+F114*E114 -> 0 | I114: =IFERROR(H114/$H$149,0) -> 0 | N114: =H114-SUM(J114:M114) -> 0 | U114: =J114-SUM(O114:T114) -> 0
H115: =+F115*E115 -> 0 | I115: =IFERROR(H115/$H$149,0) -> 0 | N115: =H115-SUM(J115:M115) -> 0 | U115: =J115-SUM(O115:T115) -> 0
H116: =+F116*E116 -> 0 | I116: =IFERROR(H116/$H$149,0) -> 0 | N116: =H116-SUM(J116:M116) -> 0 | U116: =J116-SUM(O116:T116) -> 0
... H148: =+F148*E148 -> 0 | I148: =IFERROR(H148/$H$149,0) -> 0 | N148: =H148-SUM(J148:M148) -> 0 | U148: =J148-SUM(O148:T148) -> 0
A149: SUBTOTAL COSTOS (Diferentes a los costos del personal) | H149: =SUM(H105:H148) -> 0 | I149: =SUM(I105:I148) -> 0 | J149: =SUM(J105:J148) -> 0 | K149: =SUM(K105:K148) -> 0 | L149: =SUM(L105:L148) -> 0 | M149: =SUM(M105:M148) -> 0 | N149: =H149-SUM(J149:M149) -> 0
O150: =SUM(O11:O149) -> 0 | P150: =SUM(P11:P149) -> 0 | Q150: =SUM(Q11:Q149) -> 0 | R150: =SUM(R11:R149) -> 0 | S150: =SUM(S11:S149) -> 0 | T150: =SUM(T11:T149) -> 0
J152: FUENTES DE COFINANCIACIÓN
J153: CORANTIOQUIA | L153: Entidad 1:
J154: DINERO | K154: ESPECIE | L154: DINERO | M154: ESPECIE
A155: SUBTOTAL (antes de administración) | H155: =H100+H149 -> 0 | J155: =J100+J149 -> 0 | K155: =K100+K149 -> 0 | L155: =L100+L149 -> 0 | M155: =M100+M149 -> 0 | N155: =H155-SUM(J155:M155) -> 0
A156: TOTAL APORTES EN DINERO (antes de administración) | H156: =J156 -> 0 | J156: =J155 -> 0 | L156: =IF(H154="Si",L155,0) -> 0 | N156: =H156-SUM(J156:M156) -> 0
A157: Gastos de administración u operativos | H157: =G157*H156 -> 0 | J157: =J156*G157 -> 0 | L157: =IF($H$154="Si",L156*G157,0) -> 0 | N157: =H157-SUM(J157:M157) -> 0
A158: TOTAL (incluido administración) | H158: =H155+H157 -> 0 | J158: =SUM(J156:J157) -> 0 | K158: =K155 -> 0 | L158: =IF(H154="Si",SUM(L156:L157),L155) -> 0 | M158: =M155 -> 0 | N158: =H158-SUM(J158:M158) -> 0
J159: =J158+K158 -> 0 | L159: =L158+M158 -> 0 | N159: Total | O159: =H158-J159-L159 -> 0
J160: =IFERROR(J159/H158,0) -> 0 | L160: =IFERROR(L159/H158,0) -> 0 | N160: %
A161: RESUMEN POR CONCEPTO
A162: Ítem | D162: Valor total | E162: (%) PP (SUBTOTAL) | F162: (%) PP (TOTAL)
A163: =A100 -> SUBTOTAL PERSONAL (Mano de Obra Calificada + Mano de Obra no Calificada) | D163: =H100 -> 0 | E163: =IFERROR(D163/$H$155,0) -> 0 | F163: =IFERROR(D163/$H$158,0) -> 0
A164: =A102 -> COSTOS (Diferentes a los costos del personal) | D164: =H149 -> 0 | E164: =IFERROR(D164/$H$155,0) -> 0 | F164: =IFERROR(D164/$H$158,0) -> 0
A165: =A157 -> Gastos de administración u operativos | D165: =H157 -> 0 | E165: NA | F165: =IFERROR(D165/$H$158,0) -> 0
E166: =SUM(E163:E164) -> 0 | F166: =SUM(F163:F165) -> 0
A168: Realizar el análisis respectivo en caso que el conveniante - ejecutor vaya a realizar un contrato derivado, con la claridad que en este momento se está planeando la relación del convenio CAR - 3ro conveniante, y en caso de una subcontratación por parte del 3ro conveniante ejecutor, este debe considerar las implicaciones financieras de dicho contrato derivado, y realizar la respectiva planeación del mismo. Como se está planeando el convenio, el mismo solo lleva gastos de administración u operativos, ahora bien, para efectos de planeación, se puede hacer el análisis del contrato derivado que en vez de gastos de administración puede acarrear AU e IVA, los cuales en caso de que procedan se deberán considerar dentro de los gastos administrativos u operativos del convenio en la proporción que corresponda a los aportes en dinero de la entidad. Teniendo en cuenta que nuestra competencia se circunscribe al convenio a celebrar, y la forma de ejecución del mismo por parte del conveniante ejecutor, sea directamente o por intermedio de un tercero, es discrecional a él.
A169: Ir a estimar gastos de administración | C169: Info IVA
A171: RESUMEN POR ALCANCES, ACTIVIDADES O SUBACTIVIDADES - RECURSOS EN DINERO CORANTIOQUIA
A172: Alcance, actividad o subactividad | B172: Subtotal en dinero (Costos de personal y diferentes de personal) | C172: Costos de administración u operativos, si aplica | D172: TOTAL | E172: ¿Es alcance de obra? (Si, No) | F172: (%) PP (TOTAL)
D173: =SUM(B173:C173) -> 0 | F173: =IFERROR(D173/$J$158,0) -> 0
D174: =SUM(B174:C174) -> 0 | F174: =IFERROR(D174/$J$158,0) -> 0
D175: =SUM(B175:C175) -> 0 | F175: =IFERROR(D175/$J$158,0) -> 0
D176: =SUM(B176:C176) -> 0 | F176: =IFERROR(D176/$J$158,0) -> 0
D177: =SUM(B177:C177) -> 0 | F177: =IFERROR(D177/$J$158,0) -> 0
D178: =SUM(B178:C178) -> 0 | F178: =IFERROR(D178/$J$158,0) -> 0
D179: =SUM(B179:C179) -> 0 | F179: =IFERROR(D179/$J$158,0) -> 0
D180: =SUM(B180:C180) -> 0 | F180: =IFERROR(D180/$J$158,0) -> 0
D181: =SUM(B181:C181) -> 0 | F181: =IFERROR(D181/$J$158,0) -> 0
D182: =SUM(B182:C182) -> 0 | F182: =IFERROR(D182/$J$158,0) -> 0
D183: =SUM(B183:C183) -> 0 | F183: =IFERROR(D183/$J$158,0) -> 0
D184: =SUM(B184:C184) -> 0 | F184: =IFERROR(D184/$J$158,0) -> 0
... D192: =SUM(B192:C192) -> 0 | F192: =IFERROR(D192/$J$158,0) -> 0
B193: =SUM(B173:B192) -> 0 | C193: =SUM(C173:C192) -> 0 | D193: =SUM(D173:D192) -> 0 | F193: =SUM(F173:F192) -> 0
B194: =B193-J156 -> 0 | C194: =C193-J157 -> 0 | D194: =D193-J158 -> 0

Sheet PRESUPUESTO OTRO SI 
C1: SISTEMA DE GESTIÓN INTEGRAL - SGI | P1: Instructivo
C2: PRESUPUESTO - MODALIDAD CONTRATO
C3: CÓDIGO: F-PGC-21 | H3: VERSIÓN: 03
A5: MODALIDAD DE CONTRATACIÓN: | C5: ='Plan Ejecución'!C5:AD5 -> CONTRATACIÓN DIRECTA
A6: OBJETO A CONTRATAR: | C6: ='Plan Ejecución'!C6:AD6 -> "“SOPORTE, MANTENIMIENTO Y ACTUALIZACIÓN DEL VISOR GEOGRÁFICO – AÑO 2025"
A8: COSTOS DE PERSONAL | J8: Recursos por alcance, actividad o subactividad
A9: Ítem | B9: Cantidad personal | C9: (%) Dedicación | D9: Unidad de medida | E9: Cantidad | F9: Valor unitario base | G9: Factor prestacional | H9: Valor total | I9: (%) PP | J9: Alcance 1 | K9: Alcance 2 | L9: Alcance 3 | M9: Alcance 4 | N9: Alcance 5 | O9: Alcance 6
A10: Mano de Obra Calificada
F11: =IFERROR(VLOOKUP(A11,Honorarios!$A$9:$D$15,2,FALSE),"") | G11: =IFERROR(((VLOOKUP(A11,Honorarios!$A$9:$D$15,3,FALSE))),"") | H11: =IFERROR(B11*C11*E11*F11*G11,0) -> 0 | I11: =IFERROR(H11/$H$80,0) -> 0 | P11: =H11-SUM(J11:O11) -> 0
F12: =IFERROR(VLOOKUP(A12,Honorarios!$A$9:$D$15,2,FALSE),"") | G12: =IFERROR(((VLOOKUP(A12,Honorarios!$A$9:$D$15,3,FALSE))),"") | H12: =IFERROR(B12*C12*E12*F12*G12,0) -> 0 | I12: =IFERROR(H12/$H$80,0) -> 0 | P12: =H12-SUM(J12:O12) -> 0
F13: =IFERROR(VLOOKUP(A13,Honorarios!$A$9:$D$15,2,FALSE),"") | G13: =IFERROR(((VLOOKUP(A13,Honorarios!$A$9:$D$15,3,FALSE))),"") | H13: =IFERROR(B13*C13*E13*F13*G13,0) -> 0 | I13: =IFERROR(H13/$H$80,0) -> 0 | P13: =H13-SUM(J13:O13) -> 0
F14: =IFERROR(VLOOKUP(A14,Honorarios!$A$9:$D$15,2,FALSE),"") | G14: =IFERROR(((VLOOKUP(A14,Honorarios!$A$9:$D$15,3,FALSE))),"") | H14: =IFERROR(B14*C14*E14*F14*G14,0) -> 0 | I14: =IFERROR(H14/$H$80,0) -> 0 | P14: =H14-SUM(J14:O14) -> 0
F15: =IFERROR(VLOOKUP(A15,Honorarios!$A$9:$D$15,2,FALSE),"") | G15: =IFERROR(((VLOOKUP(A15,Honorarios!$A$9:$D$15,3,FALSE))),"") | H15: =IFERROR(B15*C15*E15*F15*G15,0) -> 0 | I15: =IFERROR(H15/$H$80,0) -> 0 | P15: =H15-SUM(J15:O15) -> 0
F16: =IFERROR(VLOOKUP(A16,Honorarios!$A$9:$D$15,2,FALSE),"") | G16: =IFERROR(((VLOOKUP(A16,Honorarios!$A$9:$D$15,3,FALSE))),"") | H16: =IFERROR(B16*C16*E16*F16*G16,0) -> 0 | I16: =IFERROR(H16/$H$80,0) -> 0 | P16: =H16-SUM(J16:O16) -> 0
F17: =IFERROR(VLOOKUP(A17,Honorarios!$A$9:$D$15,2,FALSE),"") | G17: =IFERROR(((VLOOKUP(A17,Honorarios!$A$9:$D$15,3,FALSE))),"") | H17: =IFERROR(B17*C17*E17*F17*G17,0) -> 0 | I17: =IFERROR(H17/$H$80,0) -> 0 | P17: =H17-SUM(J17:O17) -> 0
F18: =IFERROR(VLOOKUP(A18,Honorarios!$A$9:$D$15,2,FALSE),"") | G18: =IFERROR(((VLOOKUP(A18,Honorarios!$A$9:$D$15,3,FALSE))),"") | H18: =IFERROR(B18*C18*E18*F18*G18,0) -> 0 | I18: =IFERROR(H18/$H$80,0) -> 0 | P18: =H18-SUM(J18:O18) -> 0
F19: =IFERROR(VLOOKUP(A19,Honorarios!$A$9:$D$15,2,FALSE),"") | G19: =IFERROR(((VLOOKUP(A19,Honorarios!$A$9:$D$15,3,FALSE))),"") | H19: =IFERROR(B19*C19*E19*F19*G19,0) -> 0 | I19: =IFERROR(H19/$H$80,0) -> 0 | P19: =H19-SUM(J19:O19) -> 0
F20: =IFERROR(VLOOKUP(A20,Honorarios!$A$9:$D$15,2,FALSE),"") | G20: =IFERROR(((VLOOKUP(A20,Honorarios!$A$9:$D$15,3,FALSE))),"") | H20: =IFERROR(B20*C20*E20*F20*G20,0) -> 0 | I20: =IFERROR(H20/$H$80,0) -> 0 | P20: =H20-SUM(J20:O20) -> 0
F21: =IFERROR(VLOOKUP(A21,Honorarios!$A$9:$D$15,2,FALSE),"") | G21: =IFERROR(((VLOOKUP(A21,Honorarios!$A$9:$D$15,3,FALSE))),"") | H21: =IFERROR(B21*C21*E21*F21*G21,0) -> 0 | I21: =IFERROR(H21/$H$80,0) -> 0 | P21: =H21-SUM(J21:O21) -> 0
F22: =IFERROR(VLOOKUP(A22,Honorarios!$A$9:$D$15,2,FALSE),"") | G22: =IFERROR(((VLOOKUP(A22,Honorarios!$A$9:$D$15,3,FALSE))),"") | H22: =IFERROR(B22*C22*E22*F22*G22,0) -> 0 | I22: =IFERROR(H22/$H$80,0) -> 0 | P22: =H22-SUM(J22:O22) -> 0
... F51: =IFERROR(VLOOKUP(A51,Honorarios!$A$9:$D$15,2,FALSE),"") | G51: =IFERROR(((VLOOKUP(A51,Honorarios!$A$9:$D$15,3,FALSE))),"") | H51: =IFERROR(B51*C51*E51*F51*G51,0) -> 0 | I51: =IFERROR(H51/$H$80,0) -> 0 | P51: =H51-SUM(J51:O51) -> 0
A52: Subtotal Mano de Obra calificada | H52: =SUM(H11:H51) -> 0 | I52: =SUM(I11:I51) -> 0
A53: Mano de Obra No Calificada
H54: =B54*C54*E54*F54*G54 -> 0 | I54: =IFERROR(H54/$H$80,0) -> 0 | P54: =H54-SUM(J54:O54) -> 0
H55: =B55*C55*E55*F55*G55 -> 0 | I55: =IFERROR(H55/$H$80,0) -> 0 | P55: =H55-SUM(J55:O55) -> 0
H56: =B56*C56*E56*F56*G56 -> 0 | I56: =IFERROR(H56/$H$80,0) -> 0 | P56: =H56-SUM(J56:O56) -> 0
H57: =B57*C57*E57*F57*G57 -> 0 | I57: =IFERROR(H57/$H$80,0) -> 0 | P57: =H57-SUM(J57:O57) -> 0
H58: =B58*C58*E58*F58*G58 -> 0 | I58: =IFERROR(H58/$H$80,0) -> 0 | P58: =H58-SUM(J58:O58) -> 0
H59: =B59*C59*E59*F59*G59 -> 0 | I59: =IFERROR(H59/$H$80,0) -> 0 | P59: =H59-SUM(J59:O59) -> 0
H60: =B60*C60*E60*F60*G60 -> 0 | I60: =IFERROR(H60/$H$80,0) -> 0 | P60: =H60-SUM(J60:O60) -> 0
H61: =B61*C61*E61*F61*G61 -> 0 | I61: =IFERROR(H61/$H$80,0) -> 0 | P61: =H61-SUM(J61:O61) -> 0
H62: =B62*C62*E62*F62*G62 -> 0 | I62: =IFERROR(H62/$H$80,0) -> 0 | P62: =H62-SUM(J62:O62) -> 0
H63: =B63*C63*E63*F63*G63 -> 0 | I63: =IFERROR(H63/$H$80,0) -> 0 | P63: =H63-SUM(J63:O63) -> 0
H64: =B64*C64*E64*F64*G64 -> 0 | I64: =IFERROR(H64/$H$80,0) -> 0 | P64: =H64-SUM(J64:O64) -> 0
H65: =B65*C65*E65*F65*G65 -> 0 | I65: =IFERROR(H65/$H$80,0) -> 0 | P65: =H65-SUM(J65:O65) -> 0
... H78: =B78*C78*E78*F78*G78 -> 0 | I78: =IFERROR(H78/$H$80,0) -> 0 | P78: =H78-SUM(J78:O78) -> 0
A79: Subtotal Mano de Obra no Calificada | H79: =SUM(H54:H78) -> 0 | I79: =SUM(I54:I78) -> 0
A80: SUBTOTAL PERSONAL (Mano de Obra Calificada + Mano de Obra no Calificada) | H80: =H52+H79 -> 0 | I80: =I52+I79 -> 0
A82: COSTOS (Diferentes a los costos del personal)
A83: Ítem | D83: Unidad de medida | E83: Cantidad | F83: Valor unitario | H83: Valor total | I83: (%) PP
A84: Licenciamiento y actualización del Geoportal de Corantioquia | D84: Licencia | E84: 1 | F84: 8848000 | H84: =+F84*E84 -> 8848000 | I84: =IFERROR(H84/$H$126,0) -> 0.1148226 | P84: =H84-SUM(J84:O84) -> 8848000
A85: Soporte y mantenimiento del sistema con mesa de ayuda inlcuye Transferencia de conocimiento y mesa de ayuda | D85: Meses | E85: 11.5 | F85: 3700000 | H85: =+F85*E85 -> 42550000 | I85: =IFERROR(H85/$H$126,0) -> 0.55218147 | P85: =H85-SUM(J85:O85) -> 42550000
A86: Módulo de Certificación Ambiental Ventanilla Minera | D86: MODULO | E86: 1 | F86: 25660000 | H86: =+F86*E86 -> 25660000 | I86: =IFERROR(H86/$H$126,0) -> 0.33299593 | P86: =H86-SUM(J86:O86) -> 25660000
H87: =+F87*E87 -> 0 | I87: =IFERROR(H87/$H$126,0) -> 0 | P87: =H87-SUM(J87:O87) -> 0
H88: =+F88*E88 -> 0 | I88: =IFERROR(H88/$H$126,0) -> 0 | P88: =H88-SUM(J88:O88) -> 0
H89: =+F89*E89 -> 0 | I89: =IFERROR(H89/$H$126,0) -> 0 | P89: =H89-SUM(J89:O89) -> 0
H90: =+F90*E90 -> 0 | I90: =IFERROR(H90/$H$126,0) -> 0 | P90: =H90-SUM(J90:O90) -> 0
H91: =+F91*E91 -> 0 | I91: =IFERROR(H91/$H$126,0) -> 0 | P91: =H91-SUM(J91:O91) -> 0
H92: =+F92*E92 -> 0 | I92: =IFERROR(H92/$H$126,0) -> 0 | P92: =H92-SUM(J92:O92) -> 0
H93: =+F93*E93 -> 0 | I93: =IFERROR(H93/$H$126,0) -> 0 | P93: =H93-SUM(J93:O93) -> 0
H94: =+F94*E94 -> 0 | I94: =IFERROR(H94/$H$126,0) -> 0 | P94: =H94-SUM(J94:O94) -> 0
H95: =+F95*E95 -> 0 | I95: =IFERROR(H95/$H$126,0) -> 0 | P95: =H95-SUM(J95:O95) -> 0
H96: =+F96*E96 -> 0 | I96: =IFERROR(H96/$H$126,0) -> 0 | P96: =H96-SUM(J96:O96) -> 0
H97: =+F97*E97 -> 0 | I97: =IFERROR(H97/$H$126,0) -> 0 | P97: =H97-SUM(J97:O97) -> 0
H98: =+F98*E98 -> 0 | I98: =IFERROR(H98/$H$126,0) -> 0 | P98: =H98-SUM(J98:O98) -> 0
... H125: =+F125*E125 -> 0 | I125: =IFERROR(H125/$H$126,0) -> 0 | P125: =H125-SUM(J125:O125) -> 0
A126: SUBTOTAL COSTOS (Diferentes a los costos del personal) | H126: =SUM(H84:H125) -> 77058000 | I126: =SUM(I84:I125) -> 1
J127: =SUM(J10:J126) -> 0 | K127: =SUM(K10:K126) -> 0 | L127: =SUM(L10:L126) -> 0 | M127: =SUM(M10:M126) -> 0 | N127: =SUM(N10:N126) -> 0 | O127: =SUM(O10:O126) -> 0
A129: SUBTOTAL (antes de AU e IVA) | H129: =H80+H126 -> 77058000
A130: Administración | G130: 0 | H130: =H129*G130 -> 0 | I130: Gastos de administración
A131: Utilidad | G131: 0 | H131: =G131*H130 -> 0
A132: IVA | G132: 0.19 | H132: =(H129+H130+H131)*G132 -> 14641020 | I132: Info IVA
A133: TOTAL (incluido AU e IVA) | H133: =SUM(H129:H132) -> 91699020
A135: RESUMEN POR CONCEPTO
A136: Ítem | D136: Valor total | E136: (%) PP (SUBTOTAL) | F136: (%) PP (TOTAL)
A137: =A80 -> SUBTOTAL PERSONAL (Mano de Obra Calificada + Mano de Obra no Calificada) | D137: =H80 -> 0 | E137: =IFERROR(D137/$H$129,0) -> 0 | F137: =IFERROR(D137/$H$133,0) -> 0
A138: =A82 -> COSTOS (Diferentes a los costos del personal) | D138: =H126 -> 77058000 | E138: =IFERROR(D138/$H$129,0) -> 1 | F138: =IFERROR(D138/$H$133,0) -> 0.84033613
A139: =A130 -> Administración | D139: =H130 -> 0 | E139: NA | F139: =IFERROR(D139/$H$133,0) -> 0
A140: =A131 -> Utilidad | D140: =H131 -> 0 | E140: NA | F140: =IFERROR(D140/$H$133,0) -> 0
A141: =A132 -> IVA | D141: =H132 -> 14641020 | E141: NA | F141: =IFERROR(D141/$H$133,0) -> 0.15966387
E142: =SUM(E137:E138) -> 1 | F142: =SUM(F137:F141) -> 1
A144: RESUMEN POR ALCANCES, ACTIVIDADES O SUBACTIVIDADES
A145: Alcance, actividad o subactividad | B145: Subtotal (Costos de personal y diferentes de personal) | C145: Costos de administración Y/O utilidad si aplican | D145: IVA (Si aplica) | E145: TOTAL | F145: ¿Es alcance de obra? (Si, No) | G145: (%) PP (TOTAL)
A146: =+A84 -> Licenciamiento y actualización del Geoportal de Corantioquia | B146: =+H84 -> 8848000 | D146: =+B146*0.19 -> 1681120 | E146: =SUM(B146:D146) -> 10529120 | G146: =IFERROR(E146/$H$133,0) -> 0.1148226
A147: =+A85 -> Soporte y mantenimiento del sistema con mesa de ayuda inlcuye Transferencia de conocimiento y mesa de ayuda | B147: =+H85 -> 42550000 | D147: =+B147*0.19 -> 8084500 | E147: =SUM(B147:D147) -> 50634500 | G147: =IFERROR(E147/$H$133,0) -> 0.55218147
A148: =+A86 -> Módulo de Certificación Ambiental Ventanilla Minera | B148: =+H86 -> 25660000 | D148: =+B148*0.19 -> 4875400 | E148: =SUM(B148:D148) -> 30535400 | G148: =IFERROR(E148/$H$133,0) -> 0.33299593
E149: =SUM(B149:D149) -> 0 | G149: =IFERROR(E149/$H$133,0) -> 0
E150: =SUM(B150:D150) -> 0 | G150: =IFERROR(E150/$H$133,0) -> 0
E151: =SUM(B151:D151) -> 0 | G151: =IFERROR(E151/$H$133,0) -> 0
E152: =SUM(B152:D152) -> 0 | G152: =IFERROR(E152/$H$133,0) -> 0
E153: =SUM(B153:D153) -> 0 | G153: =IFERROR(E153/$H$133,0) -> 0
E154: =SUM(B154:D154) -> 0 | G154: =IFERROR(E154/$H$133,0) -> 0
E155: =SUM(B155:D155) -> 0 | G155: =IFERROR(E155/$H$133,0) -> 0
E156: =SUM(B156:D156) -> 0 | G156: =IFERROR(E156/$H$133,0) -> 0
E157: =SUM(B157:D157) -> 0 | G157: =IFERROR(E157/$H$133,0) -> 0
E158: =SUM(B158:D158) -> 0 | G158: =IFERROR(E158/$H$133,0) -> 0
E159: =SUM(B159:D159) -> 0 | G159: =IFERROR(E159/$H$133,0) -> 0
E160: =SUM(B160:D160) -> 0 | G160: =IFERROR(E160/$H$133,0) -> 0
... E165: =SUM(B165:D165) -> 0 | G165: =IFERROR(E165/$H$133,0) -> 0
B166: =SUM(B146:B165) -> 77058000 | C166: =SUM(C146:C165) -> 0 | D166: =SUM(D146:D165) -> 14641020 | E166: =SUM(E146:E165) -> 91699020 | G166: =SUM(G146:G165) -> 1
B167: =B166-H129 -> 0 | C167: =C166-(H130+H131) -> 0 | D167: =D166-H132 -> 0 | E167: =E166-H133 -> 0

Sheet Memoria de cálculo O1
B1: SISTEMA DE GESTIÓN INTEGRAL - SGI | F1: Instructivo
B2: MEMORIA DE CÁLCULO - OPCIÓN 1
B3: CÓDIGO: F-PGC-21 | D3: VERSIÓN: 03
A5: MODALIDAD DE CONTRATACIÓN: | B5: ='Plan Ejecución'!AE5 -> CONTRATACIÓN DIRECTA
A6: OBJETO A CONTRATAR: | B6: ='Plan Ejecución'!AE6 -> "“SOPORTE, MANTENIMIENTO Y ACTUALIZACIÓN DEL VISOR GEOGRÁFICO – AÑO 2025"
A8: PROCESO/ ALCANCE / ACTIVIDAD: | B8: "SOPORTE, MANTENIMIENTO Y ACTUALIZACIÓN DEL VISOR GEOGRÁFICO – AÑO 2025"
A9: UNIDAD DE MEDIDA PARA EL PRECIO UNITARIO: | B9: licencia y meses
A10: ESPECIFICACIÓN TÉCNICA PARA EL PRECIO UNITARIO:
A12: Ítem | B12: Unidad de medida | C12: Cantidad | D12: Valor unitario | E12: Valor total
A13: Licenciamiento y actualización del Geoportal Corantioquia | B13: Licencia | C13: 1 | D13: 10204400 | E13: =C13*D13 -> 10204400
A14: Soporte y mantenimiento del sistema con mesa de ayuda (lun-vie 6: am - 5:00 pm) | B14: Meses | C14: 12 | D14: 5676666.7 | E14: =C14*D14 -> 68120000
D15: 0 | E15: =C15*D15 -> 0
E16: =C16*D16 -> 0
E17: =C17*D17 -> 0
E18: =C18*D18 -> 0
E19: =C19*D19 -> 0
E20: =C20*D20 -> 0
E21: =C21*D21 -> 0
E22: =C22*D22 -> 0
E23: =C23*D23 -> 0
E24: =C24*D24 -> 0
E25: =C25*D25 -> 0
E26: =C26*D26 -> 0
E27: =C27*D27 -> 0
... E185: =C185*D185 -> 0
A186: SUBTOTAL (antes de IVA) | E186: =SUM(E13:E185) -> 78324400
A187: IVA | D187: 0.19 | E187: =E186*19% -> 14881636 | F187: Info IVA
A188: TOTAL (incluido IVA) | E188: =E186+E187 -> 93206036

Sheet Memoria de cálculo O2
D1: SISTEMA DE GESTIÓN INTEGRAL - SGI | M1: Instructivo
D2: MEMORIA DE CÁLCULO - OPCIÓN 2
D3: CÓDIGO: F-PGC-21 | H3: VERSIÓN: 02
A5: MODALIDAD DE CONTRATACIÓN: | F5: ='Plan Ejecución'!AE5 -> CONTRATACIÓN DIRECTA
A6: OBJETO A CONTRATAR: | F6: ='Plan Ejecución'!AE6 -> "“SOPORTE, MANTENIMIENTO Y ACTUALIZACIÓN DEL VISOR GEOGRÁFICO – AÑO 2025"
A8: PROCESO/ ALCANCE / ACTIVIDAD:
A9: UNIDAD DE MEDIDA PARA EL PRECIO UNITARIO:
A10: ESPECIFICACIÓN TÉCNICA PARA EL PRECIO UNITARIO:
A12: DISCRIMINACIÓN DE COSTOS | I12: FUENTES DE COFINANCIACIÓN
I13: CORANTIOQUIA | K13: Entidad 1:
A14: Ítem | B14: Cantidad personal | C14: (%) Dedicación | D14: Unidad de medida | E14: Cantidad | F14: Valor unitario base | G14: Factor prestacional | H14: Valor total | I14: DINERO | J14: ESPECIE | K14: DINERO | L14: ESPECIE
A15: COSTOS DE PERSONAL
H16: =B16*C16*E16*F16*G16 -> 0
H17: =B17*C17*E17*F17*G17 -> 0
H18: =B18*C18*E18*F18*G18 -> 0
H19: =B19*C19*E19*F19*G19 -> 0
H20: =B20*C20*E20*F20*G20 -> 0
H21: =B21*C21*E21*F21*G21 -> 0
H22: =B22*C22*E22*F22*G22 -> 0
H23: =B23*C23*E23*F23*G23 -> 0
H24: =B24*C24*E24*F24*G24 -> 0
H25: =B25*C25*E25*F25*G25 -> 0
H26: =B26*C26*E26*F26*G26 -> 0
H27: =B27*C27*E27*F27*G27 -> 0
... H40: =B40*C40*E40*F40*G40 -> 0
A41: SUBTOTAL COSTOS DE PERSONAL | H41: =SUM(H16:H40) -> 0 | I41: =SUM(I16:I40) -> 0 | J41: =SUM(J16:J40) -> 0 | K41: =SUM(K16:K40) -> 0 | L41: =SUM(L16:L40) -> 0
A42: Ítem | D42: Unidad de medida | E42: Cantidad | F42: Valor unitario | H42: Valor total oferente | I42: DINERO | J42: ESPECIE | K42: DINERO | L42: ESPECIE
A43: COSTOS DE MATERIALES Y SUMINISTROS
H44: =E44*F44 -> 0
H45: =E45*F45 -> 0
H46: =E46*F46 -> 0
H47: =E47*F47 -> 0
H48: =E48*F48 -> 0
H49: =E49*F49 -> 0
H50: =E50*F50 -> 0
H51: =E51*F51 -> 0
H52: =E52*F52 -> 0
H53: =E53*F53 -> 0
H54: =E54*F54 -> 0
H55: =E55*F55 -> 0
... H119: =E119*F119 -> 0
A120: SUBTOTAL COSTOS DE MATERIALES Y SUMINISTROS | H120: =SUM(H44:H119) -> 0 | I120: =SUM(I44:I119) -> 0 | J120: =SUM(J44:J119) -> 0 | K120: =SUM(K44:K119) -> 0 | L120: =SUM(L44:L119) -> 0
A121: COSTOS DE MAQUINARIA Y EQUIPO
H122: =E122*F122 -> 0
H123: =E123*F123 -> 0
H124: =E124*F124 -> 0
H125: =E125*F125 -> 0
H126: =E126*F126 -> 0
H127: =E127*F127 -> 0
H128: =E128*F128 -> 0
H129: =E129*F129 -> 0
H130: =E130*F130 -> 0
H131: =E131*F131 -> 0
H132: =E132*F132 -> 0
H133: =E133*F133 -> 0
... H176: =E176*F176 -> 0
A177: SUBTOTAL COSTOS DE MAQUINARIA Y EQUIPO | H177: =SUM(H122:H176) -> 0 | I177: =SUM(I122:I176) -> 0 | J177: =SUM(J122:J176) -> 0 | K177: =SUM(K122:K176) -> 0 | L177: =SUM(L122:L176) -> 0
A178: OTROS COSTOS
H179: =E179*F179 -> 0
H180: =E180*F180 -> 0
H181: =E181*F181 -> 0
H182: =E182*F182 -> 0
H183: =E183*F183 -> 0
H184: =E184*F184 -> 0
H185: =E185*F185 -> 0
H186: =E186*F186 -> 0
H187: =E187*F187 -> 0
H188: =E188*F188 -> 0
H189: =E189*F189 -> 0
H190: =E190*F190 -> 0
... H232: =E232*F232 -> 0
A233: SUBTOTAL OTROS COSTOS | H233: =SUM(H179:H232) -> 0 | I233: =SUM(I179:I232) -> 0 | J233: =SUM(J179:J232) -> 0 | K233: =SUM(K179:K232) -> 0 | L233: =SUM(L179:L232) -> 0
A235: ¿ES UN CONTRATO O REQUIERE CONTRATO DERIVADO? | H235: No
A236: =IF(H235="Si","SUBTOTAL (antes de AU e IVA)", "SUBTOTAL (antes de administración)") -> SUBTOTAL (antes de administración) | H236: =H41+H120+H177+H233 -> 0 | I236: =I41+I120+I177+I233 -> 0 | J236: =J41+J120+J177+J233 -> 0 | K236: =K41+K120+K177+K233 -> 0 | L236: =L41+L120+L177+L233 -> 0
A237: =IF(H235="Si","Administración","Gastos de administración") -> Gastos de administración | H237: =H236*G237 -> 0 | M237: Gastos de administración
A238: =IF(H235="Si","Utilidad","") | H238: =H236*G238 -> 0
A239: =IF(H235="Si","IVA","") | H239: =G239*(H236+H237+H238) -> 0 | M239: Info IVA
A240: =IF(H235="Si","TOTAL (incluido AU e IVA)", "TOTAL (incluido administración)") -> TOTAL (incluido administración) | H240: =SUM(H236:H239) -> 0 | I240: =SUM(I236:I239) -> 0 | J240: =SUM(J236:J239) -> 0 | K240: =SUM(K236:K239) -> 0 | L240: =SUM(L236:L239) -> 0
A241: Unidades | C241: Unidad de medida | E241: =IF(H235="Si","Costo unitario (antes de AU e IVA)", "Costo unitario (antes de administración)") -> Costo unitario (antes de administración) | F241: =IFERROR(H236/B241,0) -> 0 | H241: Observaciones:
A242: Unidades | C242: Unidad de medida | E242: =IF(H235="Si","Costo unitario (AU e IVA incluido)", "Costo unitario (administración incluida)") -> Costo unitario (administración incluida) | F242: =IFERROR(H240/B242,0) -> 0
A244: Unidades | C244: Unidad de medida | E244: =IF(H235="Si","Costo unitario sin MO (antes de AU e IVA)", "Costo unitario sin MO (antes de administración)") -> Costo unitario sin MO (antes de administración) | F244: =IFERROR((H236-H41)/B244,0) -> 0 | H244: Observaciones:
A245: Unidades | C245: Unidad de medida | E245: =IF(H235="Si","Costo unitario sin MO (AU e IVA incluido)", "Costo unitario sin MO(administración incluida)") -> Costo unitario sin MO(administración incluida) | F245: =IFERROR((H240-H41)/B245,0) -> 0

Sheet Memoria de cálculo O3
D1: SISTEMA DE GESTIÓN INTEGRAL - SGI | M1: Instructivo
D2: MEMORIA DE CÁLCULO - OPCIÓN 3
D3: CÓDIGO: F-PGC-21 | H3: VERSIÓN: 02
A5: MODALIDAD DE CONTRATACIÓN: | F5: ='Plan Ejecución'!AE5 -> CONTRATACIÓN DIRECTA
A6: OBJETO A CONTRATAR: | F6: ='Plan Ejecución'!AE6 -> "“SOPORTE, MANTENIMIENTO Y ACTUALIZACIÓN DEL VISOR GEOGRÁFICO – AÑO 2025"
A8: PROCESO/ ALCANCE / ACTIVIDAD:
A9: UNIDAD DE MEDIDA PARA EL PRECIO UNITARIO:
A10: ESPECIFICACIÓN TÉCNICA PARA EL PRECIO UNITARIO:
A12: DISCRIMINACIÓN DE COSTOS | I12: FUENTES DE COFINANCIACIÓN
I13: CORANTIOQUIA | K13: Entidad 1:
A14: ACTIVIDAD 1
A15: Ítem | B15: Cantidad personal | C15: (%) Dedicación | D15: Unidad de medida | E15: Cantidad | F15: Valor unitario base | G15: Factor prestacional | H15: Valor total | I15: DINERO | J15: ESPECIE | K15: DINERO | L15: ESPECIE
A16: COSTOS DE PERSONAL
H17: =B17*C17*E17*F17*G17 -> 0
H18: =B18*C18*E18*F18*G18 -> 0
H19: =B19*C19*E19*F19*G19 -> 0
H20: =B20*C20*E20*F20*G20 -> 0
H21: =B21*C21*E21*F21*G21 -> 0
H22: =B22*C22*E22*F22*G22 -> 0
H23: =B23*C23*E23*F23*G23 -> 0
H24: =B24*C24*E24*F24*G24 -> 0
H25: =B25*C25*E25*F25*G25 -> 0
H26: =B26*C26*E26*F26*G26 -> 0
H27: =B27*C27*E27*F27*G27 -> 0
A28: SUBTOTAL COSTOS DE PERSONAL | H28: =SUM(H17:H27) -> 0 | I28: =SUM(I17:I27) -> 0 | J28: =SUM(J17:J27) -> 0 | K28: =SUM(K17:K27) -> 0 | L28: =SUM(L17:L27) -> 0
A29: Ítem | D29: Unidad de medida | E29: Cantidad | F29: Valor unitario | H29: Valor total | I29: DINERO | J29: ESPECIE | K29: DINERO | L29: ESPECIE
A30: OTROS COSTOS (Diferentes a los costos de personal)
H31: =E31*F31 -> 0
H32: =E32*F32 -> 0
H33: =E33*F33 -> 0
H34: =E34*F34 -> 0
H35: =E35*F35 -> 0
H36: =E36*F36 -> 0
H37: =E37*F37 -> 0
H38: =E38*F38 -> 0
H39: =E39*F39 -> 0
H40: =E40*F40 -> 0
H41: =E41*F41 -> 0
H42: =E42*F42 -> 0
... H44: =E44*F44 -> 0
A45: SUBTOTAL OTROS COSTOS | H45: =SUM(H31:H44) -> 0 | I45: =SUM(I31:I44) -> 0 | J45: =SUM(J31:J44) -> 0 | K45: =SUM(K31:K44) -> 0 | L45: =SUM(L31:L44) -> 0
A46: SUBTOTAL ACTIVIDAD | H46: =H28+H45 -> 0 | I46: =I28+I45 -> 0 | J46: =J28+J45 -> 0 | K46: =K28+K45 -> 0 | L46: =L28+L45 -> 0
A47: ¿ES UN CONTRATO O REQUIERE CONTRATO DERIVADO? | H47: Si
A48: =IF(H47="Si","Administración","Gastos de administración") -> Administración | H48: 0 | I48: =H48 -> 0 | M48: Gastos de administración
A49: =IF(H47="Si","Utilidad","") -> Utilidad | H49: 0
A50: =IF(H47="Si","IVA","") -> IVA | H50: 0 | M50: Info IVA
A51: =IF(H47="Si","TOTAL (después de AU e IVA)", "TOTAL (después de administración)") -> TOTAL (después de AU e IVA) | H51: =SUM(H48:H50)+H46 -> 0 | I51: =SUM(I48:I50)+I46 -> 0 | J51: =SUM(J48:J50)+J46 -> 0 | K51: =SUM(K48:K50)+K46 -> 0 | L51: =SUM(L48:L50)+L46 -> 0
A52: Unidades | C52: Unidad de medida | E52: Costo unitario (antes de administración, utilidad e IVA si aplican) | F52: =IFERROR(H46/B52,0) -> 0 | H52: Descripción:
A54: Unidades | C54: Unidad de medida | E54: Costo unitario sin MO (antes de administración, utilidad e IVA si aplican) | F54: =IFERROR((H46-H28)/B54,0) -> 0 | H54: Descripción:
A56: ACTIVIDAD 2
A57: Ítem | B57: Cantidad personal | C57: (%) Dedicación | D57: Unidad de medida | E57: Cantidad | F57: Valor unitario base | G57: Factor prestacional | H57: Valor total | I57: DINERO | J57: ESPECIE | K57: DINERO | L57: ESPECIE
A58: COSTOS DE PERSONAL
H59: =B59*C59*E59*F59*G59 -> 0
H60: =B60*C60*E60*F60*G60 -> 0
H61: =B61*C61*E61*F61*G61 -> 0
H62: =B62*C62*E62*F62*G62 -> 0
H63: =B63*C63*E63*F63*G63 -> 0
H64: =B64*C64*E64*F64*G64 -> 0
H65: =B65*C65*E65*F65*G65 -> 0
H66: =B66*C66*E66*F66*G66 -> 0
H67: =B67*C67*E67*F67*G67 -> 0
H68: =B68*C68*E68*F68*G68 -> 0
H69: =B69*C69*E69*F69*G69 -> 0
A70: SUBTOTAL COSTOS DE PERSONAL | H70: =SUM(H59:H69) -> 0 | I70: =SUM(I59:I69) -> 0 | J70: =SUM(J59:J69) -> 0 | K70: =SUM(K59:K69) -> 0 | L70: =SUM(L59:L69) -> 0
A71: Ítem | D71: Unidad de medida | E71: Cantidad | F71: Valor unitario | H71: Valor total | I71: DINERO | J71: ESPECIE | K71: DINERO | L71: ESPECIE
A72: OTROS COSTOS (Diferentes a los costos de personal)
H73: =E73*F73 -> 0
H74: =E74*F74 -> 0
H75: =E75*F75 -> 0
H76: =E76*F76 -> 0
H77: =E77*F77 -> 0
H78: =E78*F78 -> 0
H79: =E79*F79 -> 0
H80: =E80*F80 -> 0
H81: =E81*F81 -> 0
H82: =E82*F82 -> 0
H83: =E83*F83 -> 0
H84: =E84*F84 -> 0
... H86: =E86*F86 -> 0
A87: SUBTOTAL OTROS COSTOS | H87: =SUM(H73:H86) -> 0 | I87: =SUM(I73:I86) -> 0 | J87: =SUM(J73:J86) -> 0 | K87: =SUM(K73:K86) -> 0 | L87: =SUM(L73:L86) -> 0
A88: SUBTOTAL ACTIVIDAD | H88: =H70+H87 -> 0 | I88: =I70+I87 -> 0 | J88: =J70+J87 -> 0 | K88: =K70+K87 -> 0 | L88: =L70+L87 -> 0
A89: ¿ES UN CONTRATO O REQUIERE CONTRATO DERIVADO? | H89: No
A90: =IF(H89="Si","Administración","Gastos de administración") -> Gastos de administración | H90: 0 | I90: =H90 -> 0 | M90: Gastos de administración
A91: =IF(H89="Si","Utilidad","") | H91: 0
A92: =IF(H89="Si","IVA","") | H92: 0 | M92: Info IVA
A93: =IF(H89="Si","TOTAL (después de AU e IVA)", "TOTAL (después de administración)") -> TOTAL (después de administración) | H93: =SUM(H90:H92)+H88 -> 0 | I93: =SUM(I90:I92)+I88 -> 0 | J93: =SUM(J90:J92)+J88 -> 0 | K93: =SUM(K90:K92)+K88 -> 0 | L93: =SUM(L90:L92)+L88 -> 0
A94: Unidades | C94: Unidad de medida | E94: Costo unitario (antes de administración, utilidad e IVA si aplican) | F94: =IFERROR(H88/B94,0) -> 0 | H94: Descripción:
A96: Unidades | C96: Unidad de medida | E96: Costo unitario sin MO (antes de administración, utilidad e IVA si aplican) | F96: =IFERROR((H88-H70)/B96,0) -> 0 | H96: Descripción:
A98: ACTIVIDAD 3
A99: Ítem | B99: Cantidad personal | C99: (%) Dedicación | D99: Unidad de medida | E99: Cantidad | F99: Valor unitario base | G99: Factor prestacional | H99: Valor total | I99: DINERO | J99: ESPECIE | K99: DINERO | L99: ESPECIE
A100: COSTOS DE PERSONAL
H101: =B101*C101*E101*F101*G101 -> 0
H102: =B102*C102*E102*F102*G102 -> 0
H103: =B103*C103*E103*F103*G103 -> 0
H104: =B104*C104*E104*F104*G104 -> 0
H105: =B105*C105*E105*F105*G105 -> 0
H106: =B106*C106*E106*F106*G106 -> 0
H107: =B107*C107*E107*F107*G107 -> 0
H108: =B108*C108*E108*F108*G108 -> 0
H109: =B109*C109*E109*F109*G109 -> 0
...

Sheet Estudio de mercado
B1: SISTEMA DE GESTIÓN INTEGRAL - SGI | L1: Instructivo
B2: ESTUDIO DE MERCADO
B3: CÓDIGO: F-PGC-21 | I3: VERSIÓN: 02
A5: MODALIDAD DE CONTRATACIÓN: | D5: ='Plan Ejecución'!AE5 -> CONTRATACIÓN DIRECTA
A6: OBJETO A CONTRATAR: | D6: ='Plan Ejecución'!AE6 -> "“SOPORTE, MANTENIMIENTO Y ACTUALIZACIÓN DEL VISOR GEOGRÁFICO – AÑO 2025"
D8: 1 | E8: 2 | F8: 3 | G8: 4 | H8: 5 | I8: 6 | J8: 7
A9: NÚMERO DE RADICADO: | D9: 090-COE2501-197
A10: PROVEEDOR: | D10: H Y G CONSULTORES SAS
A11: Ítem | B11: Unidad de medida | C11: Cantidad | D11: Valor unitario antes de IVA | E11: Valor unitario antes de IVA | F11: Valor unitario antes de IVA | G11: Valor unitario antes de IVA | H11: Valor unitario antes de IVA | I11: Valor unitario antes de IVA | J11: Valor unitario antes de IVA | K11: PROMEDIO Valor unitario antes de IVA | M11: MEDIANA Valor unitario antes de IVA
A12: Actualización del licenciamiento y mejoras de portal geográfico | B12: Licencia | C12: 1 | D12: 10204400 | K12: =IFERROR(AVERAGEIF(D12:J12,">0",D12:J12),"") -> 10204400 | M12: =IFERROR(MEDIAN(D12:J12),"") -> 10204400
A13: . Soporte y mantenimiento del sistema con mesa de ayuda. | B13: Meses | C13: 12 | D13: 68120000 | K13: =IFERROR(AVERAGEIF(D13:J13,">0",D13:J13),"") -> 68120000 | M13: =IFERROR(MEDIAN(D13:J13),"") -> 68120000
K14: =IFERROR(AVERAGEIF(D14:J14,">0",D14:J14),"") | M14: =IFERROR(MEDIAN(D14:J14),"")
K15: =IFERROR(AVERAGEIF(D15:J15,">0",D15:J15),"") | M15: =IFERROR(MEDIAN(D15:J15),"")
K16: =IFERROR(AVERAGEIF(D16:J16,">0",D16:J16),"") | M16: =IFERROR(MEDIAN(D16:J16),"")
K17: =IFERROR(AVERAGEIF(D17:J17,">0",D17:J17),"") | M17: =IFERROR(MEDIAN(D17:J17),"")
K18: =IFERROR(AVERAGEIF(D18:J18,">0",D18:J18),"") | M18: =IFERROR(MEDIAN(D18:J18),"")
K19: =IFERROR(AVERAGEIF(D19:J19,">0",D19:J19),"") | M19: =IFERROR(MEDIAN(D19:J19),"")
K20: =IFERROR(AVERAGEIF(D20:J20,">0",D20:J20),"") | M20: =IFERROR(MEDIAN(D20:J20),"")
K21: =IFERROR(AVERAGEIF(D21:J21,">0",D21:J21),"") | M21: =IFERROR(MEDIAN(D21:J21),"")
K22: =IFERROR(AVERAGEIF(D22:J22,">0",D22:J22),"") | M22: =IFERROR(MEDIAN(D22:J22),"")
K23: =IFERROR(AVERAGEIF(D23:J23,">0",D23:J23),"") | M23: =IFERROR(MEDIAN(D23:J23),"")
K24: =IFERROR(AVERAGEIF(D24:J24,">0",D24:J24),"") | M24: =IFERROR(MEDIAN(D24:J24),"")
K25: =IFERROR(AVERAGEIF(D25:J25,">0",D25:J25),"") | M25: =IFERROR(MEDIAN(D25:J25),"")
... K354: =IFERROR(AVERAGEIF(D354:J354,">0",D354:J354),"") | M354: =IFERROR(MEDIAN(D354:J354),"")
A356: NOTA: A la hora de solicitar la cotización se deberá considerar que la misma esté expresada en los términos y unidades del presupuesto, igualmente, que en la medida de lo posible se encuentre en pesos colombianos, en caso de usar otra moneda explicitar la tasa de cambio utilizada, y la fecha y fuente de consulta de la misma.

Sheet Gastos de adm
B1: SISTEMA DE GESTIÓN INTEGRAL - SGI | G1: Instructivo
B2: DETERMINACIÓN DE GASTOS DE ADMINISTRACIÓN | G2: Impuestos y garantías
B3: CÓDIGO: F-PGC-21 | D3: VERSIÓN: 02
A5: MODALIDAD DE CONTRATACIÓN: | B5: ='Plan Ejecución'!AE5 -> CONTRATACIÓN DIRECTA
A6: OBJETO A CONTRATAR: | B6: ='Plan Ejecución'!AE6 -> "“SOPORTE, MANTENIMIENTO Y ACTUALIZACIÓN DEL VISOR GEOGRÁFICO – AÑO 2025"
A8: COSTOS DIRECTOS EN DINERO NO EJECUTOR | D8: MESES
A10: GASTOS DE ADMINISTRACIÓN
A11: Ítem | B11: Unidad de medida | C11: Cantidad | D11: Valor unitario | E11: Valor total | F11: (%) PP
E12: =C12*D12 -> 0 | F12: =IFERROR(E12/$B$8,0) -> 0
E13: =C13*D13 -> 0 | F13: =IFERROR(E13/$B$8,0) -> 0
E14: =C14*D14 -> 0 | F14: =IFERROR(E14/$B$8,0) -> 0
E15: =C15*D15 -> 0 | F15: =IFERROR(E15/$B$8,0) -> 0
E16: =C16*D16 -> 0 | F16: =IFERROR(E16/$B$8,0) -> 0
E17: =C17*D17 -> 0 | F17: =IFERROR(E17/$B$8,0) -> 0
E18: =C18*D18 -> 0 | F18: =IFERROR(E18/$B$8,0) -> 0
E19: =C19*D19 -> 0 | F19: =IFERROR(E19/$B$8,0) -> 0
E20: =C20*D20 -> 0 | F20: =IFERROR(E20/$B$8,0) -> 0
E21: =C21*D21 -> 0 | F21: =IFERROR(E21/$B$8,0) -> 0
E22: =C22*D22 -> 0 | F22: =IFERROR(E22/$B$8,0) -> 0
E23: =C23*D23 -> 0 | F23: =IFERROR(E23/$B$8,0) -> 0
... E59: =C59*D59 -> 0 | F59: =IFERROR(E59/$B$8,0) -> 0
A60: TOTAL GASTOS DE ADMINISTRACIÓN | E60: =SUM(E12:E59) -> 0 | F60: =SUM(F12:F59) -> 0
A62: En caso de convenios, si el conveniante ejecutor va a realizar un contrato derivado, considerar para el análisis:
A63: TOTAL APORTES EN DINERO NO EJECUTOR (antes de AU e IVA) | E63: =B8 -> 0
A64: Administración | D64: =F60 -> 0 | E64: =D64*E63 -> 0
A65: Utilidad | D65: 0 | E65: =E63*D65 -> 0
A66: IVA | D66: 0 | E66: =(E63+E64+E65)*D66 -> 0 | F66: Info IVA
A67: TOTAL (incluido AU e IVA) | E67: =SUM(E63:E66) -> 0
A69: TOTAL Porcentaje de gastos de administración a reconocer por análisis de contrato derivado (Sobre los costos directos en dinero del no ejecutor) | E69: =E64+E65+E66 -> 0 | F69: =IFERROR(E69/E63,0) -> 0

Sheet Bienes relevantes
E1: SISTEMA DE GESTIÓN INTEGRAL - SGI | Q1: Instructivo
E2: IDENTIFICACIÓN DE BIENES NACIONALES RELEVANTES
E3: CÓDIGO: F-PGC-21 | K3: VERSIÓN: 02
C5: MODALIDAD DE CONTRATACIÓN: | E5: ='Plan Ejecución'!AE5 -> CONTRATACIÓN DIRECTA
C6: OBJETO A CONTRATAR: | E6: ='Plan Ejecución'!AE6 -> "“SOPORTE, MANTENIMIENTO Y ACTUALIZACIÓN DEL VISOR GEOGRÁFICO – AÑO 2025"
C8: El artículo 2 del Decreto 680 de 2021 adicionó el artículo 2.2.1.2.4.2.9 al Decreto 1082 de 2015, en cuanto a que, en la contratación de servicios, la entidad deberá otorgar el puntaje establecido en el artículo 2 de la Ley 816 de 2003 al proponente que oferte servicios nacionales o servicios extranjeros con trato nacional de acuerdo a la regla de origen aplicable y menciona que: “En los contratos que deban cumplirse en Colombia, la Entidad Estatal definirá de manera razonable y proporcionada los bienes colombianos relevantes teniendo en cuenta: 1. El análisis del sector económico y de los oferentes, y, toda aquella información adicional con la que cuente la Entidad Estatal en la etapa de planeación del Proceso de Contratación; 2. El porcentaje de participación de los bienes en el presupuesto del Proceso de Contratación; y 3. La existencia de los bienes en el Registro de Productores de Bienes Nacionales, en los términos del Decreto 2680 de 2009 o las normas que lo modifiquen, aclaren, adicionen o sustituyan. En aquellos casos en que, de acuerdo con el objeto contractual, no existan bienes colombianos relevantes o no exista oferta nacional de los mismos en el Registro de Productores de Bienes Nacionales, la Entidad Estatal otorgará el puntaje de que trata el inciso primero del artículo 2° de la Ley 816 de 2003 al proponente que vincule el porcentaje mínimo establecido por la Entidad Estatal de empleados o contratistas por prestación de servicios colombianos, que no podrá ser inferior al 40% del total de empleados y contratistas asociados al cumplimiento del contrato. La Entidad Estatal documentará este análisis y dejará constancia en los Documentos del Proceso”
C9: Teniendo en cuenta lo anterior, la Corporación determina la siguiente metodología, considerando la información y herramientas dispuestas para ello por Colombia Compra Eficiente (https://bienesrelevantes.colombiacompra.gov.co/), para identificar los “Bienes Colombianos Relevantes” para cada proceso de selección, que le aplique, aclarando que hay 2 opciones para otorgar puntaje por Estímulo A La Industria Nacional Colombiana, los cuales son, por Bienes Nacionales Relevantes, o por porcentaje de personal colombiano vinculado, y esto dependerá del resultado del siguiente análisis.
C11: 1. El análisis del sector económico y de los oferentes, y, toda aquella información adicional con la que cuente la Entidad Estatal en la etapa de planeación del Proceso de Contratación. Se parte de la identificación de los bienes dentro del presupuesto oficial (o sus memorias de cálculos), para ello el técnico debe diligenciar, el cuadro 1. Lista de bienes. Entendiendo por bien cualquier elemento tangible o material que para el presente proceso se compre o adquiera de manera definitiva, considerar que en todo caso el valor unitario debe de ser antes de IVA, si hay un ítem igual en varias actividades consolidar las cantidades requeridas del mismo para todo el proceso.
C13: CUADRO 1. LISTA DE BIENES
B14: PP | C14: N. | D14: Ítem | G14: Unidad de medida | H14: Cantidad | I14: Valor unitario | K14: Valor total
B15: =IFERROR(K15/$K$265,0) -> 0 | C15: 1 | K15: =H15*I15 -> 0
B16: =IFERROR(K16/$K$265,0) -> 0 | C16: 2 | K16: =H16*I16 -> 0
B17: =IFERROR(K17/$K$265,0) -> 0 | C17: 3 | K17: =H17*I17 -> 0
B18: =IFERROR(K18/$K$265,0) -> 0 | C18: 4 | K18: =H18*I18 -> 0
B19: =IFERROR(K19/$K$265,0) -> 0 | C19: 5 | K19: =H19*I19 -> 0
B20: =IFERROR(K20/$K$265,0) -> 0 | C20: 6 | K20: =H20*I20 -> 0
B21: =IFERROR(K21/$K$265,0) -> 0 | C21: 7 | K21: =H21*I21 -> 0
B22: =IFERROR(K22/$K$265,0) -> 0 | C22: 8 | K22: =H22*I22 -> 0
B23: =IFERROR(K23/$K$265,0) -> 0 | C23: 9 | K23: =H23*I23 -> 0
B24: =IFERROR(K24/$K$265,0) -> 0 | C24: 10 | K24: =H24*I24 -> 0
B25: =IFERROR(K25/$K$265,0) -> 0 | C25: 11 | K25: =H25*I25 -> 0
B26: =IFERROR(K26/$K$265,0) -> 0 | C26: 12 | K26: =H26*I26 -> 0
... B264: =IFERROR(K264/$K$265,0) -> 0 | C264: 250 | K264: =H264*I264 -> 0
C265: VALOR TOTAL DE LOS BIENES | K265: =SUM(K15:K264) -> 0
C267: 2. El porcentaje de participación de los bienes en el presupuesto del Proceso de Contratación En un segundo momento, se determina el porcentaje de participación de los bienes en el presupuesto según la metología dispuesta por Colombia Compra Eficiente (https://bienesrelevantes.colombiacompra.gov.co/), para elllo el cuadro 2. Porcentaje de participación de los bienes, se rellena automáticamente de acuerdo con la información diligenciada en el cuadro 1. Lista de bienes. De acuerdo al porcentaje de participación se identifica si es una un bien relevante.
C269: CUADRO 2. PORCENTAJE DE PARTICIPACIÓN DE LOS BIENES
A270: Bien relevante | B270: Ubicación | C270: N. | D270: Ítem | G270: Unidad de medida | H270: Cantidad | I270: Valor unitario | K270: Valor total | M270: Porcentaje de participación | N270: Porcentaje de participación acumulado | O270: ¿Está dentro del 80% del porcentaje acumulado? | P270: ¿Es un bien relevante?
A271: =P271 | B271: =LARGE($B$15:$B$264,1) -> 0 | C271: =IFERROR(IF(B271=0,"",VLOOKUP(B271,$B$15:$J$264,2,FALSE)),"") | D271: =IFERROR(IF(B271=0,"",VLOOKUP(B271,$B$15:$J$264,3,FALSE)),"") | G271: =IFERROR(IF(B271=0,"",VLOOKUP(B271,$B$15:$J$264,6,FALSE)),"") | H271: =IFERROR(IF(B271=0,"",VLOOKUP(B271,$B$15:$J$264,7,FALSE)),"") | I271: =IF(B271=0,"",VLOOKUP(B271,$B$15:$J$264,8,FALSE)) | K271: =IF(B271=0,"",H271*I271) | L271: =O271 | M271: =IF(B271=0,"",B271) | N271: =IF(B271=0,"",M271) | O271: =IF(B271=0,"",(IF(N271<80%,"Si","No"))) | P271: =IF(B271=0,"",(IF(M271=$M$521,"Si",(IF(M271>$M$521,"Si","No")))))
A272: =P272 | B272: =LARGE($B$15:$B$264,2) -> 0 | C272: =IFERROR(IF(B272=0,"",VLOOKUP(B272,$B$15:$J$264,2,FALSE)),"") | D272: =IFERROR(IF(B272=0,"",VLOOKUP(B272,$B$15:$J$264,3,FALSE)),"") | G272: =IFERROR(IF(B272=0,"",VLOOKUP(B272,$B$15:$J$264,6,FALSE)),"") | H272: =IFERROR(IF(B272=0,"",VLOOKUP(B272,$B$15:$J$264,7,FALSE)),"") | I272: =IF(B272=0,"",VLOOKUP(B272,$B$15:$J$264,8,FALSE)) | K272: =IF(B272=0,"",H272*I272) | L272: =O272 | M272: =IF(B272=0,"",B272) | N272: =IF(B272=0,"",M272+N271) | O272: =IF(B272=0,"",(IF(N272<80%,"Si","No"))) | P272: =IF(B272=0,"",(IF(M272=$M$521,"Si",(IF(M272>$M$521,"Si","No")))))
A273: =P273 | B273: =LARGE($B$15:$B$264,3) -> 0 | C273: =IFERROR(IF(B273=0,"",VLOOKUP(B273,$B$15:$J$264,2,FALSE)),"") | D273: =IFERROR(IF(B273=0,"",VLOOKUP(B273,$B$15:$J$264,3,FALSE)),"") | G273: =IFERROR(IF(B273=0,"",VLOOKUP(B273,$B$15:$J$264,6,FALSE)),"") | H273: =IFERROR(IF(B273=0,"",VLOOKUP(B273,$B$15:$J$264,7,FALSE)),"") | I273: =IF(B273=0,"",VLOOKUP(B273,$B$15:$J$264,8,FALSE)) | K273: =IF(B273=0,"",H273*I273) | L273: =O273 | M273: =IF(B273=0,"",B273) | N273: =IF(B273=0,"",M273+N272) | O273: =IF(B273=0,"",(IF(N273<80%,"Si","No"))) | P273: =IF(B273=0,"",(IF(M273=$M$521,"Si",(IF(M273>$M$521,"Si","No")))))
A274: =P274 | B274: =LARGE($B$15:$B$264,4) -> 0 | C274: =IFERROR(IF(B274=0,"",VLOOKUP(B274,$B$15:$J$264,2,FALSE)),"") | D274: =IFERROR(IF(B274=0,"",VLOOKUP(B274,$B$15:$J$264,3,FALSE)),"") | G274: =IFERROR(IF(B274=0,"",VLOOKUP(B274,$B$15:$J$264,6,FALSE)),"") | H274: =IFERROR(IF(B274=0,"",VLOOKUP(B274,$B$15:$J$264,7,FALSE)),"") | I274: =IF(B274=0,"",VLOOKUP(B274,$B$15:$J$264,8,FALSE)) | K274: =IF(B274=0,"",H274*I274) | L274: =O274 | M274: =IF(B274=0,"",B274) | N274: =IF(B274=0,"",M274+N273) | O274: =IF(B274=0,"",(IF(N274<80%,"Si","No"))) | P274: =IF(B274=0,"",(IF(M274=$M$521,"Si",(IF(M274>$M$521,"Si","No")))))
A275: =P275 | B275: =LARGE($B$15:$B$264,5) -> 0 | C275: =IFERROR(IF(B275=0,"",VLOOKUP(B275,$B$15:$J$264,2,FALSE)),"") | D275: =IFERROR(IF(B275=0,"",VLOOKUP(B275,$B$15:$J$264,3,FALSE)),"") | G275: =IFERROR(IF(B275=0,"",VLOOKUP(B275,$B$15:$J$264,6,FALSE)),"") | H275: =IFERROR(IF(B275=0,"",VLOOKUP(B275,$B$15:$J$264,7,FALSE)),"") | I275: =IF(B275=0,"",VLOOKUP(B275,$B$15:$J$264,8,FALSE)) | K275: =IF(B275=0,"",H275*I275) | L275: =O275 | M275: =IF(B275=0,"",B275) | N275: =IF(B275=0,"",M275+N274) | O275: =IF(B275=0,"",(IF(N275<80%,"Si","No"))) | P275: =IF(B275=0,"",(IF(M275=$M$521,"Si",(IF(M275>$M$521,"Si","No")))))
A276: =P276 | B276: =LARGE($B$15:$B$264,6) -> 0 | C276: =IFERROR(IF(B276=0,"",VLOOKUP(B276,$B$15:$J$264,2,FALSE)),"") | D276: =IFERROR(IF(B276=0,"",VLOOKUP(B276,$B$15:$J$264,3,FALSE)),"") | G276: =IFERROR(IF(B276=0,"",VLOOKUP(B276,$B$15:$J$264,6,FALSE)),"") | H276: =IFERROR(IF(B276=0,"",VLOOKUP(B276,$B$15:$J$264,7,FALSE)),"") | I276: =IF(B276=0,"",VLOOKUP(B276,$B$15:$J$264,8,FALSE)) | K276: =IF(B276=0,"",H276*I276) | L276: =O276 | M276: =IF(B276=0,"",B276) | N276: =IF(B276=0,"",M276+N275) | O276: =IF(B276=0,"",(IF(N276<80%,"Si","No"))) | P276: =IF(B276=0,"",(IF(M276=$M$521,"Si",(IF(M276>$M$521,"Si","No")))))
A277: =P277 | B277: =LARGE($B$15:$B$264,7) -> 0 | C277: =IFERROR(IF(B277=0,"",VLOOKUP(B277,$B$15:$J$264,2,FALSE)),"") | D277: =IFERROR(IF(B277=0,"",VLOOKUP(B277,$B$15:$J$264,3,FALSE)),"") | G277: =IFERROR(IF(B277=0,"",VLOOKUP(B277,$B$15:$J$264,6,FALSE)),"") | H277: =IFERROR(IF(B277=0,"",VLOOKUP(B277,$B$15:$J$264,7,FALSE)),"") | I277: =IF(B277=0,"",VLOOKUP(B277,$B$15:$J$264,8,FALSE)) | K277: =IF(B277=0,"",H277*I277) | L277: =O277 | M277: =IF(B277=0,"",B277) | N277: =IF(B277=0,"",M277+N276) | O277: =IF(B277=0,"",(IF(N277<80%,"Si","No"))) | P277: =IF(B277=0,"",(IF(M277=$M$521,"Si",(IF(M277>$M$521,"Si","No")))))
A278: =P278 | B278: =LARGE($B$15:$B$264,8) -> 0 | C278: =IFERROR(IF(B278=0,"",VLOOKUP(B278,$B$15:$J$264,2,FALSE)),"") | D278: =IFERROR(IF(B278=0,"",VLOOKUP(B278,$B$15:$J$264,3,FALSE)),"") | G278: =IFERROR(IF(B278=0,"",VLOOKUP(B278,$B$15:$J$264,6,FALSE)),"") | H278: =IFERROR(IF(B278=0,"",VLOOKUP(B278,$B$15:$J$264,7,FALSE)),"") | I278: =IF(B278=0,"",VLOOKUP(B278,$B$15:$J$264,8,FALSE)) | K278: =IF(B278=0,"",H278*I278) | L278: =O278 | M278: =IF(B278=0,"",B278) | N278: =IF(B278=0,"",M278+N277) | O278: =IF(B278=0,"",(IF(N278<80%,"Si","No"))) | P278: =IF(B278=0,"",(IF(M278=$M$521,"Si",(IF(M278>$M$521,"Si","No")))))
A279: =P279 | B279: =LARGE($B$15:$B$264,9) -> 0 | C279: =IFERROR(IF(B279=0,"",VLOOKUP(B279,$B$15:$J$264,2,FALSE)),"") | D279: =IFERROR(IF(B279=0,"",VLOOKUP(B279,$B$15:$J$264,3,FALSE)),"") | G279: =IFERROR(IF(B279=0,"",VLOOKUP(B279,$B$15:$J$264,6,FALSE)),"") | H279: =IFERROR(IF(B279=0,"",VLOOKUP(B279,$B$15:$J$264,7,FALSE)),"") | I279: =IF(B279=0,"",VLOOKUP(B279,$B$15:$J$264,8,FALSE)) | K279: =IF(B279=0,"",H279*I279) | L279: =O279 | M279: =IF(B279=0,"",B279) | N279: =IF(B279=0,"",M279+N278) | O279: =IF(B279=0,"",(IF(N279<80%,"Si","No"))) | P279: =IF(B279=0,"",(IF(M279=$M$521,"Si",(IF(M279>$M$521,"Si","No")))))
A280: =P280 | B280: =LARGE($B$15:$B$264,10) -> 0 | C280: =IFERROR(IF(B280=0,"",VLOOKUP(B280,$B$15:$J$264,2,FALSE)),"") | D280: =IFERROR(IF(B280=0,"",VLOOKUP(B280,$B$15:$J$264,3,FALSE)),"") | G280: =IFERROR(IF(B280=0,"",VLOOKUP(B280,$B$15:$J$264,6,FALSE)),"") | H280: =IFERROR(IF(B280=0,"",VLOOKUP(B280,$B$15:$J$264,7,FALSE)),"") | I280: =IF(B280=0,"",VLOOKUP(B280,$B$15:$J$264,8,FALSE)) | K280: =IF(B280=0,"",H280*I280) | L280: =O280 | M280: =IF(B280=0,"",B280) | N280: =IF(B280=0,"",M280+N279) | O280: =IF(B280=0,"",(IF(N280<80%,"Si","No"))) | P280: =IF(B280=0,"",(IF(M280=$M$521,"Si",(IF(M280>$M$521,"Si","No")))))
A281: =P281 | B281: =LARGE($B$15:$B$264,11) -> 0 | C281: =IFERROR(IF(B281=0,"",VLOOKUP(B281,$B$15:$J$264,2,FALSE)),"") | D281: =IFERROR(IF(B281=0,"",VLOOKUP(B281,$B$15:$J$264,3,FALSE)),"") | G281: =IFERROR(IF(B281=0,"",VLOOKUP(B281,$B$15:$J$264,6,FALSE)),"") | H281: =IFERROR(IF(B281=0,"",VLOOKUP(B281,$B$15:$J$264,7,FALSE)),"") | I281: =IF(B281=0,"",VLOOKUP(B281,$B$15:$J$264,8,FALSE)) | K281: =IF(B281=0,"",H281*I281) | L281: =O281 | M281: =IF(B281=0,"",B281) | N281: =IF(B281=0,"",M281+N280) | O281: =IF(B281=0,"",(IF(N281<80%,"Si","No"))) | P281: =IF(B281=0,"",(IF(M281=$M$521,"Si",(IF(M281>$M$521,"Si","No")))))
A282: =P282 | B282: =LARGE($B$15:$B$264,12) -> 0 | C282: =IFERROR(IF(B282=0,"",VLOOKUP(B282,$B$15:$J$264,2,FALSE)),"") | D282: =IFERROR(IF(B282=0,"",VLOOKUP(B282,$B$15:$J$264,3,FALSE)),"") | G282: =IFERROR(IF(B282=0,"",VLOOKUP(B282,$B$15:$J$264,6,FALSE)),"") | H282: =IFERROR(IF(B282=0,"",VLOOKUP(B282,$B$15:$J$264,7,FALSE)),"") | I282: =IF(B282=0,"",VLOOKUP(B282,$B$15:$J$264,8,FALSE)) | K282: =IF(B282=0,"",H282*I282) | L282: =O282 | M282: =IF(B282=0,"",B282) | N282: =IF(B282=0,"",M282+N281) | O282: =IF(B282=0,"",(IF(N282<80%,"Si","No"))) | P282: =IF(B282=0,"",(IF(M282=$M$521,"Si",(IF(M282>$M$521,"Si","No")))))
A283: =P283 | B283: =LARGE($B$15:$B$264,13) -> 0 | C283: =IFERROR(IF(B283=0,"",VLOOKUP(B283,$B$15:$J$264,2,FALSE)),"") | D283: =IFERROR(IF(B283=0,"",VLOOKUP(B283,$B$15:$J$264,3,FALSE)),"") | G283: =IFERROR(IF(B283=0,"",VLOOKUP(B283,$B$15:$J$264,6,FALSE)),"") | H283: =IFERROR(IF(B283=0,"",VLOOKUP(B283,$B$15:$J$264,7,FALSE)),"") | I283: =IF(B283=0,"",VLOOKUP(B283,$B$15:$J$264,8,FALSE)) | K283: =IF(B283=0,"",H283*I283) | L283: =O283 | M283: =IF(B283=0,"",B283) | N283: =IF(B283=0,"",M283+N282) | O283: =IF(B283=0,"",(IF(N283<80%,"Si","No"))) | P283: =IF(B283=0,"",(IF(M283=$M$521,"Si",(IF(M283>$M$521,"Si","No")))))
A284: =P284 | B284: =LARGE($B$15:$B$264,14) -> 0 | C284: =IFERROR(IF(B284=0,"",VLOOKUP(B284,$B$15:$J$264,2,FALSE)),"") | D284: =IFERROR(IF(B284=0,"",VLOOKUP(B284,$B$15:$J$264,3,FALSE)),"") | G284: =IFERROR(IF(B284=0,"",VLOOKUP(B284,$B$15:$J$264,6,FALSE)),"") | H284: =IFERROR(IF(B284=0,"",VLOOKUP(B284,$B$15:$J$264,7,FALSE)),"") | I284: =IF(B284=0,"",VLOOKUP(B284,$B$15:$J$264,8,FALSE)) | K284: =IF(B284=0,"",H284*I284) | L284: =O284 | M284: =IF(B284=0,"",B284) | N284: =IF(B284=0,"",M284+N283) | O284: =IF(B284=0,"",(IF(N284<80%,"Si","No"))) | P284: =IF(B284=0,"",(IF(M284=$M$521,"Si",(IF(M284>$M$521,"Si","No")))))
A285: =P285 | B285: =LARGE($B$15:$B$264,15) -> 0 | C285: =IFERROR(IF(B285=0,"",VLOOKUP(B285,$B$15:$J$264,2,FALSE)),"") | D285: =IFERROR(IF(B285=0,"",VLOOKUP(B285,$B$15:$J$264,3,FALSE)),"") | G285: =IFERROR(IF(B285=0,"",VLOOKUP(B285,$B$15:$J$264,6,FALSE)),"") | H285: =IFERROR(IF(B285=0,"",VLOOKUP(B285,$B$15:$J$264,7,FALSE)),"") | I285: =IF(B285=0,"",VLOOKUP(B285,$B$15:$J$264,8,FALSE)) | K285: =IF(B285=0,"",H285*I285) | L285: =O285 | M285: =IF(B285=0,"",B285) | N285: =IF(B285=0,"",M285+N284) | O285: =IF(B285=0,"",(IF(N285<80%,"Si","No"))) | P285: =IF(B285=0,"",(IF(M285=$M$521,"Si",(IF(M285>$M$521,"Si","No")))))
A286: =P286 | B286: =LARGE($B$15:$B$264,16) -> 0 | C286: =IFERROR(IF(B286=0,"",VLOOKUP(B286,$B$15:$J$264,2,FALSE)),"") | D286: =IFERROR(IF(B286=0,"",VLOOKUP(B286,$B$15:$J$264,3,FALSE)),"") | G286: =IFERROR(IF(B286=0,"",VLOOKUP(B286,$B$15:$J$264,6,FALSE)),"") | H286: =IFERROR(IF(B286=0,"",VLOOKUP(B286,$B$15:$J$264,7,FALSE)),"") | I286: =IF(B286=0,"",VLOOKUP(B286,$B$15:$J$264,8,FALSE)) | K286: =IF(B286=0,"",H286*I286) | L286: =O286 | M286: =IF(B286=0,"",B286) | N286: =IF(B286=0,"",M286+N285) | O286: =IF(B286=0,"",(IF(N286<80%,"Si","No"))) | P286: =IF(B286=0,"",(IF(M286=$M$521,"Si",(IF(M286>$M$521,"Si","No")))))
A287: =P287 | B287: =LARGE($B$15:$B$264,17) -> 0 | C287: =IFERROR(IF(B287=0,"",VLOOKUP(B287,$B$15:$J$264,2,FALSE)),"") | D287: =IFERROR(IF(B287=0,"",VLOOKUP(B287,$B$15:$J$264,3,FALSE)),"") | G287: =IFERROR(IF(B287=0,"",VLOOKUP(B287,$B$15:$J$264,6,FALSE)),"") | H287: =IFERROR(IF(B287=0,"",VLOOKUP(B287,$B$15:$J$264,7,FALSE)),"") | I287: =IF(B287=0,"",VLOOKUP(B287,$B$15:$J$264,8,FALSE)) | K287: =IF(B287=0,"",H287*I287) | L287: =O287 | M287: =IF(B287=0,"",B287) | N287: =IF(B287=0,"",M287+N286) | O287: =IF(B287=0,"",(IF(N287<80%,"Si","No"))) | P287: =IF(B287=0,"",(IF(M287=$M$521,"Si",(IF(M287>$M$521,"Si","No")))))
A288: =P288 | B288: =LARGE($B$15:$B$264,18) -> 0 | C288: =IFERROR(IF(B288=0,"",VLOOKUP(B288,$B$15:$J$264,2,FALSE)),"") | D288: =IFERROR(IF(B288=0,"",VLOOKUP(B288,$B$15:$J$264,3,FALSE)),"") | G288: =IFERROR(IF(B288=0,"",VLOOKUP(B288,$B$15:$J$264,6,FALSE)),"") | H288: =IFERROR(IF(B288=0,"",VLOOKUP(B288,$B$15:$J$264,7,FALSE)),"") | I288: =IF(B288=0,"",VLOOKUP(B288,$B$15:$J$264,8,FALSE)) | K288: =IF(B288=0,"",H288*I288) | L288: =O288 | M288: =IF(B288=0,"",B288) | N288: =IF(B288=0,"",M288+N287) | O288: =IF(B288=0,"",(IF(N288<80%,"Si","No"))) | P288: =IF(B288=0,"",(IF(M288=$M$521,"Si",(IF(M288>$M$521,"Si","No")))))
A289: =P289 | B289: =LARGE($B$15:$B$264,19) -> 0 | C289: =IFERROR(IF(B289=0,"",VLOOKUP(B289,$B$15:$J$264,2,FALSE)),"") | D289: =IFERROR(IF(B289=0,"",VLOOKUP(B289,$B$15:$J$264,3,FALSE)),"") | G289: =IFERROR(IF(B289=0,"",VLOOKUP(B289,$B$15:$J$264,6,FALSE)),"") | H289: =IFERROR(IF(B289=0,"",VLOOKUP(B289,$B$15:$J$264,7,FALSE)),"") | I289: =IF(B289=0,"",VLOOKUP(B289,$B$15:$J$264,8,FALSE)) | K289: =IF(B289=0,"",H289*I289) | L289: =O289 | M289: =IF(B289=0,"",B289) | N289: =IF(B289=0,"",M289+N288) | O289: =IF(B289=0,"",(IF(N289<80%,"Si","No"))) | P289: =IF(B289=0,"",(IF(M289=$M$521,"Si",(IF(M289>$M$521,"Si","No")))))
A290: =P290 | B290: =LARGE($B$15:$B$264,20) -> 0 | C290: =IFERROR(IF(B290=0,"",VLOOKUP(B290,$B$15:$J$264,2,FALSE)),"") | D290: =IFERROR(IF(B290=0,"",VLOOKUP(B290,$B$15:$J$264,3,FALSE)),"") | G290: =IFERROR(IF(B290=0,"",VLOOKUP(B290,$B$15:$J$264,6,FALSE)),"") | H290: =IFERROR(IF(B290=0,"",VLOOKUP(B290,$B$15:$J$264,7,FALSE)),"") | I290: =IF(B290=0,"",VLOOKUP(B290,$B$15:$J$264,8,FALSE)) | K290: =IF(B290=0,"",H290*I290) | L290: =O290 | M290: =IF(B290=0,"",B290) | N290: =IF(B290=0,"",M290+N289) | O290: =IF(B290=0,"",(IF(N290<80%,"Si","No"))) | P290: =IF(B290=0,"",(IF(M290=$M$521,"Si",(IF(M290>$M$521,"Si","No")))))
A291: =P291 | B291: =LARGE($B$15:$B$264,21) -> 0 | C291: =IFERROR(IF(B291=0,"",VLOOKUP(B291,$B$15:$J$264,2,FALSE)),"") | D291: =IFERROR(IF(B291=0,"",VLOOKUP(B291,$B$15:$J$264,3,FALSE)),"") | G291: =IFERROR(IF(B291=0,"",VLOOKUP(B291,$B$15:$J$264,6,FALSE)),"") | H291: =IFERROR(IF(B291=0,"",VLOOKUP(B291,$B$15:$J$264,7,FALSE)),"") | I291: =IF(B291=0,"",VLOOKUP(B291,$B$15:$J$264,8,FALSE)) | K291: =IF(B291=0,"",H291*I291) | L291: =O291 | M291: =IF(B291=0,"",B291) | N291: =IF(B291=0,"",M291+N290) | O291: =IF(B291=0,"",(IF(N291<80%,"Si","No"))) | P291: =IF(B291=0,"",(IF(M291=$M$521,"Si",(IF(M291>$M$521,"Si","No")))))
A292: =P292 | B292: =LARGE($B$15:$B$264,22) -> 0 | C292: =IFERROR(IF(B292=0,"",VLOOKUP(B292,$B$15:$J$264,2,FALSE)),"") | D292: =IFERROR(IF(B292=0,"",VLOOKUP(B292,$B$15:$J$264,3,FALSE)),"") | G292: =IFERROR(IF(B292=0,"",VLOOKUP(B292,$B$15:$J$264,6,FALSE)),"") | H292: =IFERROR(IF(B292=0,"",VLOOKUP(B292,$B$15:$J$264,7,FALSE)),"") | I292: =IF(B292=0,"",VLOOKUP(B292,$B$15:$J$264,8,FALSE)) | K292: =IF(B292=0,"",H292*I292) | L292: =O292 | M292: =IF(B292=0,"",B292) | N292: =IF(B292=0,"",M292+N291) | O292: =IF(B292=0,"",(IF(N292<80%,"Si","No"))) | P292: =IF(B292=0,"",(IF(M292=$M$521,"Si",(IF(M292>$M$521,"Si","No")))))
A293: =P293 | B293: =LARGE($B$15:$B$264,23) -> 0 | C293: =IFERROR(IF(B293=0,"",VLOOKUP(B293,$B$15:$J$264,2,FALSE)),"") | D293: =IFERROR(IF(B293=0,"",VLOOKUP(B293,$B$15:$J$264,3,FALSE)),"") | G293: =IFERROR(IF(B293=0,"",VLOOKUP(B293,$B$15:$J$264,6,FALSE)),"") | H293: =IFERROR(IF(B293=0,"",VLOOKUP(B293,$B$15:$J$264,7,FALSE)),"") | I293: =IF(B293=0,"",VLOOKUP(B293,$B$15:$J$264,8,FALSE)) | K293: =IF(B293=0,"",H293*I293) | L293: =O293 | M293: =IF(B293=0,"",B293) | N293: =IF(B293=0,"",M293+N292) | O293: =IF(B293=0,"",(IF(N293<80%,"Si","No"))) | P293: =IF(B293=0,"",(IF(M293=$M$521,"Si",(IF(M293>$M$521,"Si","No")))))
A294: =P294 | B294: =LARGE($B$15:$B$264,24) -> 0 | C294: =IFERROR(IF(B294=0,"",VLOOKUP(B294,$B$15:$J$264,2,FALSE)),"") | D294: =IFERROR(IF(B294=0,"",VLOOKUP(B294,$B$15:$J$264,3,FALSE)),"") | G294: =IFERROR(IF(B294=0,"",VLOOKUP(B294,$B$15:$J$264,6,FALSE)),"") | H294: =IFERROR(IF(B294=0,"",VLOOKUP(B294,$B$15:$J$264,7,FALSE)),"") | I294: =IF(B294=0,"",VLOOKUP(B294,$B$15:$J$264,8,FALSE)) | K294: =IF(B294=0,"",H294*I294) | L294: =O294 | M294: =IF(B294=0,"",B294) | N294: =IF(B294=0,"",M294+N293) | O294: =IF(B294=0,"",(IF(N294<80%,"Si","No"))) | P294: =IF(B294=0,"",(IF(M294=$M$521,"Si",(IF(M294>$M$521,"Si","No")))))
A295: =P295 | B295: =LARGE($B$15:$B$264,25) -> 0 | C295: =IFERROR(IF(B295=0,"",VLOOKUP(B295,$B$15:$J$264,2,FALSE)),"") | D295: =IFERROR(IF(B295=0,"",VLOOKUP(B295,$B$15:$J$264,3,FALSE)),"") | G295: =IFERROR(IF(B295=0,"",VLOOKUP(B295,$B$15:$J$264,6,FALSE)),"") | H295: =IFERROR(IF(B295=0,"",VLOOKUP(B295,$B$15:$J$264,7,FALSE)),"") | I295: =IF(B295=0,"",VLOOKUP(B295,$B$15:$J$264,8,FALSE)) | K295: =IF(B295=0,"",H295*I295) | L295: =O295 | M295: =IF(B295=0,"",B295) | N295: =IF(B295=0,"",M295+N294) | O295: =IF(B295=0,"",(IF(N295<80%,"Si","No"))) | P295: =IF(B295=0,"",(IF(M295=$M$521,"Si",(IF(M295>$M$521,"Si","No")))))
A296: =P296 | B296: =LARGE($B$15:$B$264,26) -> 0 | C296: =IFERROR(IF(B296=0,"",VLOOKUP(B296,$B$15:$J$264,2,FALSE)),"") | D296: =IFERROR(IF(B296=0,"",VLOOKUP(B296,$B$15:$J$264,3,FALSE)),"") | G296: =IFERROR(IF(B296=0,"",VLOOKUP(B296,$B$15:$J$264,6,FALSE)),"") | H296: =IFERROR(IF(B296=0,"",VLOOKUP(B296,$B$15:$J$264,7,FALSE)),"") | I296: =IF(B296=0,"",VLOOKUP(B296,$B$15:$J$264,8,FALSE)) | K296: =IF(B296=0,"",H296*I296) | L296: =O296 | M296: =IF(B296=0,"",B296) | N296: =IF(B296=0,"",M296+N295) | O296: =IF(B296=0,"",(IF(N296<80%,"Si","No"))) | P296: =IF(B296=0,"",(IF(M296=$M$521,"Si",(IF(M296>$M$521,"Si","No")))))
A297: =P297 | B297: =LARGE($B$15:$B$264,27) -> 0 | C297: =IFERROR(IF(B297=0,"",VLOOKUP(B297,$B$15:$J$264,2,FALSE)),"") | D297: =IFERROR(IF(B297=0,"",VLOOKUP(B297,$B$15:$J$264,3,FALSE)),"") | G297: =IFERROR(IF(B297=0,"",VLOOKUP(B297,$B$15:$J$264,6,FALSE)),"") | H297: =IFERROR(IF(B297=0,"",VLOOKUP(B297,$B$15:$J$264,7,FALSE)),"") | I297: =IF(B297=0,"",VLOOKUP(B297,$B$15:$J$264,8,FALSE)) | K297: =IF(B297=0,"",H297*I297) | L297: =O297 | M297: =IF(B297=0,"",B297) | N297: =IF(B297=0,"",M297+N296) | O297: =IF(B297=0,"",(IF(N297<80%,"Si","No"))) | P297: =IF(B297=0,"",(IF(M297=$M$521,"Si",(IF(M297>$M$521,"Si","No")))))
A298: =P298 | B298: =LARGE($B$15:$B$264,28) -> 0 | C298: =IFERROR(IF(B298=0,"",VLOOKUP(B298,$B$15:$J$264,2,FALSE)),"") | D298: =IFERROR(IF(B298=0,"",VLOOKUP(B298,$B$15:$J$264,3,FALSE)),"") | G298: =IFERROR(IF(B298=0,"",VLOOKUP(B298,$B$15:$J$264,6,FALSE)),"") | H298: =IFERROR(IF(B298=0,"",VLOOKUP(B298,$B$15:$J$264,7,FALSE)),"") | I298: =IF(B298=0,"",VLOOKUP(B298,$B$15:$J$264,8,FALSE)) | K298: =IF(B298=0,"",H298*I298) | L298: =O298 | M298: =IF(B298=0,"",B298) | N298: =IF(B298=0,"",M298+N297) | O298: =IF(B298=0,"",(IF(N298<80%,"Si","No"))) | P298: =IF(B298=0,"",(IF(M298=$M$521,"Si",(IF(M298>$M$521,"Si","No")))))
A299: =P299 | B299: =LARGE($B$15:$B$264,29) -> 0 | C299: =IFERROR(IF(B299=0,"",VLOOKUP(B299,$B$15:$J$264,2,FALSE)),"") | D299: =IFERROR(IF(B299=0,"",VLOOKUP(B299,$B$15:$J$264,3,FALSE)),"") | G299: =IFERROR(IF(B299=0,"",VLOOKUP(B299,$B$15:$J$264,6,FALSE)),"") | H299: =IFERROR(IF(B299=0,"",VLOOKUP(B299,$B$15:$J$264,7,FALSE)),"") | I299: =IF(B299=0,"",VLOOKUP(B299,$B$15:$J$264,8,FALSE)) | K299: =IF(B299=0,"",H299*I299) | L299: =O299 | M299: =IF(B299=0,"",B299) | N299: =IF(B299=0,"",M299+N298) | O299: =IF(B299=0,"",(IF(N299<80%,"Si","No"))) | P299: =IF(B299=0,"",(IF(M299=$M$521,"Si",(IF(M299>$M$521,"Si","No")))))
A300: =P300 | B300: =LARGE($B$15:$B$264,30) -> 0 | C300: =IFERROR(IF(B300=0,"",VLOOKUP(B300,$B$15:$J$264,2,FALSE)),"") | D300: =IFERROR(IF(B300=0,"",VLOOKUP(B300,$B$15:$J$264,3,FALSE)),"") | G300: =IFERROR(IF(B300=0,"",VLOOKUP(B300,$B$15:$J$264,6,FALSE)),"") | H300: =IFERROR(IF(B300=0,"",VLOOKUP(B300,$B$15:$J$264,7,FALSE)),"") | I300: =IF(B300=0,"",VLOOKUP(B300,$B$15:$J$264,8,FALSE)) | K300: =IF(B300=0,"",H300*I300) | L300: =O300 | M300: =IF(B300=0,"",B300) | N300: =IF(B300=0,"",M300+N299) | O300: =IF(B300=0,"",(IF(N300<80%,"Si","No"))) | P300: =IF(B300=0,"",(IF(M300=$M$521,"Si",(IF(M300>$M$521,"Si","No")))))
A301: =P301 | B301: =LARGE($B$15:$B$264,31) -> 0 | C301: =IFERROR(IF(B301=0,"",VLOOKUP(B301,$B$15:$J$264,2,FALSE)),"") | D301: =IFERROR(IF(B301=0,"",VLOOKUP(B301,$B$15:$J$264,3,FALSE)),"") | G301: =IFERROR(IF(B301=0,"",VLOOKUP(B301,$B$15:$J$264,6,FALSE)),"") | H301: =IFERROR(IF(B301=0,"",VLOOKUP(B301,$B$15:$J$264,7,FALSE)),"") | I301: =IF(B301=0,"",VLOOKUP(B301,$B$15:$J$264,8,FALSE)) | K301: =IF(B301=0,"",H301*I301) | L301: =O301 | M301: =IF(B301=0,"",B301) | N301: =IF(B301=0,"",M301+N300) | O301: =IF(B301=0,"",(IF(N301<80%,"Si","No"))) | P301: =IF(B301=0,"",(IF(M301=$M$521,"Si",(IF(M301>$M$521,"Si","No")))))
A302: =P302 | B302: =LARGE($B$15:$B$264,32) -> 0 | C302: =IFERROR(IF(B302=0,"",VLOOKUP(B302,$B$15:$J$264,2,FALSE)),"") | D302: =IFERROR(IF(B302=0,"",VLOOKUP(B302,$B$15:$J$264,3,FALSE)),"") | G302: =IFERROR(IF(B302=0,"",VLOOKUP(B302,$B$15:$J$264,6,FALSE)),"") | H302: =IFERROR(IF(B302=0,"",VLOOKUP(B302,$B$15:$J$264,7,FALSE)),"") | I302: =IF(B302=0,"",VLOOKUP(B302,$B$15:$J$264,8,FALSE)) | K302: =IF(B302=0,"",H302*I302) | L302: =O302 | M302: =IF(B302=0,"",B302) | N302: =IF(B302=0,"",M302+N301) | O302: =IF(B302=0,"",(IF(N302<80%,"Si","No"))) | P302: =IF(B302=0,"",(IF(M302=$M$521,"Si",(IF(M302>$M$521,"Si","No")))))
A303: =P303 | B303: =LARGE($B$15:$B$264,33) -> 0 | C303: =IFERROR(IF(B303=0,"",VLOOKUP(B303,$B$15:$J$264,2,FALSE)),"") | D303: =IFERROR(IF(B303=0,"",VLOOKUP(B303,$B$15:$J$264,3,FALSE)),"") | G303: =IFERROR(IF(B303=0,"",VLOOKUP(B303,$B$15:$J$264,6,FALSE)),"") | H303: =IFERROR(IF(B303=0,"",VLOOKUP(B303,$B$15:$J$264,7,FALSE)),"") | I303: =IF(B303=0,"",VLOOKUP(B303,$B$15:$J$264,8,FALSE)) | K303: =IF(B303=0,"",H303*I303) | L303: =O303 | M303: =IF(B303=0,"",B303) | N303: =IF(B303=0,"",M303+N302) | O303: =IF(B303=0,"",(IF(N303<80%,"Si","No"))) | P303: =IF(B303=0,"",(IF(M303=$M$521,"Si",(IF(M303>$M$521,"Si","No")))))
A304: =P304 | B304: =LARGE($B$15:$B$264,34) -> 0 | C304: =IFERROR(IF(B304=0,"",VLOOKUP(B304,$B$15:$J$264,2,FALSE)),"") | D304: =IFERROR(IF(B304=0,"",VLOOKUP(B304,$B$15:$J$264,3,FALSE)),"") | G304: =IFERROR(IF(B304=0,"",VLOOKUP(B304,$B$15:$J$264,6,FALSE)),"") | H304: =IFERROR(IF(B304=0,"",VLOOKUP(B304,$B$15:$J$264,7,FALSE)),"") | I304: =IF(B304=0,"",VLOOKUP(B304,$B$15:$J$264,8,FALSE)) | K304: =IF(B304=0,"",H304*I304) | L304: =O304 | M304: =IF(B304=0,"",B304) | N304: =IF(B304=0,"",M304+N303) | O304: =IF(B304=0,"",(IF(N304<80%,"Si","No"))) | P304: =IF(B304=0,"",(IF(M304=$M$521,"Si",(IF(M304>$M$521,"Si","No")))))
A305: =P305 | B305: =LARGE($B$15:$B$264,35) -> 0 | C305: =IFERROR(IF(B305=0,"",VLOOKUP(B305,$B$15:$J$264,2,FALSE)),"") | D305: =IFERROR(IF(B305=0,"",VLOOKUP(B305,$B$15:$J$264,3,FALSE)),"") | G305: =IFERROR(IF(B305=0,"",VLOOKUP(B305,$B$15:$J$264,6,FALSE)),"") | H305: =IFERROR(IF(B305=0,"",VLOOKUP(B305,$B$15:$J$264,7,FALSE)),"") | I305: =IF(B305=0,"",VLOOKUP(B305,$B$15:$J$264,8,FALSE)) | K305: =IF(B305=0,"",H305*I305) | L305: =O305 | M305: =IF(B305=0,"",B305) | N305: =IF(B305=0,"",M305+N304) | O305: =IF(B305=0,"",(IF(N305<80%,"Si","No"))) | P305: =IF(B305=0,"",(IF(M305=$M$521,"Si",(IF(M305>$M$521,"Si","No")))))
A306: =P306 | B306: =LARGE($B$15:$B$264,36) -> 0 | C306: =IFERROR(IF(B306=0,"",VLOOKUP(B306,$B$15:$J$264,2,FALSE)),"") | D306: =IFERROR(IF(B306=0,"",VLOOKUP(B306,$B$15:$J$264,3,FALSE)),"") | G306: =IFERROR(IF(B306=0,"",VLOOKUP(B306,$B$15:$J$264,6,FALSE)),"") | H306: =IFERROR(IF(B306=0,"",VLOOKUP(B306,$B$15:$J$264,7,FALSE)),"") | I306: =IF(B306=0,"",VLOOKUP(B306,$B$15:$J$264,8,FALSE)) | K306: =IF(B306=0,"",H306*I306) | L306: =O306 | M306: =IF(B306=0,"",B306) | N306: =IF(B306=0,"",M306+N305) | O306: =IF(B306=0,"",(IF(N306<80%,"Si","No"))) | P306: =IF(B306=0,"",(IF(M306=$M$521,"Si",(IF(M306>$M$521,"Si","No")))))
A307: =P307 | B307: =LARGE($B$15:$B$264,37) -> 0 | C307: =IFERROR(IF(B307=0,"",VLOOKUP(B307,$B$15:$J$264,2,FALSE)),"") | D307: =IFERROR(IF(B307=0,"",VLOOKUP(B307,$B$15:$J$264,3,FALSE)),"") | G307: =IFERROR(IF(B307=0,"",VLOOKUP(B307,$B$15:$J$264,6,FALSE)),"") | H307: =IFERROR(IF(B307=0,"",VLOOKUP(B307,$B$15:$J$264,7,FALSE)),"") | I307: =IF(B307=0,"",VLOOKUP(B307,$B$15:$J$264,8,FALSE)) | K307: =IF(B307=0,"",H307*I307) | L307: =O307 | M307: =IF(B307=0,"",B307) | N307: =IF(B307=0,"",M307+N306) | O307: =IF(B307=0,"",(IF(N307<80%,"Si","No"))) | P307: =IF(B307=0,"",(IF(M307=$M$521,"Si",(IF(M307>$M$521,"Si","No")))))
A308: =P308 | B308: =LARGE($B$15:$B$264,38) -> 0 | C308: =IFERROR(IF(B308=0,"",VLOOKUP(B308,$B$15:$J$264,2,FALSE)),"") | D308: =IFERROR(IF(B308=0,"",VLOOKUP(B308,$B$15:$J$264,3,FALSE)),"") | G308: =IFERROR(IF(B308=0,"",VLOOKUP(B308,$B$15:$J$264,6,FALSE)),"") | H308: =IFERROR(IF(B308=0,"",VLOOKUP(B308,$B$15:$J$264,7,FALSE)),"") | I308: =IF(B308=0,"",VLOOKUP(B308,$B$15:$J$264,8,FALSE)) | K308: =IF(B308=0,"",H308*I308) | L308: =O308 | M308: =IF(B308=0,"",B308) | N308: =IF(B308=0,"",M308+N307) | O308: =IF(B308=0,"",(IF(N308<80%,"Si","No"))) | P308: =IF(B308=0,"",(IF(M308=$M$521,"Si",(IF(M308>$M$521,"Si","No")))))
A309: =P309 | B309: =LARGE($B$15:$B$264,39) -> 0 | C309: =IFERROR(IF(B309=0,"",VLOOKUP(B309,$B$15:$J$264,2,FALSE)),"") | D309: =IFERROR(IF(B309=0,"",VLOOKUP(B309,$B$15:$J$264,3,FALSE)),"") | G309: =IFERROR(IF(B309=0,"",VLOOKUP(B309,$B$15:$J$264,6,FALSE)),"") | H309: =IFERROR(IF(B309=0,"",VLOOKUP(B309,$B$15:$J$264,7,FALSE)),"") | I309: =IF(B309=0,"",VLOOKUP(B309,$B$15:$J$264,8,FALSE)) | K309: =IF(B309=0,"",H309*I309) | L309: =O309 | M309: =IF(B309=0,"",B309) | N309: =IF(B309=0,"",M309+N308) | O309: =IF(B309=0,"",(IF(N309<80%,"Si","No"))) | P309: =IF(B309=0,"",(IF(M309=$M$521,"Si",(IF(M309>$M$521,"Si","No")))))
A310: =P310 | B310: =LARGE($B$15:$B$264,40) -> 0 | C310: =IFERROR(IF(B310=0,"",VLOOKUP(B310,$B$15:$J$264,2,FALSE)),"") | D310: =IFERROR(IF(B310=0,"",VLOOKUP(B310,$B$15:$J$264,3,FALSE)),"") | G310: =IFERROR(IF(B310=0,"",VLOOKUP(B310,$B$15:$J$264,6,FALSE)),"") | H310: =IFERROR(IF(B310=0,"",VLOOKUP(B310,$B$15:$J$264,7,FALSE)),"") | I310: =IF(B310=0,"",VLOOKUP(B310,$B$15:$J$264,8,FALSE)) | K310: =IF(B310=0,"",H310*I310) | L310: =O310 | M310: =IF(B310=0,"",B310) | N310: =IF(B310=0,"",M310+N309) | O310: =IF(B310=0,"",(IF(N310<80%,"Si","No"))) | P310: =IF(B310=0,"",(IF(M310=$M$521,"Si",(IF(M310>$M$521,"Si","No")))))
A311: =P311 | B311: =LARGE($B$15:$B$264,41) -> 0 | C311: =IFERROR(IF(B311=0,"",VLOOKUP(B311,$B$15:$J$264,2,FALSE)),"") | D311: =IFERROR(IF(B311=0,"",VLOOKUP(B311,$B$15:$J$264,3,FALSE)),"") | G311: =IFERROR(IF(B311=0,"",VLOOKUP(B311,$B$15:$J$264,6,FALSE)),"") | H311: =IFERROR(IF(B311=0,"",VLOOKUP(B311,$B$15:$J$264,7,FALSE)),"") | I311: =IF(B311=0,"",VLOOKUP(B311,$B$15:$J$264,8,FALSE)) | K311: =IF(B311=0,"",H311*I311) | L311: =O311 | M311: =IF(B311=0,"",B311) | N311: =IF(B311=0,"",M311+N310) | O311: =IF(B311=0,"",(IF(N311<80%,"Si","No"))) | P311: =IF(B311=0,"",(IF(M311=$M$521,"Si",(IF(M311>$M$521,"Si","No")))))
A312: =P312 | B312: =LARGE($B$15:$B$264,42) -> 0 | C312: =IFERROR(IF(B312=0,"",VLOOKUP(B312,$B$15:$J$264,2,FALSE)),"") | D312: =IFERROR(IF(B312=0,"",VLOOKUP(B312,$B$15:$J$264,3,FALSE)),"") | G312: =IFERROR(IF(B312=0,"",VLOOKUP(B312,$B$15:$J$264,6,FALSE)),"") | H312: =IFERROR(IF(B312=0,"",VLOOKUP(B312,$B$15:$J$264,7,FALSE)),"") | I312: =IF(B312=0,"",VLOOKUP(B312,$B$15:$J$264,8,FALSE)) | K312: =IF(B312=0,"",H312*I312) | L312: =O312 | M312: =IF(B312=0,"",B312) | N312: =IF(B312=0,"",M312+N311) | O312: =IF(B312=0,"",(IF(N312<80%,"Si","No"))) | P312: =IF(B312=0,"",(IF(M312=$M$521,"Si",(IF(M312>$M$521,"Si","No")))))
A313: =P313 | B313: =LARGE($B$15:$B$264,43) -> 0 | C313: =IFERROR(IF(B313=0,"",VLOOKUP(B313,$B$15:$J$264,2,FALSE)),"") | D313: =IFERROR(IF(B313=0,"",VLOOKUP(B313,$B$15:$J$264,3,FALSE)),"") | G313: =IFERROR(IF(B313=0,"",VLOOKUP(B313,$B$15:$J$264,6,FALSE)),"") | H313: =IFERROR(IF(B313=0,"",VLOOKUP(B313,$B$15:$J$264,7,FALSE)),"") | I313: =IF(B313=0,"",VLOOKUP(B313,$B$15:$J$264,8,FALSE)) | K313: =IF(B313=0,"",H313*I313) | L313: =O313 | M313: =IF(B313=0,"",B313) | N313: =IF(B313=0,"",M313+N312) | O313: =IF(B313=0,"",(IF(N313<80%,"Si","No"))) | P313: =IF(B313=0,"",(IF(M313=$M$521,"Si",(IF(M313>$M$521,"Si","No")))))
A314: =P314 | B314: =LARGE($B$15:$B$264,44) -> 0 | C314: =IFERROR(IF(B314=0,"",VLOOKUP(B314,$B$15:$J$264,2,FALSE)),"") | D314: =IFERROR(IF(B314=0,"",VLOOKUP(B314,$B$15:$J$264,3,FALSE)),"") | G314: =IFERROR(IF(B314=0,"",VLOOKUP(B314,$B$15:$J$264,6,FALSE)),"") | H314: =IFERROR(IF(B314=0,"",VLOOKUP(B314,$B$15:$J$264,7,FALSE)),"") | I314: =IF(B314=0,"",VLOOKUP(B314,$B$15:$J$264,8,FALSE)) | K314: =IF(B314=0,"",H314*I314) | L314: =O314 | M314: =IF(B314=0,"",B314) | N314: =IF(B314=0,"",M314+N313) | O314: =IF(B314=0,"",(IF(N314<80%,"Si","No"))) | P314: =IF(B314=0,"",(IF(M314=$M$521,"Si",(IF(M314>$M$521,"Si","No")))))
A315: =P315 | B315: =LARGE($B$15:$B$264,45) -> 0 | C315: =IFERROR(IF(B315=0,"",VLOOKUP(B315,$B$15:$J$264,2,FALSE)),"") | D315: =IFERROR(IF(B315=0,"",VLOOKUP(B315,$B$15:$J$264,3,FALSE)),"") | G315: =IFERROR(IF(B315=0,"",VLOOKUP(B315,$B$15:$J$264,6,FALSE)),"") | H315: =IFERROR(IF(B315=0,"",VLOOKUP(B315,$B$15:$J$264,7,FALSE)),"") | I315: =IF(B315=0,"",VLOOKUP(B315,$B$15:$J$264,8,FALSE)) | K315: =IF(B315=0,"",H315*I315) | L315: =O315 | M315: =IF(B315=0,"",B315) | N315: =IF(B315=0,"",M315+N314) | O315: =IF(B315=0,"",(IF(N315<80%,"Si","No"))) | P315: =IF(B315=0,"",(IF(M315=$M$521,"Si",(IF(M315>$M$521,"Si","No")))))
A316: =P316 | B316: =LARGE($B$15:$B$264,46) -> 0 | C316: =IFERROR(IF(B316=0,"",VLOOKUP(B316,$B$15:$J$264,2,FALSE)),"") | D316: =IFERROR(IF(B316=0,"",VLOOKUP(B316,$B$15:$J$264,3,FALSE)),"") | G316: =IFERROR(IF(B316=0,"",VLOOKUP(B316,$B$15:$J$264,6,FALSE)),"") | H316: =IFERROR(IF(B316=0,"",VLOOKUP(B316,$B$15:$J$264,7,FALSE)),"") | I316: =IF(B316=0,"",VLOOKUP(B316,$B$15:$J$264,8,FALSE)) | K316: =IF(B316=0,"",H316*I316) | L316: =O316 | M316: =IF(B316=0,"",B316) | N316: =IF(B316=0,"",M316+N315) | O316: =IF(B316=0,"",(IF(N316<80%,"Si","No"))) | P316: =IF(B316=0,"",(IF(M316=$M$521,"Si",(IF(M316>$M$521,"Si","No")))))
A317: =P317 | B317: =LARGE($B$15:$B$264,47) -> 0 | C317: =IFERROR(IF(B317=0,"",VLOOKUP(B317,$B$15:$J$264,2,FALSE)),"") | D317: =IFERROR(IF(B317=0,"",VLOOKUP(B317,$B$15:$J$264,3,FALSE)),"") | G317: =IFERROR(IF(B317=0,"",VLOOKUP(B317,$B$15:$J$264,6,FALSE)),"") | H317: =IFERROR(IF(B317=0,"",VLOOKUP(B317,$B$15:$J$264,7,FALSE)),"") | I317: =IF(B317=0,"",VLOOKUP(B317,$B$15:$J$264,8,FALSE)) | K317: =IF(B317=0,"",H317*I317) | L317: =O317 | M317: =IF(B317=0,"",B317) | N317: =IF(B317=0,"",M317+N316) | O317: =IF(B317=0,"",(IF(N317<80%,"Si","No"))) | P317: =IF(B317=0,"",(IF(M317=$M$521,"Si",(IF(M317>$M$521,"Si","No")))))
A318: =P318 | B318: =LARGE($B$15:$B$264,48) -> 0 | C318: =IFERROR(IF(B318=0,"",VLOOKUP(B318,$B$15:$J$264,2,FALSE)),"") | D318: =IFERROR(IF(B318=0,"",VLOOKUP(B318,$B$15:$J$264,3,FALSE)),"") | G318: =IFERROR(IF(B318=0,"",VLOOKUP(B318,$B$15:$J$264,6,FALSE)),"") | H318: =IFERROR(IF(B318=0,"",VLOOKUP(B318,$B$15:$J$264,7,FALSE)),"") | I318: =IF(B318=0,"",VLOOKUP(B318,$B$15:$J$264,8,FALSE)) | K318: =IF(B318=0,"",H318*I318) | L318: =O318 | M318: =IF(B318=0,"",B318) | N318: =IF(B318=0,"",M318+N317) | O318: =IF(B318=0,"",(IF(N318<80%,"Si","No"))) | P318: =IF(B318=0,"",(IF(M318=$M$521,"Si",(IF(M318>$M$521,"Si","No")))))
A319: =P319 | B319: =LARGE($B$15:$B$264,49) -> 0 | C319: =IFERROR(IF(B319=0,"",VLOOKUP(B319,$B$15:$J$264,2,FALSE)),"") | D319: =IFERROR(IF(B319=0,"",VLOOKUP(B319,$B$15:$J$264,3,FALSE)),"") | G319: =IFERROR(IF(B319=0,"",VLOOKUP(B319,$B$15:$J$264,6,FALSE)),"") | H319: =IFERROR(IF(B319=0,"",VLOOKUP(B319,$B$15:$J$264,7,FALSE)),"") | I319: =IF(B319=0,"",VLOOKUP(B319,$B$15:$J$264,8,FALSE)) | K319: =IF(B319=0,"",H319*I319) | L319: =O319 | M319: =IF(B319=0,"",B319) | N319: =IF(B319=0,"",M319+N318) | O319: =IF(B319=0,"",(IF(N319<80%,"Si","No"))) | P319: =IF(B319=0,"",(IF(M319=$M$521,"Si",(IF(M319>$M$521,"Si","No")))))
A320: =P320 | B320: =LARGE($B$15:$B$264,50) -> 0 | C320: =IFERROR(IF(B320=0,"",VLOOKUP(B320,$B$15:$J$264,2,FALSE)),"") | D320: =IFERROR(IF(B320=0,"",VLOOKUP(B320,$B$15:$J$264,3,FALSE)),"") | G320: =IFERROR(IF(B320=0,"",VLOOKUP(B320,$B$15:$J$264,6,FALSE)),"") | H320: =IFERROR(IF(B320=0,"",VLOOKUP(B320,$B$15:$J$264,7,FALSE)),"") | I320: =IF(B320=0,"",VLOOKUP(B320,$B$15:$J$264,8,FALSE)) | K320: =IF(B320=0,"",H320*I320) | L320: =O320 | M320: =IF(B320=0,"",B320) | N320: =IF(B320=0,"",M320+N319) | O320: =IF(B320=0,"",(IF(N320<80%,"Si","No"))) | P320: =IF(B320=0,"",(IF(M320=$M$521,"Si",(IF(M320>$M$521,"Si","No")))))
A321: =P321 | B321: =LARGE($B$15:$B$264,51) -> 0 | C321: =IFERROR(IF(B321=0,"",VLOOKUP(B321,$B$15:$J$264,2,FALSE)),"") | D321: =IFERROR(IF(B321=0,"",VLOOKUP(B321,$B$15:$J$264,3,FALSE)),"") | G321: =IFERROR(IF(B321=0,"",VLOOKUP(B321,$B$15:$J$264,6,FALSE)),"") | H321: =IFERROR(IF(B321=0,"",VLOOKUP(B321,$B$15:$J$264,7,FALSE)),"") | I321: =IF(B321=0,"",VLOOKUP(B321,$B$15:$J$264,8,FALSE)) | K321: =IF(B321=0,"",H321*I321) | L321: =O321 | M321: =IF(B321=0,"",B321) | N321: =IF(B321=0,"",M321+N320) | O321: =IF(B321=0,"",(IF(N321<80%,"Si","No"))) | P321: =IF(B321=0,"",(IF(M321=$M$521,"Si",(IF(M321>$M$521,"Si","No")))))
A322: =P322 | B322: =LARGE($B$15:$B$264,52) -> 0 | C322: =IFERROR(IF(B322=0,"",VLOOKUP(B322,$B$15:$J$264,2,FALSE)),"") | D322: =IFERROR(IF(B322=0,"",VLOOKUP(B322,$B$15:$J$264,3,FALSE)),"") | G322: =IFERROR(IF(B322=0,"",VLOOKUP(B322,$B$15:$J$264,6,FALSE)),"") | H322: =IFERROR(IF(B322=0,"",VLOOKUP(B322,$B$15:$J$264,7,FALSE)),"") | I322: =IF(B322=0,"",VLOOKUP(B322,$B$15:$J$264,8,FALSE)) | K322: =IF(B322=0,"",H322*I322) | L322: =O322 | M322: =IF(B322=0,"",B322) | N322: =IF(B322=0,"",M322+N321) | O322: =IF(B322=0,"",(IF(N322<80%,"Si","No"))) | P322: =IF(B322=0,"",(IF(M322=$M$521,"Si",(IF(M322>$M$521,"Si","No")))))
A323: =P323 | B323: =LARGE($B$15:$B$264,53) -> 0 | C323: =IFERROR(IF(B323=0,"",VLOOKUP(B323,$B$15:$J$264,2,FALSE)),"") | D323: =IFERROR(IF(B323=0,"",VLOOKUP(B323,$B$15:$J$264,3,FALSE)),"") | G323: =IFERROR(IF(B323=0,"",VLOOKUP(B323,$B$15:$J$264,6,FALSE)),"") | H323: =IFERROR(IF(B323=0,"",VLOOKUP(B323,$B$15:$J$264,7,FALSE)),"") | I323: =IF(B323=0,"",VLOOKUP(B323,$B$15:$J$264,8,FALSE)) | K323: =IF(B323=0,"",H323*I323) | L323: =O323 | M323: =IF(B323=0,"",B323) | N323: =IF(B323=0,"",M323+N322) | O323: =IF(B323=0,"",(IF(N323<80%,"Si","No"))) | P323: =IF(B323=0,"",(IF(M323=$M$521,"Si",(IF(M323>$M$521,"Si","No")))))
A324: =P324 | B324: =LARGE($B$15:$B$264,54) -> 0 | C324: =IFERROR(IF(B324=0,"",VLOOKUP(B324,$B$15:$J$264,2,FALSE)),"") | D324: =IFERROR(IF(B324=0,"",VLOOKUP(B324,$B$15:$J$264,3,FALSE)),"") | G324: =IFERROR(IF(B324=0,"",VLOOKUP(B324,$B$15:$J$264,6,FALSE)),"") | H324: =IFERROR(IF(B324=0,"",VLOOKUP(B324,$B$15:$J$264,7,FALSE)),"") | I324: =IF(B324=0,"",VLOOKUP(B324,$B$15:$J$264,8,FALSE)) | K324: =IF(B324=0,"",H324*I324) | L324: =O324 | M324: =IF(B324=0,"",B324) | N324: =IF(B324=0,"",M324+N323) | O324: =IF(B324=0,"",(IF(N324<80%,"Si","No"))) | P324: =IF(B324=0,"",(IF(M324=$M$521,"Si",(IF(M324>$M$521,"Si","No")))))
A325: =P325 | B325: =LARGE($B$15:$B$264,55) -> 0 | C325: =IFERROR(IF(B325=0,"",VLOOKUP(B325,$B$15:$J$264,2,FALSE)),"") | D325: =IFERROR(IF(B325=0,"",VLOOKUP(B325,$B$15:$J$264,3,FALSE)),"") | G325: =IFERROR(IF(B325=0,"",VLOOKUP(B325,$B$15:$J$264,6,FALSE)),"") | H325: =IFERROR(IF(B325=0,"",VLOOKUP(B325,$B$15:$J$264,7,FALSE)),"") | I325: =IF(B325=0,"",VLOOKUP(B325,$B$15:$J$264,8,FALSE)) | K325: =IF(B325=0,"",H325*I325) | L325: =O325 | M325: =IF(B325=0,"",B325) | N325: =IF(B325=0,"",M325+N324) | O325: =IF(B325=0,"",(IF(N325<80%,"Si","No"))) | P325: =IF(B325=0,"",(IF(M325=$M$521,"Si",(IF(M325>$M$521,"Si","No")))))
A326: =P326 | B326: =LARGE($B$15:$B$264,56) -> 0 | C326: =IFERROR(IF(B326=0,"",VLOOKUP(B326,$B$15:$J$264,2,FALSE)),"") | D326: =IFERROR(IF(B326=0,"",VLOOKUP(B326,$B$15:$J$264,3,FALSE)),"") | G326: =IFERROR(IF(B326=0,"",VLOOKUP(B326,$B$15:$J$264,6,FALSE)),"") | H326: =IFERROR(IF(B326=0,"",VLOOKUP(B326,$B$15:$J$264,7,FALSE)),"") | I326: =IF(B326=0,"",VLOOKUP(B326,$B$15:$J$264,8,FALSE)) | K326: =IF(B326=0,"",H326*I326) | L326: =O326 | M326: =IF(B326=0,"",B326) | N326: =IF(B326=0,"",M326+N325) | O326: =IF(B326=0,"",(IF(N326<80%,"Si","No"))) | P326: =IF(B326=0,"",(IF(M326=$M$521,"Si",(IF(M326>$M$521,"Si","No")))))
A327: =P327 | B327: =LARGE($B$15:$B$264,57) -> 0 | C327: =IFERROR(IF(B327=0,"",VLOOKUP(B327,$B$15:$J$264,2,FALSE)),"") | D327: =IFERROR(IF(B327=0,"",VLOOKUP(B327,$B$15:$J$264,3,FALSE)),"") | G327: =IFERROR(IF(B327=0,"",VLOOKUP(B327,$B$15:$J$264,6,FALSE)),"") | H327: =IFERROR(IF(B327=0,"",VLOOKUP(B327,$B$15:$J$264,7,FALSE)),"") | I327: =IF(B327=0,"",VLOOKUP(B327,$B$15:$J$264,8,FALSE)) | K327: =IF(B327=0,"",H327*I327) | L327: =O327 | M327: =IF(B327=0,"",B327) | N327: =IF(B327=0,"",M327+N326) | O327: =IF(B327=0,"",(IF(N327<80%,"Si","No"))) | P327: =IF(B327=0,"",(IF(M327=$M$521,"Si",(IF(M327>$M$521,"Si","No")))))
A328: =P328 | B328: =LARGE($B$15:$B$264,58) -> 0 | C328: =IFERROR(IF(B328=0,"",VLOOKUP(B328,$B$15:$J$264,2,FALSE)),"") | D328: =IFERROR(IF(B328=0,"",VLOOKUP(B328,$B$15:$J$264,3,FALSE)),"") | G328: =IFERROR(IF(B328=0,"",VLOOKUP(B328,$B$15:$J$264,6,FALSE)),"") | H328: =IFERROR(IF(B328=0,"",VLOOKUP(B328,$B$15:$J$264,7,FALSE)),"") | I328: =IF(B328=0,"",VLOOKUP(B328,$B$15:$J$264,8,FALSE)) | K328: =IF(B328=0,"",H328*I328) | L328: =O328 | M328: =IF(B328=0,"",B328) | N328: =IF(B328=0,"",M328+N327) | O328: =IF(B328=0,"",(IF(N328<80%,"Si","No"))) | P328: =IF(B328=0,"",(IF(M328=$M$521,"Si",(IF(M328>$M$521,"Si","No")))))
A329: =P329 | B329: =LARGE($B$15:$B$264,59) -> 0 | C329: =IFERROR(IF(B329=0,"",VLOOKUP(B329,$B$15:$J$264,2,FALSE)),"") | D329: =IFERROR(IF(B329=0,"",VLOOKUP(B329,$B$15:$J$264,3,FALSE)),"") | G329: =IFERROR(IF(B329=0,"",VLOOKUP(B329,$B$15:$J$264,6,FALSE)),"") | H329: =IFERROR(IF(B329=0,"",VLOOKUP(B329,$B$15:$J$264,7,FALSE)),"") | I329: =IF(B329=0,"",VLOOKUP(B329,$B$15:$J$264,8,FALSE)) | K329: =IF(B329=0,"",H329*I329) | L329: =O329 | M329: =IF(B329=0,"",B329) | N329: =IF(B329=0,"",M329+N328) | O329: =IF(B329=0,"",(IF(N329<80%,"Si","No"))) | P329: =IF(B329=0,"",(IF(M329=$M$521,"Si",(IF(M329>$M$521,"Si","No")))))
A330: =P330 | B330: =LARGE($B$15:$B$264,60) -> 0 | C330: =IFERROR(IF(B330=0,"",VLOOKUP(B330,$B$15:$J$264,2,FALSE)),"") | D330: =IFERROR(IF(B330=0,"",VLOOKUP(B330,$B$15:$J$264,3,FALSE)),"") | G330: =IFERROR(IF(B330=0,"",VLOOKUP(B330,$B$15:$J$264,6,FALSE)),"") | H330: =IFERROR(IF(B330=0,"",VLOOKUP(B330,$B$15:$J$264,7,FALSE)),"") | I330: =IF(B330=0,"",VLOOKUP(B330,$B$15:$J$264,8,FALSE)) | K330: =IF(B330=0,"",H330*I330) | L330: =O330 | M330: =IF(B330=0,"",B330) | N330: =IF(B330=0,"",M330+N329) | O330: =IF(B330=0,"",(IF(N330<80%,"Si","No"))) | P330: =IF(B330=0,"",(IF(M330=$M$521,"Si",(IF(M330>$M$521,"Si","No")))))
A331: =P331 | B331: =LARGE($B$15:$B$264,61) -> 0 | C331: =IFERROR(IF(B331=0,"",VLOOKUP(B331,$B$15:$J$264,2,FALSE)),"") | D331: =IFERROR(IF(B331=0,"",VLOOKUP(B331,$B$15:$J$264,3,FALSE)),"") | G331: =IFERROR(IF(B331=0,"",VLOOKUP(B331,$B$15:$J$264,6,FALSE)),"") | H331: =IFERROR(IF(B331=0,"",VLOOKUP(B331,$B$15:$J$264,7,FALSE)),"") | I331: =IF(B331=0,"",VLOOKUP(B331,$B$15:$J$264,8,FALSE)) | K331: =IF(B331=0,"",H331*I331) | L331: =O331 | M331: =IF(B331=0,"",B331) | N331: =IF(B331=0,"",M331+N330) | O331: =IF(B331=0,"",(IF(N331<80%,"Si","No"))) | P331: =IF(B331=0,"",(IF(M331=$M$521,"Si",(IF(M331>$M$521,"Si","No")))))
A332: =P332 | B332: =LARGE($B$15:$B$264,62) -> 0 | C332: =IFERROR(IF(B332=0,"",VLOOKUP(B332,$B$15:$J$264,2,FALSE)),"") | D332: =IFERROR(IF(B332=0,"",VLOOKUP(B332,$B$15:$J$264,3,FALSE)),"") | G332: =IFERROR(IF(B332=0,"",VLOOKUP(B332,$B$15:$J$264,6,FALSE)),"") | H332: =IFERROR(IF(B332=0,"",VLOOKUP(B332,$B$15:$J$264,7,FALSE)),"") | I332: =IF(B332=0,"",VLOOKUP(B332,$B$15:$J$264,8,FALSE)) | K332: =IF(B332=0,"",H332*I332) | L332: =O332 | M332: =IF(B332=0,"",B332) | N332: =IF(B332=0,"",M332+N331) | O332: =IF(B332=0,"",(IF(N332<80%,"Si","No"))) | P332: =IF(B332=0,"",(IF(M332=$M$521,"Si",(IF(M332>$M$521,"Si","No")))))
A333: =P333 | B333: =LARGE($B$15:$B$264,63) -> 0 | C333: =IFERROR(IF(B333=0,"",VLOOKUP(B333,$B$15:$J$264,2,FALSE)),"") | D333: =IFERROR(IF(B333=0,"",VLOOKUP(B333,$B$15:$J$264,3,FALSE)),"") | G333: =IFERROR(IF(B333=0,"",VLOOKUP(B333,$B$15:$J$264,6,FALSE)),"") | H333: =IFERROR(IF(B333=0,"",VLOOKUP(B333,$B$15:$J$264,7,FALSE)),"") | I333: =IF(B333=0,"",VLOOKUP(B333,$B$15:$J$264,8,FALSE)) | K333: =IF(B333=0,"",H333*I333) | L333: =O333 | M333: =IF(B333=0,"",B333) | N333: =IF(B333=0,"",M333+N332) | O333: =IF(B333=0,"",(IF(N333<80%,"Si","No"))) | P333: =IF(B333=0,"",(IF(M333=$M$521,"Si",(IF(M333>$M$521,"Si","No")))))
A334: =P334 | B334: =LARGE($B$15:$B$264,64) -> 0 | C334: =IFERROR(IF(B334=0,"",VLOOKUP(B334,$B$15:$J$264,2,FALSE)),"") | D334: =IFERROR(IF(B334=0,"",VLOOKUP(B334,$B$15:$J$264,3,FALSE)),"") | G334: =IFERROR(IF(B334=0,"",VLOOKUP(B334,$B$15:$J$264,6,FALSE)),"") | H334: =IFERROR(IF(B334=0,"",VLOOKUP(B334,$B$15:$J$264,7,FALSE)),"") | I334: =IF(B334=0,"",VLOOKUP(B334,$B$15:$J$264,8,FALSE)) | K334: =IF(B334=0,"",H334*I334) | L334: =O334 | M334: =IF(B334=0,"",B334) | N334: =IF(B334=0,"",M334+N333) | O334: =IF(B334=0,"",(IF(N334<80%,"Si","No"))) | P334: =IF(B334=0,"",(IF(M334=$M$521,"Si",(IF(M334>$M$521,"Si","No")))))
A335: =P335 | B335: =LARGE($B$15:$B$264,65) -> 0 | C335: =IFERROR(IF(B335=0,"",VLOOKUP(B335,$B$15:$J$264,2,FALSE)),"") | D335: =IFERROR(IF(B335=0,"",VLOOKUP(B335,$B$15:$J$264,3,FALSE)),"") | G335: =IFERROR(IF(B335=0,"",VLOOKUP(B335,$B$15:$J$264,6,FALSE)),"") | H335: =IFERROR(IF(B335=0,"",VLOOKUP(B335,$B$15:$J$264,7,FALSE)),"") | I335: =IF(B335=0,"",VLOOKUP(B335,$B$15:$J$264,8,FALSE)) | K335: =IF(B335=0,"",H335*I335) | L335: =O335 | M335: =IF(B335=0,"",B335) | N335: =IF(B335=0,"",M335+N334) | O335: =IF(B335=0,"",(IF(N335<80%,"Si","No"))) | P335: =IF(B335=0,"",(IF(M335=$M$521,"Si",(IF(M335>$M$521,"Si","No")))))
A336: =P336 | B336: =LARGE($B$15:$B$264,66) -> 0 | C336: =IFERROR(IF(B336=0,"",VLOOKUP(B336,$B$15:$J$264,2,FALSE)),"") | D336: =IFERROR(IF(B336=0,"",VLOOKUP(B336,$B$15:$J$264,3,FALSE)),"") | G336: =IFERROR(IF(B336=0,"",VLOOKUP(B336,$B$15:$J$264,6,FALSE)),"") | H336: =IFERROR(IF(B336=0,"",VLOOKUP(B336,$B$15:$J$264,7,FALSE)),"") | I336: =IF(B336=0,"",VLOOKUP(B336,$B$15:$J$264,8,FALSE)) | K336: =IF(B336=0,"",H336*I336) | L336: =O336 | M336: =IF(B336=0,"",B336) | N336: =IF(B336=0,"",M336+N335) | O336: =IF(B336=0,"",(IF(N336<80%,"Si","No"))) | P336: =IF(B336=0,"",(IF(M336=$M$521,"Si",(IF(M336>$M$521,"Si","No")))))
A337: =P337 | B337: =LARGE($B$15:$B$264,67) -> 0 | C337: =IFERROR(IF(B337=0,"",VLOOKUP(B337,$B$15:$J$264,2,FALSE)),"") | D337: =IFERROR(IF(B337=0,"",VLOOKUP(B337,$B$15:$J$264,3,FALSE)),"") | G337: =IFERROR(IF(B337=0,"",VLOOKUP(B337,$B$15:$J$264,6,FALSE)),"") | H337: =IFERROR(IF(B337=0,"",VLOOKUP(B337,$B$15:$J$264,7,FALSE)),"") | I337: =IF(B337=0,"",VLOOKUP(B337,$B$15:$J$264,8,FALSE)) | K337: =IF(B337=0,"",H337*I337) | L337: =O337 | M337: =IF(B337=0,"",B337) | N337: =IF(B337=0,"",M337+N336) | O337: =IF(B337=0,"",(IF(N337<80%,"Si","No"))) | P337: =IF(B337=0,"",(IF(M337=$M$521,"Si",(IF(M337>$M$521,"Si","No")))))
A338: =P338 | B338: =LARGE($B$15:$B$264,68) -> 0 | C338: =IFERROR(IF(B338=0,"",VLOOKUP(B338,$B$15:$J$264,2,FALSE)),"") | D338: =IFERROR(IF(B338=0,"",VLOOKUP(B338,$B$15:$J$264,3,FALSE)),"") | G338: =IFERROR(IF(B338=0,"",VLOOKUP(B338,$B$15:$J$264,6,FALSE)),"") | H338: =IFERROR(IF(B338=0,"",VLOOKUP(B338,$B$15:$J$264,7,FALSE)),"") | I338: =IF(B338=0,"",VLOOKUP(B338,$B$15:$J$264,8,FALSE)) | K338: =IF(B338=0,"",H338*I338) | L338: =O338 | M338: =IF(B338=0,"",B338) | N338: =IF(B338=0,"",M338+N337) | O338: =IF(B338=0,"",(IF(N338<80%,"Si","No"))) | P338: =IF(B338=0,"",(IF(M338=$M$521,"Si",(IF(M338>$M$521,"Si","No")))))
A339: =P339 | B339: =LARGE($B$15:$B$264,69) -> 0 | C339: =IFERROR(IF(B339=0,"",VLOOKUP(B339,$B$15:$J$264,2,FALSE)),"") | D339: =IFERROR(IF(B339=0,"",VLOOKUP(B339,$B$15:$J$264,3,FALSE)),"") | G339: =IFERROR(IF(B339=0,"",VLOOKUP(B339,$B$15:$J$264,6,FALSE)),"") | H339: =IFERROR(IF(B339=0,"",VLOOKUP(B339,$B$15:$J$264,7,FALSE)),"") | I339: =IF(B339=0,"",VLOOKUP(B339,$B$15:$J$264,8,FALSE)) | K339: =IF(B339=0,"",H339*I339) | L339: =O339 | M339: =IF(B339=0,"",B339) | N339: =IF(B339=0,"",M339+N338) | O339: =IF(B339=0,"",(IF(N339<80%,"Si","No"))) | P339: =IF(B339=0,"",(IF(M339=$M$521,"Si",(IF(M339>$M$521,"Si","No")))))
A340: =P340 | B340: =LARGE($B$15:$B$264,70) -> 0 | C340: =IFERROR(IF(B340=0,"",VLOOKUP(B340,$B$15:$J$264,2,FALSE)),"") | D340: =IFERROR(IF(B340=0,"",VLOOKUP(B340,$B$15:$J$264,3,FALSE)),"") | G340: =IFERROR(IF(B340=0,"",VLOOKUP(B340,$B$15:$J$264,6,FALSE)),"") | H340: =IFERROR(IF(B340=0,"",VLOOKUP(B340,$B$15:$J$264,7,FALSE)),"") | I340: =IF(B340=0,"",VLOOKUP(B340,$B$15:$J$264,8,FALSE)) | K340: =IF(B340=0,"",H340*I340) | L340: =O340 | M340: =IF(B340=0,"",B340) | N340: =IF(B340=0,"",M340+N339) | O340: =IF(B340=0,"",(IF(N340<80%,"Si","No"))) | P340: =IF(B340=0,"",(IF(M340=$M$521,"Si",(IF(M340>$M$521,"Si","No")))))
A341: =P341 | B341: =LARGE($B$15:$B$264,71) -> 0 | C341: =IFERROR(IF(B341=0,"",VLOOKUP(B341,$B$15:$J$264,2,FALSE)),"") | D341: =IFERROR(IF(B341=0,"",VLOOKUP(B341,$B$15:$J$264,3,FALSE)),"") | G341: =IFERROR(IF(B341=0,"",VLOOKUP(B341,$B$15:$J$264,6,FALSE)),"") | H341: =IFERROR(IF(B341=0,"",VLOOKUP(B341,$B$15:$J$264,7,FALSE)),"") | I341: =IF(B341=0,"",VLOOKUP(B341,$B$15:$J$264,8,FALSE)) | K341: =IF(B341=0,"",H341*I341) | L341: =O341 | M341: =IF(B341=0,"",B341) | N341: =IF(B341=0,"",M341+N340) | O341: =IF(B341=0,"",(IF(N341<80%,"Si","No"))) | P341: =IF(B341=0,"",(IF(M341=$M$521,"Si",(IF(M341>$M$521,"Si","No")))))
A342: =P342 | B342: =LARGE($B$15:$B$264,72) -> 0 | C342: =IFERROR(IF(B342=0,"",VLOOKUP(B342,$B$15:$J$264,2,FALSE)),"") | D342: =IFERROR(IF(B342=0,"",VLOOKUP(B342,$B$15:$J$264,3,FALSE)),"") | G342: =IFERROR(IF(B342=0,"",VLOOKUP(B342,$B$15:$J$264,6,FALSE)),"") | H342: =IFERROR(IF(B342=0,"",VLOOKUP(B342,$B$15:$J$264,7,FALSE)),"") | I342: =IF(B342=0,"",VLOOKUP(B342,$B$15:$J$264,8,FALSE)) | K342: =IF(B342=0,"",H342*I342) | L342: =O342 | M342: =IF(B342=0,"",B342) | N342: =IF(B342=0,"",M342+N341) | O342: =IF(B342=0,"",(IF(N342<80%,"Si","No"))) | P342: =IF(B342=0,"",(IF(M342=$M$521,"Si",(IF(M342>$M$521,"Si","No")))))
A343: =P343 | B343: =LARGE($B$15:$B$264,73) -> 0 | C343: =IFERROR(IF(B343=0,"",VLOOKUP(B343,$B$15:$J$264,2,FALSE)),"") | D343: =IFERROR(IF(B343=0,"",VLOOKUP(B343,$B$15:$J$264,3,FALSE)),"") | G343: =IFERROR(IF(B343=0,"",VLOOKUP(B343,$B$15:$J$264,6,FALSE)),"") | H343: =IFERROR(IF(B343=0,"",VLOOKUP(B343,$B$15:$J$264,7,FALSE)),"") | I343: =IF(B343=0,"",VLOOKUP(B343,$B$15:$J$264,8,FALSE)) | K343: =IF(B343=0,"",H343*I343) | L343: =O343 | M343: =IF(B343=0,"",B343) | N343: =IF(B343=0,"",M343+N342) | O343: =IF(B343=0,"",(IF(N343<80%,"Si","No"))) | P343: =IF(B343=0,"",(IF(M343=$M$521,"Si",(IF(M343>$M$521,"Si","No")))))
...

Sheet Propuesta económica O1
B1: SISTEMA DE GESTIÓN INTEGRAL - SGI | G1: Instructivo
B2: PROPUESTA ECONÓMICA - OPCIÓN 1 | G2: Notas propuesta económica
B3: CÓDIGO: F-PGC-21 | E3: VERSIÓN: 02
A5: NÚMERO DE PROCESO:
A6: MODALIDAD DE CONTRATACIÓN: | B6: ='Plan Ejecución'!AE5 -> CONTRATACIÓN DIRECTA
A7: OBJETO A CONTRATAR: | B7: ='Plan Ejecución'!AE6 -> "“SOPORTE, MANTENIMIENTO Y ACTUALIZACIÓN DEL VISOR GEOGRÁFICO – AÑO 2025"
A9: PROPUESTA ECONÓMICA
A10: Ítem | B10: Unidad de medida | C10: Cantidad | D10: Valor unitario referencia corporación antes de IVA | E10: Valor unitario oferente antes de IVA | F10: Valor total oferente
A11: Licenciamiento y actualización del Geoportal Corantioquia | B11: Licencia | C11: 1 | E11: 10204400 | F11: =C11*E11 -> 10204400
A12: Soporte y mantenimiento del sistema con mesa de ayuda (lun-vie 6: am - 5:00 pm) | B12: Meses | C12: 12 | E12: 5676666.7 | F12: =C12*E12 -> 68120000
E13: 0 | F13: =C13*E13 -> 0
E14: 0 | F14: =C14*E14 -> 0
E15: 0 | F15: =C15*E15 -> 0
E16: 0 | F16: =C16*E16 -> 0
A17: VALOR TOTAL OFERENTE ANTES DE IVA | F17: =SUM(F11:F16) -> 78324400
A18: IVA (19%) | F18: =F17*19% -> 14881636
A19: VALOR TOTAL OFERENTE DESPUÉS DE IVA | F19: =F17+F18 -> 93206036
A22: _____________________________ Firma del oferente: Nombre del representante legal: Número de documento:
A24: NOTAS

Sheet Propuesta económica O2
D1: SISTEMA DE GESTIÓN INTEGRAL - SGI | J1: Instructivo
D2: PROPUESTA ECONÓMICA - OPCIÓN 2 | J2: Notas propuesta económica
D3: CÓDIGO:F-PGC-21 | H3: VERSIÓN: 02
A5: NÚMERO DE PROCESO:
A6: MODALIDAD DE CONTRATACIÓN: | E6: ='Plan Ejecución'!AE5 -> CONTRATACIÓN DIRECTA
A7: OBJETO A CONTRATAR: | E7: ='Plan Ejecución'!AE6 -> "“SOPORTE, MANTENIMIENTO Y ACTUALIZACIÓN DEL VISOR GEOGRÁFICO – AÑO 2025"
A9: PROPUESTA ECONÓMICA
A10: Ítem | B10: Cantidad personal | C10: (%) Dedicación | D10: Unidad de medida | E10: Cantidad | F10: Valor unitario referencia corporación antes de IVA | G10: Factor prestacional | H10: Valor unitario oferente antes de IVA | I10: Valor total oferente
A11: COSTOS DE PERSONAL
I12: =B12*C12*E12*G12*H12 -> 0
I13: =B13*C13*E13*G13*H13 -> 0
I14: =B14*C14*E14*G14*H14 -> 0
I15: =B15*C15*E15*G15*H15 -> 0
I16: =B16*C16*E16*G16*H16 -> 0
A17: SUBTOTAL COSTOS DE PERSONAL | I17: =SUM(I12:I16) -> 0
A18: Ítem | D18: Unidad de medida | E18: Cantidad | F18: Valor unitario referencia corporación antes de IVA | H18: Valor unitario oferente antes de IVA | I18: Valor total oferente
A19: COSTOS DE MATERIALES Y SUMINISTROS
I20: =E20*H20 -> 0
I21: =E21*H21 -> 0
I22: =E22*H22 -> 0
I23: =E23*H23 -> 0
I24: =E24*H24 -> 0
I25: =E25*H25 -> 0
I26: =E26*H26 -> 0
I27: =E27*H27 -> 0
A28: SUBTOTAL COSTOS DE MATERIALES Y SUMINISTROS | I28: =SUM(I20:I27) -> 0
A29: COSTOS DE MAQUINARIA Y EQUIPO
I30: =E30*H30 -> 0
I31: =E31*H31 -> 0
I32: =E32*H32 -> 0
I33: =E33*H33 -> 0
A34: SUBTOTAL COSTOS DE MAQUINARIA Y EQUIPO | I34: =SUM(I30:I33) -> 0
A35: OTROS COSTOS
I36: =E36*H36 -> 0
I37: =E37*H37 -> 0
I38: =E38*H38 -> 0
I39: =E39*H39 -> 0
A40: SUBTOTAL OTROS COSTOS | I40: =SUM(I36:I39) -> 0
A42: SUBTOTAL (antes de AU e IVA) | I42: =I17+I28+I34+I40 -> 0
A43: Administración | I43: =I42*H43 -> 0
A44: Utilidad | I44: =I42*H44 -> 0
A45: IVA | I45: =I44*H45 -> 0
A46: TOTAL (incluido AU e IVA) | I46: =SUM(I42:I45) -> 0
A48: _____________________________ Firma del oferente: Nombre del representante legal: Número de documento:
A50: NOTAS

Sheet Propuesta económica O3
D1: SISTEMA DE GESTIÓN INTEGRAL - SGI | J1: Instructivo
D2: PROPUESTA ECONÓMICA - OPCIÓN 3 | J2: Notas propuesta económica
D3: CÓDIGO: F-PGC-21 | G3: VERSIÓN: 02
A5: NÚMERO DE PROCESO:
A6: MODALIDAD DE CONTRATACIÓN: | E6: ='Plan Ejecución'!AE5 -> CONTRATACIÓN DIRECTA
A7: OBJETO A CONTRATAR: | E7: ='Plan Ejecución'!AE6 -> "“SOPORTE, MANTENIMIENTO Y ACTUALIZACIÓN DEL VISOR GEOGRÁFICO – AÑO 2025"
A9: PROPUESTA ECONÓMICA
A10: ACTIVIDAD 1
A11: Ítem | B11: Cantidad personal | C11: (%) Dedicación | D11: Unidad de medida | E11: Cantidad | F11: Valor unitario referencia corporación antes de IVA | G11: Factor prestacional | H11: Valor unitario oferente antes de IVA | I11: Valor total oferente
A12: COSTOS DE PERSONAL
I13: =B13*C13*E13*F13*G13*H13 -> 0
I14: =B14*C14*E14*F14*G14*H14 -> 0
I15: =B15*C15*E15*F15*G15*H15 -> 0
I16: =B16*C16*E16*F16*G16*H16 -> 0
I17: =B17*C17*E17*F17*G17*H17 -> 0
A18: SUBTOTAL COSTOS DE PERSONAL | I18: =SUM(I13:I17) -> 0
A19: Ítem | D19: Unidad de medida | E19: Cantidad | F19: Valor unitario referencia corporación antes de IVA | H19: Valor unitario oferente antes de IVA | I19: Valor total oferente
A20: OTROS COSTOS (Diferentes a los costos de personal)
I21: =E21*H21 -> 0
I22: =E22*H22 -> 0
I23: =E23*H23 -> 0
I24: =E24*H24 -> 0
I25: =E25*H25 -> 0
I26: =E26*H26 -> 0
A27: SUBTOTAL OTROS COSTOS | I27: =SUM(I21:I26) -> 0
A28: SUBTOTAL ACTIVIDAD 1 | I28: =I18+I27 -> 0
A30: ACTIVIDAD 2
A31: Ítem | B31: Cantidad personal | C31: (%) Dedicación | D31: Unidad de medida | E31: Cantidad | F31: Valor unitario referencia corporación antes de IVA | G31: Factor prestacional | H31: Valor unitario oferente antes de IVA | I31: Valor total oferente
A32: COSTOS DE PERSONAL
I33: =B33*C33*E33*G33*H33 -> 0
I34: =B34*C34*E34*G34*H34 -> 0
I35: =B35*C35*E35*G35*H35 -> 0
I36: =B36*C36*E36*G36*H36 -> 0
I37: =B37*C37*E37*G37*H37 -> 0
A38: SUBTOTAL COSTOS DE PERSONAL | I38: =SUM(I33:I37) -> 0
A39: Ítem | D39: Unidad de medida | E39: Cantidad | F39: Valor unitario referencia corporación antes de IVA | H39: Valor unitario oferente antes de IVA | I39: Valor total oferente
A40: OTROS COSTOS (Diferentes a los costos de personal)
I41: =E41*H41 -> 0
I42: =E42*H42 -> 0
I43: =E43*H43 -> 0
I44: =E44*H44 -> 0
I45: =E45*H45 -> 0
I46: =E46*H46 -> 0
A47: SUBTOTAL OTROS COSTOS | I47: =SUM(I41:I46) -> 0
A48: SUBTOTAL ACTIVIDAD 2 | I48: =I38+I47 -> 0
A50: ACTIVIDAD 3
A51: Ítem | B51: Cantidad personal | C51: (%) Dedicación | D51: Unidad de medida | E51: Cantidad | F51: Valor unitario referencia corporación antes de IVA | G51: Factor prestacional | H51: Valor unitario oferente antes de IVA | I51: Valor total oferente
A52: COSTOS DE PERSONAL
I53: =B53*C53*E53*G53*H53 -> 0
I54: =B54*C54*E54*G54*H54 -> 0
I55: =B55*C55*E55*G55*H55 -> 0
I56: =B56*C56*E56*G56*H56 -> 0
I57: =B57*C57*E57*G57*H57 -> 0
A58: SUBTOTAL COSTOS DE PERSONAL | I58: =SUM(I53:I57) -> 0
A59: Ítem | D59: Unidad de medida | E59: Cantidad | F59: Valor unitario referencia corporación antes de IVA | H59: Valor unitario oferente antes de IVA | I59: Valor total oferente
A60: OTROS COSTOS (Diferentes a los costos de personal)
I61: =E61*H61 -> 0
I62: =E62*H62 -> 0
I63: =E63*H63 -> 0
I64: =E64*H64 -> 0
I65: =E65*H65 -> 0
I66: =E66*H66 -> 0
A67: SUBTOTAL OTROS COSTOS | I67: =SUM(I61:I66) -> 0
A68: SUBTOTAL ACTIVIDAD 3 | I68: =I58+I67 -> 0
A70: SUBTOTAL (antes de AU e IVA) | I70: =I28+I48+I68 -> 0
A71: Administración | I71: 0
A72: Utilidad | I72: 0
A73: IVA | I73: 0
A74: TOTAL (incluido AU e IVA) | I74: =SUM(I70:I73) -> 0
A76: _____________________________ Firma del oferente: Nombre del representante legal: Número de documento:
A78: NOTAS

Sheet PAB CA
B1: SISTEMA DE GESTIÓN INTEGRAL - SGI | F1: Instructivo
B2: ESTIMACIÓN PAB COMPARACIÓN ABSOLUTA
B3: CÓDIGO: F-PGC-21 | D3: VERSIÓN: 02
A5: En la comparación absoluta la Entidad Estatal contrasta el valor de cada oferta con el costo estimado de la provisión del bien o servicio de acuerdo con en el Estudio del Sector elaborado por la Entidad Estatal. Cuando la Entidad Estatal recibe menos de 5 ofertas debe solicitar aclaración a los proponentes cuyas ofertas sean menores en un 20%, o un mayor porcentaje, al costo total estimado por la Entidad Estatal. (Guía Colombia Compra Eficiente Ofertas Artificialmente Bajas, pág.5). Como la Guía de Colombia Compra Eficiente tiene un vacío para el uso de metodologías en el caso de presentarse 5 ofertas, Corantioquia en dicho caso utilizará la comparación absoluta, y solo utilizará la comparación relativa si se presentan más de 5 ofertas.
A7: En los contratos por pluralidad de oferentes al momento de subir el presente libro a la plataforma secop, el asesor jurídico y el asesor técnico, deberán ocultar la presente hoja, solo colocando a disposición de los oferentes el acta de PAB debidamente radicada, en el momento adecuado para ello.
A9: NÚMERO DE PROCESO:
A10: MODALIDAD DE CONTRATACIÓN: | C10: ='Plan Ejecución'!AE5 -> CONTRATACIÓN DIRECTA
A11: OBJETO A CONTRATAR: | C11: ='Plan Ejecución'!AE6 -> "“SOPORTE, MANTENIMIENTO Y ACTUALIZACIÓN DEL VISOR GEOGRÁFICO – AÑO 2025"
A13: ESTIMACIÓN PAB COMPARACIÓN ABSOLUTA POR EL PRESUPUESTO TOTAL
A14: Valor presupuesto total antes de IVA | B14: Porcentaje base | C14: Valor base para determinar PAB | D14: PAB Comparación absoluta
B15: 0.2 | C15: =A15*B15 -> 0 | D15: =A15-C15 -> 0
A17: ESTIMACIÓN PAB COMPARACIÓN ABSOLUTA POR LOTE
A18: Lote | B18: Valor total lote antes de IVA | C18: Porcentaje base | D18: Valor total lote base para determinar PAB | E18: PAB unitario Comparación absoluta
C19: 0.2 | D19: =B19*C19 -> 0 | E19: =B19-D19 -> 0
C20: 0.2 | D20: =B20*C20 -> 0 | E20: =B20-D20 -> 0
C21: 0.2 | D21: =B21*C21 -> 0 | E21: =B21-D21 -> 0
D22: =B22*C22 -> 0 | E22: =B22-D22 -> 0
D23: =B23*C23 -> 0 | E23: =B23-D23 -> 0
A25: ESTIMACIÓN PAB COMPARACIÓN ABSOLUTA POR UNIDAD
A26: Ítem | B26: Valor unitario presupuesto antes de IVA | C26: Porcentaje base | D26: Valor unitario base para determinar PAB | E26: PAB unitario Comparación absoluta
C27: 0.2 | D27: =B27*C27 -> 0 | E27: =B27-D27 -> 0
C28: 0.2 | D28: =B28*C28 -> 0 | E28: =B28-D28 -> 0
C29: 0.2 | D29: =B29*C29 -> 0 | E29: =B29-D29 -> 0
D30: =B30*C30 -> 0 | E30: =B30-D30 -> 0
D31: =B31*C31 -> 0 | E31: =B31-D31 -> 0
D32: =B32*C32 -> 0 | E32: =B32-D32 -> 0
D33: =B33*C33 -> 0 | E33: =B33-D33 -> 0
D34: =B34*C34 -> 0 | E34: =B34-D34 -> 0
D35: =B35*C35 -> 0 | E35: =B35-D35 -> 0
D36: =B36*C36 -> 0 | E36: =B36-D36 -> 0
D37: =B37*C37 -> 0 | E37: =B37-D37 -> 0
D38: =B38*C38 -> 0 | E38: =B38-D38 -> 0
A40: ESTIMACIÓN PAB COMPARACIÓN ABSOLUTA POR LOTE - UNIDAD
A41: Lote 1: | B41: Adquisición de equipos informáticos
A42: Ítem | B42: Valor unitario presupuesto antes de IVA | C42: Porcentaje base | D42: Valor unitario base para determinar PAB | E42: PAB unitario Comparación absoluta
C43: 0.2 | D43: =B43*C43 -> 0 | E43: =B43-D43 -> 0
C44: 0.2 | D44: =B44*C44 -> 0 | E44: =B44-D44 -> 0
D45: =B45*C45 -> 0 | E45: =B45-D45 -> 0
D46: =B46*C46 -> 0 | E46: =B46-D46 -> 0
D47: =B47*C47 -> 0 | E47: =B47-D47 -> 0
D48: =B48*C48 -> 0 | E48: =B48-D48 -> 0
D49: =B49*C49 -> 0 | E49: =B49-D49 -> 0
D50: =B50*C50 -> 0 | E50: =B50-D50 -> 0
D51: =B51*C51 -> 0 | E51: =B51-D51 -> 0
D52: =B52*C52 -> 0 | E52: =B52-D52 -> 0
A54: Lote 2 : | B54: Adquisición de insumos informáticos
A55: Ítem | B55: Valor unitario presupuesto antes de IVA | C55: Porcentaje base | D55: Valor unitario base para determinar PAB | E55: PAB unitario Comparación absoluta
C56: 0.2 | D56: =B56*C56 -> 0 | E56: =B56-D56 -> 0
D57: =B57*C57 -> 0 | E57: =B57-D57 -> 0
D58: =B58*C58 -> 0 | E58: =B58-D58 -> 0
D59: =B59*C59 -> 0 | E59: =B59-D59 -> 0
D60: =B60*C60 -> 0 | E60: =B60-D60 -> 0
D61: =B61*C61 -> 0 | E61: =B61-D61 -> 0
D62: =B62*C62 -> 0 | E62: =B62-D62 -> 0
D63: =B63*C63 -> 0 | E63: =B63-D63 -> 0
D64: =B64*C64 -> 0 | E64: =B64-D64 -> 0
D65: =B65*C65 -> 0 | E65: =B65-D65 -> 0

Sheet Evaluación financiera
C1: SISTEMA DE GESTIÓN INTEGRAL - SGI | K1: Instructivo
C2: VERIFICACIÓN DE REQUISITOS HABILITANTES DE LOS PROPONENTES SOBRE CAPACIDAD FINANCIERA Y ORGANIZACIONAL | K2: Requisitos habilitantes capacidad financiera y organizacional
C3: CÓDIGO: F-PGC-21 | G3: VERSIÓN: 02
A5: NÚMERO DE PROCESO:
A6: MODALIDAD DE CONTRATACIÓN: | C6: ='Plan Ejecución'!AE5 -> CONTRATACIÓN DIRECTA
A7: OBJETO A CONTRATAR: | C7: ='Plan Ejecución'!AE6 -> "“SOPORTE, MANTENIMIENTO Y ACTUALIZACIÓN DEL VISOR GEOGRÁFICO – AÑO 2025"
A9: VERIFICACIÓN DE REQUISITOS HABILITANTES DE LOS PROPONENTES SOBRE CAPACIDAD FINANCIERA Y ORGANIZACIONAL - GENERALES- | I9: CALIFICACIÓN
A10: INDICADOR FINANCIERO | B10: REGISTRO ÚNICO DE PROPONENTES | C10: FECHA DE CORTE DE LA INFORMACIÓN FINANCIERA | D10: LIQUIDEZ | E10: NIVEL DE ENDEUDAMIENTO | F10: RAZÓN DE COBERTURA DE INTERESES | G10: RENTABILIDAD DEL PATRIMONIO | H10: RENTABILIDAD DEL ACTIVO | I10: CUMPLE | J10: NO CUMPLE
A11: CRITERIOS PROPONENTES | B11: RUP EN FIRME | D11: MAYOR A UNO (1) | E11: MENOR O IGUAL AL SETENTA POR CIENTO (70%). | F11: POSITIVA MAYOR O IGUAL A DOS (2) / Indeterminada | G11: MAYOR AL UNO POR CIENTO (1%). | H11: MAYOR AL UNO POR CIENTO (1%).
A17: VERIFICACIÓN DE REQUISITOS HABILITANTES DE LOS PROPONENTES SOBRE CAPACIDAD FINANCIERA Y ORGANIZACIONAL - DIFERENCIALES- | I17: CALIFICACIÓN
A18: INDICADOR FINANCIERO | B18: REGISTRO ÚNICO DE PROPONENTES | C18: FECHA DE CORTE DE LA INFORMACIÓN FINANCIERA | D18: LIQUIDEZ | E18: NIVEL DE ENDEUDAMIENTO | F18: RAZÓN DE COBERTURA DE INTERESES | G18: RENTABILIDAD DEL PATRIMONIO | H18: RENTABILIDAD DEL ACTIVO | I18: CUMPLE | J18: NO CUMPLE
A19: CRITERIOS PROPONENTES | B19: RUP EN FIRME | D19: MAYOR A UNO (1) | E19: MENOR O IGUAL AL OCHENTA POR CIENTO (80%). | F19: POSITIVA MAYOR O IGUAL A UNO PUNTO CINCO (1,5) / Indeterminada | G19: MAYOR O IGUAL AL CERO PUNTO CINCO POR CIENTO (0,5%). | H19: MAYOR O IGUAL AL CERO PUNTO CINCO POR CIENTO (0,5%).
A25: CALIFICACIÓN DE INDICADORES:
A26: CUMPLE: Si la totalidad de los indicadores presentados por el proponente en el RUP guardan correspondencia con los mínimos exigidos por la CORPORACION.
A27: NO CUMPLE: Cuando al menos uno de los indicadores presentados por el proponente en el RUP no guarda correspondencia con los mínimos exigidos por la CORPORACION .
A28: _____________________________________________________
A29: Asesor(a) Financier(a) - Comité Asesor y Evaluador
A30: Subdirección Administrativa y Financiera

Sheet PAB CR
E1: SISTEMA DE GESTIÓN INTEGRAL - SGI | O1: Instructivo
E2: ESTIMACIÓN PAB COMPARACIÓN RELATIVA
E3: CÓDIGO: F-PGC-21 | J3: VERSIÓN: 02
A5: Colombia Compra Eficiente presenta la siguiente metodología (comparación relativa) como sugerencia para que las Entidades Estatales identifiquen la posibilidad de precios artificialmente bajos cuando hay más de 5 ofertas en un Proceso de Contratación (Guía Colombia Compra Eficiente Ofertas Artificialmente Bajas, pág.5).
A7: NÚMERO DE PROCESO:
A8: MODALIDAD DE CONTRATACIÓN: | D8: ='Plan Ejecución'!AE5 -> CONTRATACIÓN DIRECTA
A9: OBJETO A CONTRATAR: | D9: ='Plan Ejecución'!AE6 -> "“SOPORTE, MANTENIMIENTO Y ACTUALIZACIÓN DEL VISOR GEOGRÁFICO – AÑO 2025"
A11: ESTIMACIÓN PAB COMPARACIÓN RELATIVA POR EL PRESUPUESTO TOTAL
A12: Oferente | B12: NIT | C12: Valor total antes de IVA
A22: MEDIANA | C22: =IFERROR(MEDIAN(C13:C21),"")
A23: DESVIACIÓN ESTÁNDAR | C23: =IFERROR(_xlfn.STDEV.P(C13:C21),"")
A24: VALOR MÍNIMO ACEPTABLE | C24: =IFERROR(C22-C23,"")
A26: ESTIMACIÓN PAB COMPARACIÓN RELATIVA POR LOTE
A27: LOTE 1. XXXXXX | D27: LOTE 2. XXXXXX
A28: Oferente | B28: NIT | C28: Valor total antes de IVA lote | D28: Oferente | E28: NIT | F28: Valor total antes de IVA lote
A38: MEDIANA | C38: =IFERROR(MEDIAN(C29:C37),"") | D38: MEDIANA | F38: =IFERROR(MEDIAN(F29:F37),"")
A39: DESVIACIÓN ESTÁNDAR | C39: =IFERROR(_xlfn.STDEV.P(C29:C37),"") | D39: DESVIACIÓN ESTÁNDAR | F39: =IFERROR(_xlfn.STDEV.P(F29:F37),"")
A40: VALOR MÍNIMO ACEPTABLE | C40: =IFERROR(C38-C39,"") | D40: VALOR MÍNIMO ACEPTABLE | F40: =IFERROR(F38-F39,"")
A42: ESTIMACIÓN PAB COMPARACIÓN RELATIVA POR UNIDAD
A43: ÍTEM / Oferente (Valor unitario antes de IVA) | L43: MEDIANA | M43: DESVIACIÓN ESTÁNDAR | N43: VALOR MÍNIMO ACEPTABLE
L44: =IFERROR(MEDIAN(B44:K44),"") | M44: =IFERROR(_xlfn.STDEV.P(B44:K44),"") | N44: =IFERROR(L44-M44,"")
L45: =IFERROR(MEDIAN(B45:K45),"") | M45: =IFERROR(_xlfn.STDEV.P(B45:K45),"") | N45: =IFERROR(L45-M45,"")
L46: =IFERROR(MEDIAN(B46:K46),"") | M46: =IFERROR(_xlfn.STDEV.P(B46:K46),"") | N46: =IFERROR(L46-M46,"")
L47: =IFERROR(MEDIAN(B47:K47),"") | M47: =IFERROR(_xlfn.STDEV.P(B47:K47),"") | N47: =IFERROR(L47-M47,"")
L48: =IFERROR(MEDIAN(B48:K48),"") | M48: =IFERROR(_xlfn.STDEV.P(B48:K48),"") | N48: =IFERROR(L48-M48,"")
L49: =IFERROR(MEDIAN(B49:K49),"") | M49: =IFERROR(_xlfn.STDEV.P(B49:K49),"") | N49: =IFERROR(L49-M49,"")
L50: =IFERROR(MEDIAN(B50:K50),"") | M50: =IFERROR(_xlfn.STDEV.P(B50:K50),"") | N50: =IFERROR(L50-M50,"")
L51: =IFERROR(MEDIAN(B51:K51),"") | M51: =IFERROR(_xlfn.STDEV.P(B51:K51),"") | N51: =IFERROR(L51-M51,"")
L52: =IFERROR(MEDIAN(B52:K52),"") | M52: =IFERROR(_xlfn.STDEV.P(B52:K52),"") | N52: =IFERROR(L52-M52,"")
L53: =IFERROR(MEDIAN(B53:K53),"") | M53: =IFERROR(_xlfn.STDEV.P(B53:K53),"") | N53: =IFERROR(L53-M53,"")
A55: ESTIMACIÓN PAB COMPARACIÓN RELATIVA POR LOTE - UNIDAD
A56: Lote 1:
A57: ÍTEM / Oferente (Valor unitario antes de IVA) | L57: MEDIANA | M57: DESVIACIÓN ESTÁNDAR | N57: VALOR MÍNIMO ACEPTABLE
L58: =IFERROR(MEDIAN(B58:K58),"") | M58: =IFERROR(_xlfn.STDEV.P(B58:K58),"") | N58: =IFERROR(L58-M58,"")
L59: =IFERROR(MEDIAN(B59:K59),"") | M59: =IFERROR(_xlfn.STDEV.P(B59:K59),"") | N59: =IFERROR(L59-M59,"")
L60: =IFERROR(MEDIAN(B60:K60),"") | M60: =IFERROR(_xlfn.STDEV.P(B60:K60),"") | N60: =IFERROR(L60-M60,"")
L61: =IFERROR(MEDIAN(B61:K61),"") | M61: =IFERROR(_xlfn.STDEV.P(B61:K61),"") | N61: =IFERROR(L61-M61,"")
L62: =IFERROR(MEDIAN(B62:K62),"") | M62: =IFERROR(_xlfn.STDEV.P(B62:K62),"") | N62: =IFERROR(L62-M62,"")
L63: =IFERROR(MEDIAN(B63:K63),"") | M63: =IFERROR(_xlfn.STDEV.P(B63:K63),"") | N63: =IFERROR(L63-M63,"")
L64: =IFERROR(MEDIAN(B64:K64),"") | M64: =IFERROR(_xlfn.STDEV.P(B64:K64),"") | N64: =IFERROR(L64-M64,"")
L65: =IFERROR(MEDIAN(B65:K65),"") | M65: =IFERROR(_xlfn.STDEV.P(B65:K65),"") | N65: =IFERROR(L65-M65,"")
L66: =IFERROR(MEDIAN(B66:K66),"") | M66: =IFERROR(_xlfn.STDEV.P(B66:K66),"") | N66: =IFERROR(L66-M66,"")
L67: =IFERROR(MEDIAN(B67:K67),"") | M67: =IFERROR(_xlfn.STDEV.P(B67:K67),"") | N67: =IFERROR(L67-M67,"")
A69: Lote 2:
A70: ÍTEM / Oferente (Valor unitario antes de IVA) | L70: MEDIANA | M70: DESVIACIÓN ESTÁNDAR | N70: VALOR MÍNIMO ACEPTABLE
L71: =IFERROR(MEDIAN(B71:K71),"") | M71: =IFERROR(_xlfn.STDEV.P(B71:K71),"") | N71: =IFERROR(L71-M71,"")
L72: =IFERROR(MEDIAN(B72:K72),"") | M72: =IFERROR(_xlfn.STDEV.P(B72:K72),"") | N72: =IFERROR(L72-M72,"")
L73: =IFERROR(MEDIAN(B73:K73),"") | M73: =IFERROR(_xlfn.STDEV.P(B73:K73),"") | N73: =IFERROR(L73-M73,"")
L74: =IFERROR(MEDIAN(B74:K74),"") | M74: =IFERROR(_xlfn.STDEV.P(B74:K74),"") | N74: =IFERROR(L74-M74,"")
L75: =IFERROR(MEDIAN(B75:K75),"") | M75: =IFERROR(_xlfn.STDEV.P(B75:K75),"") | N75: =IFERROR(L75-M75,"")
L76: =IFERROR(MEDIAN(B76:K76),"") | M76: =IFERROR(_xlfn.STDEV.P(B76:K76),"") | N76: =IFERROR(L76-M76,"")
L77: =IFERROR(MEDIAN(B77:K77),"") | M77: =IFERROR(_xlfn.STDEV.P(B77:K77),"") | N77: =IFERROR(L77-M77,"")
L78: =IFERROR(MEDIAN(B78:K78),"") | M78: =IFERROR(_xlfn.STDEV.P(B78:K78),"") | N78: =IFERROR(L78-M78,"")
L79: =IFERROR(MEDIAN(B79:K79),"") | M79: =IFERROR(_xlfn.STDEV.P(B79:K79),"") | N79: =IFERROR(L79-M79,"")
L80: =IFERROR(MEDIAN(B80:K80),"") | M80: =IFERROR(_xlfn.STDEV.P(B80:K80),"") | N80: =IFERROR(L80-M80,"")

Sheet Habilitados - SI
C1: SISTEMA DE GESTIÓN INTEGRAL - SGI
C2: SUBASTA INVERSA - ANÁLISIS DE HABILITADOS
C3: F-PGC-21 | F3: VERSIÓN: 02
A5: NÚMERO DE PROCESO: | H5: Instructivo
A6: MODALIDAD DE CONTRATACIÓN:
A7: OBJETO A CONTRATAR:
A9: Subrayar:
A10: Amarillo: Están pendientes de Póliza la cual será validada en la subasta.
A11: Rojo: No cumplen.
A13: LOTE 1
A14: OFERENTE | B14: ORDEN TÉCNICO | D14: ORDEN JURÍDICO | F14: ORDEN FINANCIERO
B15: HABILITADO/ NO HABILITADO | C15: CUMPLE / NO CUMPLE | D15: HABILITADO/ NO HABILITADO | E15: CUMPLE / NO CUMPLE | F15: HABILITADO/ NO HABILITADO | G15: CUMPLE / NO CUMPLE
C16: =IF(B16="Habilitado","Cumple",(IF(B16="No habilitado","No cumple",(IF(B16="Pendiente","La habilitación queda supeditada a la verificación de la entrega de la póliza dentro del sobre económico",""))))) | E16: =IF(D16="Habilitado","Cumple",(IF(D16="No habilitado","No cumple",(IF(D16="Pendiente","La habilitación queda supeditada a la verificación de la entrega de la póliza dentro del sobre económico",""))))) | G16: =IF(F16="Habilitado","Cumple",(IF(F16="No habilitado","No cumple",(IF(F16="Pendiente","La habilitación queda supeditada a la verificación de la entrega de la póliza dentro del sobre económico","")))))
C17: =IF(B17="Habilitado","Cumple",(IF(B17="No habilitado","No cumple",(IF(B17="Pendiente","La habilitación queda supeditada a la verificación de la entrega de la póliza dentro del sobre económico",""))))) | E17: =IF(D17="Habilitado","Cumple",(IF(D17="No habilitado","No cumple",(IF(D17="Pendiente","La habilitación queda supeditada a la verificación de la entrega de la póliza dentro del sobre económico",""))))) | G17: =IF(F17="Habilitado","Cumple",(IF(F17="No habilitado","No cumple",(IF(F17="Pendiente","La habilitación queda supeditada a la verificación de la entrega de la póliza dentro del sobre económico","")))))
C18: =IF(B18="Habilitado","Cumple",(IF(B18="No habilitado","No cumple",(IF(B18="Pendiente","La habilitación queda supeditada a la verificación de la entrega de la póliza dentro del sobre económico",""))))) | E18: =IF(D18="Habilitado","Cumple",(IF(D18="No habilitado","No cumple",(IF(D18="Pendiente","La habilitación queda supeditada a la verificación de la entrega de la póliza dentro del sobre económico",""))))) | G18: =IF(F18="Habilitado","Cumple",(IF(F18="No habilitado","No cumple",(IF(F18="Pendiente","La habilitación queda supeditada a la verificación de la entrega de la póliza dentro del sobre económico","")))))
C19: =IF(B19="Habilitado","Cumple",(IF(B19="No habilitado","No cumple",(IF(B19="Pendiente","La habilitación queda supeditada a la verificación de la entrega de la póliza dentro del sobre económico",""))))) | E19: =IF(D19="Habilitado","Cumple",(IF(D19="No habilitado","No cumple",(IF(D19="Pendiente","La habilitación queda supeditada a la verificación de la entrega de la póliza dentro del sobre económico",""))))) | G19: =IF(F19="Habilitado","Cumple",(IF(F19="No habilitado","No cumple",(IF(F19="Pendiente","La habilitación queda supeditada a la verificación de la entrega de la póliza dentro del sobre económico","")))))
C20: =IF(B20="Habilitado","Cumple",(IF(B20="No habilitado","No cumple",(IF(B20="Pendiente","La habilitación queda supeditada a la verificación de la entrega de la póliza dentro del sobre económico",""))))) | E20: =IF(D20="Habilitado","Cumple",(IF(D20="No habilitado","No cumple",(IF(D20="Pendiente","La habilitación queda supeditada a la verificación de la entrega de la póliza dentro del sobre económico",""))))) | G20: =IF(F20="Habilitado","Cumple",(IF(F20="No habilitado","No cumple",(IF(F20="Pendiente","La habilitación queda supeditada a la verificación de la entrega de la póliza dentro del sobre económico","")))))
C21: =IF(B21="Habilitado","Cumple",(IF(B21="No habilitado","No cumple",(IF(B21="Pendiente","La habilitación queda supeditada a la verificación de la entrega de la póliza dentro del sobre económico",""))))) | E21: =IF(D21="Habilitado","Cumple",(IF(D21="No habilitado","No cumple",(IF(D21="Pendiente","La habilitación queda supeditada a la verificación de la entrega de la póliza dentro del sobre económico",""))))) | G21: =IF(F21="Habilitado","Cumple",(IF(F21="No habilitado","No cumple",(IF(F21="Pendiente","La habilitación queda supeditada a la verificación de la entrega de la póliza dentro del sobre económico","")))))
C22: =IF(B22="Habilitado","Cumple",(IF(B22="No habilitado","No cumple",(IF(B22="Pendiente","La habilitación queda supeditada a la verificación de la entrega de la póliza dentro del sobre económico",""))))) | E22: =IF(D22="Habilitado","Cumple",(IF(D22="No habilitado","No cumple",(IF(D22="Pendiente","La habilitación queda supeditada a la verificación de la entrega de la póliza dentro del sobre económico",""))))) | G22: =IF(F22="Habilitado","Cumple",(IF(F22="No habilitado","No cumple",(IF(F22="Pendiente","La habilitación queda supeditada a la verificación de la entrega de la póliza dentro del sobre económico","")))))
A24: LOTE 2
A25: OFERENTE | B25: ORDEN TÉCNICO | D25: ORDEN JURÍDICO | F25: ORDEN FINANCIERO
B26: HABILITADO/ NO HABILITADO | C26: CUMPLE / NO CUMPLE | D26: HABILITADO/ NO HABILITADO | E26: CUMPLE / NO CUMPLE | F26: HABILITADO/ NO HABILITADO | G26: CUMPLE / NO CUMPLE
C27: =IF(B27="Habilitado","Cumple",(IF(B27="No habilitado","No cumple",(IF(B27="Pendiente","La habilitación queda supeditada a la verificación de la entrega de la póliza dentro del sobre económico",""))))) | E27: =IF(D27="Habilitado","Cumple",(IF(D27="No habilitado","No cumple",(IF(D27="Pendiente","La habilitación queda supeditada a la verificación de la entrega de la póliza dentro del sobre económico",""))))) | G27: =IF(F27="Habilitado","Cumple",(IF(F27="No habilitado","No cumple",(IF(F27="Pendiente","La habilitación queda supeditada a la verificación de la entrega de la póliza dentro del sobre económico","")))))
C28: =IF(B28="Habilitado","Cumple",(IF(B28="No habilitado","No cumple",(IF(B28="Pendiente","La habilitación queda supeditada a la verificación de la entrega de la póliza dentro del sobre económico",""))))) | E28: =IF(D28="Habilitado","Cumple",(IF(D28="No habilitado","No cumple",(IF(D28="Pendiente","La habilitación queda supeditada a la verificación de la entrega de la póliza dentro del sobre económico",""))))) | G28: =IF(F28="Habilitado","Cumple",(IF(F28="No habilitado","No cumple",(IF(F28="Pendiente","La habilitación queda supeditada a la verificación de la entrega de la póliza dentro del sobre económico","")))))
C29: =IF(B29="Habilitado","Cumple",(IF(B29="No habilitado","No cumple",(IF(B29="Pendiente","La habilitación queda supeditada a la verificación de la entrega de la póliza dentro del sobre económico",""))))) | E29: =IF(D29="Habilitado","Cumple",(IF(D29="No habilitado","No cumple",(IF(D29="Pendiente","La habilitación queda supeditada a la verificación de la entrega de la póliza dentro del sobre económico",""))))) | G29: =IF(F29="Habilitado","Cumple",(IF(F29="No habilitado","No cumple",(IF(F29="Pendiente","La habilitación queda supeditada a la verificación de la entrega de la póliza dentro del sobre económico","")))))
C30: =IF(B30="Habilitado","Cumple",(IF(B30="No habilitado","No cumple",(IF(B30="Pendiente","La habilitación queda supeditada a la verificación de la entrega de la póliza dentro del sobre económico",""))))) | E30: =IF(D30="Habilitado","Cumple",(IF(D30="No habilitado","No cumple",(IF(D30="Pendiente","La habilitación queda supeditada a la verificación de la entrega de la póliza dentro del sobre económico",""))))) | G30: =IF(F30="Habilitado","Cumple",(IF(F30="No habilitado","No cumple",(IF(F30="Pendiente","La habilitación queda supeditada a la verificación de la entrega de la póliza dentro del sobre económico","")))))
C31: =IF(B31="Habilitado","Cumple",(IF(B31="No habilitado","No cumple",(IF(B31="Pendiente","La habilitación queda supeditada a la verificación de la entrega de la póliza dentro del sobre económico",""))))) | E31: =IF(D31="Habilitado","Cumple",(IF(D31="No habilitado","No cumple",(IF(D31="Pendiente","La habilitación queda supeditada a la verificación de la entrega de la póliza dentro del sobre económico",""))))) | G31: =IF(F31="Habilitado","Cumple",(IF(F31="No habilitado","No cumple",(IF(F31="Pendiente","La habilitación queda supeditada a la verificación de la entrega de la póliza dentro del sobre económico","")))))
C32: =IF(B32="Habilitado","Cumple",(IF(B32="No habilitado","No cumple",(IF(B32="Pendiente","La habilitación queda supeditada a la verificación de la entrega de la póliza dentro del sobre económico",""))))) | E32: =IF(D32="Habilitado","Cumple",(IF(D32="No habilitado","No cumple",(IF(D32="Pendiente","La habilitación queda supeditada a la verificación de la entrega de la póliza dentro del sobre económico",""))))) | G32: =IF(F32="Habilitado","Cumple",(IF(F32="No habilitado","No cumple",(IF(F32="Pendiente","La habilitación queda supeditada a la verificación de la entrega de la póliza dentro del sobre económico","")))))
C33: =IF(B33="Habilitado","Cumple",(IF(B33="No habilitado","No cumple",(IF(B33="Pendiente","La habilitación queda supeditada a la verificación de la entrega de la póliza dentro del sobre económico",""))))) | E33: =IF(D33="Habilitado","Cumple",(IF(D33="No habilitado","No cumple",(IF(D33="Pendiente","La habilitación queda supeditada a la verificación de la entrega de la póliza dentro del sobre económico",""))))) | G33: =IF(F33="Habilitado","Cumple",(IF(F33="No habilitado","No cumple",(IF(F33="Pendiente","La habilitación queda supeditada a la verificación de la entrega de la póliza dentro del sobre económico","")))))
A35: LOTE 3
A36: OFERENTE | B36: ORDEN TÉCNICO | D36: ORDEN JURÍDICO | F36: ORDEN FINANCIERO
B37: HABILITADO/ NO HABILITADO | C37: CUMPLE / NO CUMPLE | D37: HABILITADO/ NO HABILITADO | E37: CUMPLE / NO CUMPLE | F37: HABILITADO/ NO HABILITADO | G37: CUMPLE / NO CUMPLE
C38: =IF(B38="Habilitado","Cumple",(IF(B38="No habilitado","No cumple",(IF(B38="Pendiente","La habilitación queda supeditada a la verificación de la entrega de la póliza dentro del sobre económico",""))))) | E38: =IF(D38="Habilitado","Cumple",(IF(D38="No habilitado","No cumple",(IF(D38="Pendiente","La habilitación queda supeditada a la verificación de la entrega de la póliza dentro del sobre económico",""))))) | G38: =IF(F38="Habilitado","Cumple",(IF(F38="No habilitado","No cumple",(IF(F38="Pendiente","La habilitación queda supeditada a la verificación de la entrega de la póliza dentro del sobre económico","")))))
C39: =IF(B39="Habilitado","Cumple",(IF(B39="No habilitado","No cumple",(IF(B39="Pendiente","La habilitación queda supeditada a la verificación de la entrega de la póliza dentro del sobre económico",""))))) | E39: =IF(D39="Habilitado","Cumple",(IF(D39="No habilitado","No cumple",(IF(D39="Pendiente","La habilitación queda supeditada a la verificación de la entrega de la póliza dentro del sobre económico",""))))) | G39: =IF(F39="Habilitado","Cumple",(IF(F39="No habilitado","No cumple",(IF(F39="Pendiente","La habilitación queda supeditada a la verificación de la entrega de la póliza dentro del sobre económico","")))))
C40: =IF(B40="Habilitado","Cumple",(IF(B40="No habilitado","No cumple",(IF(B40="Pendiente","La habilitación queda supeditada a la verificación de la entrega de la póliza dentro del sobre económico",""))))) | E40: =IF(D40="Habilitado","Cumple",(IF(D40="No habilitado","No cumple",(IF(D40="Pendiente","La habilitación queda supeditada a la verificación de la entrega de la póliza dentro del sobre económico",""))))) | G40: =IF(F40="Habilitado","Cumple",(IF(F40="No habilitado","No cumple",(IF(F40="Pendiente","La habilitación queda supeditada a la verificación de la entrega de la póliza dentro del sobre económico","")))))
C41: =IF(B41="Habilitado","Cumple",(IF(B41="No habilitado","No cumple",(IF(B41="Pendiente","La habilitación queda supeditada a la verificación de la entrega de la póliza dentro del sobre económico",""))))) | E41: =IF(D41="Habilitado","Cumple",(IF(D41="No habilitado","No cumple",(IF(D41="Pendiente","La habilitación queda supeditada a la verificación de la entrega de la póliza dentro del sobre económico",""))))) | G41: =IF(F41="Habilitado","Cumple",(IF(F41="No habilitado","No cumple",(IF(F41="Pendiente","La habilitación queda supeditada a la verificación de la entrega de la póliza dentro del sobre económico","")))))
C42: =IF(B42="Habilitado","Cumple",(IF(B42="No habilitado","No cumple",(IF(B42="Pendiente","La habilitación queda supeditada a la verificación de la entrega de la póliza dentro del sobre económico",""))))) | E42: =IF(D42="Habilitado","Cumple",(IF(D42="No habilitado","No cumple",(IF(D42="Pendiente","La habilitación queda supeditada a la verificación de la entrega de la póliza dentro del sobre económico",""))))) | G42: =IF(F42="Habilitado","Cumple",(IF(F42="No habilitado","No cumple",(IF(F42="Pendiente","La habilitación queda supeditada a la verificación de la entrega de la póliza dentro del sobre económico","")))))
C43: =IF(B43="Habilitado","Cumple",(IF(B43="No habilitado","No cumple",(IF(B43="Pendiente","La habilitación queda supeditada a la verificación de la entrega de la póliza dentro del sobre económico",""))))) | E43: =IF(D43="Habilitado","Cumple",(IF(D43="No habilitado","No cumple",(IF(D43="Pendiente","La habilitación queda supeditada a la verificación de la entrega de la póliza dentro del sobre económico",""))))) | G43: =IF(F43="Habilitado","Cumple",(IF(F43="No habilitado","No cumple",(IF(F43="Pendiente","La habilitación queda supeditada a la verificación de la entrega de la póliza dentro del sobre económico","")))))
C44: =IF(B44="Habilitado","Cumple",(IF(B44="No habilitado","No cumple",(IF(B44="Pendiente","La habilitación queda supeditada a la verificación de la entrega de la póliza dentro del sobre económico",""))))) | E44: =IF(D44="Habilitado","Cumple",(IF(D44="No habilitado","No cumple",(IF(D44="Pendiente","La habilitación queda supeditada a la verificación de la entrega de la póliza dentro del sobre económico",""))))) | G44: =IF(F44="Habilitado","Cumple",(IF(F44="No habilitado","No cumple",(IF(F44="Pendiente","La habilitación queda supeditada a la verificación de la entrega de la póliza dentro del sobre económico","")))))

Sheet A. Lances - SIP
B1: SISTEMA DE GESTIÓN INTEGRAL - SGI | E1: Instructivo
B2: SUBASTA INVERSA PRESENCIAL - ANÁLISIS DE LANCES
B3: CÓDIGO: F-PGC-21 | D3: VERSIÓN: 02
A5: SUBASTA INVERSA PRESENCIAL: | B5: Número: Año:
A6: NÚMERO DE PROCESO:
A7: MODALIDAD DE CONTRATACIÓN:
A8: OBJETO A CONTRATAR:
A9: NÚMERO DE LOTE:
A10: MARGEN MÍNIMO DE MEJORA DE OFERTA: | B10: 0.02 | C10: Numeral P.C.
A12: EL VALOR DEL LANCE DEBERA CORRESPONDER AL VALOR ANTES DE IVA
A13: PRECIO DE ARRANQUE | D13: 0
A14: MARGEN MÍNIMO DE MEJORA DE OFERTA | D14: =D13*$B$10 -> 0
A15: PRECIO MÁXIMO PARA EL LANCE No. 1 | D15: =D13-D14 -> 0
A17: PRECIO OFERTADO EN EL LANCE No.1 | D17: 0
A18: MARGEN MÍNIMO DE MEJORA DE OFERTA | D18: =D17*$B$10 -> 0
A19: PRECIO MÁXIMO PARA EL LANCE No. 2 | D19: =+D17-D18 -> 0
A21: PRECIO OFERTADO EN EL LANCE No.2 | D21: 0
A22: MARGEN MÍNIMO DE MEJORA DE OFERTA | D22: =D21*$B$10 -> 0
A23: PRECIO MÁXIMO PARA EL LANCE No. 3 | D23: =+D21-D22 -> 0
A25: PRECIO OFERTADO EN EL LANCE No.3 | D25: 0
A26: MARGEN MÍNIMO DE MEJORA DE OFERTA | D26: =D25*$B$10 -> 0
A27: PRECIO MÁXIMO PARA EL LANCE No. 4 | D27: =+D25-D26 -> 0
A29: PRECIO OFERTADO EN EL LANCE No.4 | D29: 0
A30: MARGEN MÍNIMO DE MEJORA DE OFERTA | D30: =D29*$B$10 -> 0
A31: PRECIO MÁXIMO PARA EL LANCE No. 5 | D31: =+D29-D30 -> 0
A33: PRECIO OFERTADO EN EL LANCE No.5 | D33: 0
A34: MARGEN MÍNIMO DE MEJORA DE OFERTA | D34: =D33*$B$10 -> 0
A35: PRECIO MÁXIMO PARA EL LANCE No. 6 | D35: =+D33-D34 -> 0
A37: PRECIO OFERTADO EN EL LANCE No.6 | D37: 0
A38: MARGEN MÍNIMO DE MEJORA DE OFERTA | D38: =D37*$B$10 -> 0
A39: PRECIO MÁXIMO PARA EL LANCE No. 7 | D39: =+D37-D38 -> 0
A41: PRECIO OFERTADO EN EL LANCE No.7 | D41: 0
A42: MARGEN MÍNIMO DE MEJORA DE OFERTA | D42: =D41*$B$10 -> 0
A43: PRECIO MÁXIMO PARA EL LANCE No. 8 | D43: =+D41-D42 -> 0
A45: PRECIO OFERTADO EN EL LANCE No.8 | D45: 0
A46: MARGEN MÍNIMO DE MEJORA DE OFERTA | D46: =D45*$B$10 -> 0
A47: PRECIO MÁXIMO PARA EL LANCE No. 9 | D47: =+D45-D46 -> 0
A49: PRECIO OFERTADO EN EL LANCE No.9 | D49: 0
A50: MARGEN MÍNIMO DE MEJORA DE OFERTA | D50: =D49*$B$10 -> 0
A51: PRECIO MÁXIMO PARA EL LANCE No. 10 | D51: =+D49-D50 -> 0
A53: PRECIO OFERTADO EN EL LANCE No.10 | D53: 0
A54: MARGEN MÍNIMO DE MEJORA DE OFERTA | D54: =D53*$B$10 -> 0
A55: PRECIO MÁXIMO PARA EL LANCE No. 11 | D55: =+D53-D54 -> 0
A57: PRECIO OFERTADO EN EL LANCE No.11 | D57: 0
A58: MARGEN MÍNIMO DE MEJORA DE OFERTA | D58: =D57*$B$10 -> 0
A59: PRECIO MÁXIMO PARA EL LANCE No. 12 | D59: =+D57-D58 -> 0
A61: PRECIO OFERTADO EN EL LANCE No.12 | D61: 0
A62: MARGEN MÍNIMO DE MEJORA DE OFERTA | D62: =D61*$B$10 -> 0
A63: PRECIO MÁXIMO PARA EL LANCE No. 13 | D63: =+D61-D62 -> 0
A65: PRECIO OFERTADO EN EL LANCE No.13 | D65: 0
A66: MARGEN MÍNIMO DE MEJORA DE OFERTA | D66: =D65*$B$10 -> 0
A67: PRECIO MÁXIMO PARA EL LANCE No. 14 | D67: =+D65-D66 -> 0
A69: PRECIO OFERTADO EN EL LANCE No.14 | D69: 0
A70: MARGEN MÍNIMO DE MEJORA DE OFERTA | D70: =D69*$B$10 -> 0
A71: PRECIO MÁXIMO PARA EL LANCE No. 15 | D71: =+D69-D70 -> 0
A73: PRECIO OFERTADO EN EL LANCE No.15 | D73: 0
A74: MARGEN MÍNIMO DE MEJORA DE OFERTA | D74: =D73*$B$10 -> 0
A75: PRECIO MÁXIMO PARA EL LANCE No. 16 | D75: =+D73-D74 -> 0
A77: PRECIO OFERTADO EN EL LANCE No.16 | D77: 0
A78: MARGEN MÍNIMO DE MEJORA DE OFERTA | D78: =D77*$B$10 -> 0
A79: PRECIO MÁXIMO PARA EL LANCE No. 17 | D79: =+D77-D78 -> 0
A81: PRECIO OFERTADO EN EL LANCE No.17 | D81: 0
A82: MARGEN MÍNIMO DE MEJORA DE OFERTA | D82: =D81*$B$10 -> 0
A83: PRECIO MÁXIMO PARA EL LANCE No. 18 | D83: =+D81-D82 -> 0
A85: PRECIO OFERTADO EN EL LANCE No.18 | D85: 0
A86: MARGEN MÍNIMO DE MEJORA DE OFERTA | D86: =D85*$B$10 -> 0
A87: PRECIO MÁXIMO PARA EL LANCE No. 19 | D87: =+D85-D86 -> 0
A89: PRECIO OFERTADO EN EL LANCE No.19 | D89: 0
A90: MARGEN MÍNIMO DE MEJORA DE OFERTA | D90: =D89*$B$10 -> 0
A91: PRECIO MÁXIMO PARA EL LANCE No. 20 | D91: =+D89-D90 -> 0
A93: PRECIO OFERTADO EN EL LANCE No. 20 | D93: 0
A94: MARGEN MÍNIMO DE MEJORA DE OFERTA | D94: =D93*$B$10 -> 0
A95: PRECIO MÁXIMO PARA EL LANCE No. 21 | D95: =+D93-D94 -> 0

Sheet D. Lances - SIP
C1: SISTEMA DE GESTIÓN INTEGRAL - SGI | I1: Instructivo
C2: SUBASTA INVERSA PRESENCIAL - LANCES DE PRECIOS
C3: CÓDIGO: F-PGC-21 | G3: VERSIÓN: 02
B8: CORANTIOQUIA
B9: FORMULARIO NRO. 1 PARA LANCES DE PRECIOS
B11: PROCESO: | C11: Selección Abreviada Subasta Inversa N° ______ de _________
B12: NÚMERO DE PROCESO: | F12: LOTE:
B13: OBJETO:
B15: CLAVE DEL OFERENTE:
B17: NRO DE LANCE:
B19: VALOR DEL LANCE: | C19: $
B21: NOMBRE:
B23: FIRMA:
B31: CORANTIOQUIA
B32: FORMULARIO NRO. 1 PARA LANCES DE PRECIOS
B34: PROCESO: | C34: Selección Abreviada Subasta Inversa N° ______ de _________
B35: NÚMERO DE PROCESO: | F35: LOTE:
B36: OBJETO:
B38: CLAVE DEL OFERENTE:
B40: NRO DE LANCE:
B42: VALOR DEL LANCE: | C42: $
B44: NOMBRE:
B46: FIRMA:

Sheet DD. Lances - SIP
C1: SISTEMA DE GESTIÓN INTEGRAL - SGI | I1: Instructivo
C2: SUBASTA INVERSA PRESENCIAL - DECLINACIÓN DE LANCES
C3: CÓDIGO: F-PGC-21 | G3: VERSIÓN: 02
B8: CORANTIOQUIA
B9: FORMULARIO NRO. 2 MANIFESTACIÓN EN FORMA CLARA Y EXPRESA DE QUE NO SE PRESENTARÁ NI EFECTUARÁ MÁS LANCES
B11: PROCESO: | C11: Selección Abreviada Subasta Inversa N° ______ de _________
B12: NÚMERO DE PROCESO: | F12: LOTE:
B13: OBJETO:
B15: CLAVE DEL OFERENTE:
B17: NRO DE LANCE:
B19: DESISTE DEL LANCE:
B21: NOMBRE:
B23: FIRMA:
B31: CORANTIOQUIA
B32: FORMULARIO NRO. 2 MANIFESTACIÓN EN FORMA CLARA Y EXPRESA DE QUE NO SE PRESENTARÁ NI EFECTUARÁ MÁS LANCES
B34: PROCESO: | C34: Selección Abreviada Subasta Inversa N° ______ de _________
B35: NÚMERO DE PROCESO: | F35: LOTE:
B36: OBJETO:
B38: CLAVE DEL OFERENTE:
B40: NRO DE LANCE:
B42: DESISTE DEL LANCE:
B44: NOMBRE:
B46: FIRMA:

Sheet Gtos DyM
B1: SISTEMA DE GESTIÓN INTEGRAL - SGI | E1: Instructivo
B2: VALORES DE GASTOS DE DESPLAZAMIENTO Y MANUTENCIÓN
B3: CÓDIGO: F-PGC-21 | D3: VERSIÓN: 02
A5: AÑO VIGENTE: | B5: 2022
A6: MEMORANDO: | B6: 190-MEM2201-77
A8: Cuatro N.1 Gastos de desplazamiento y manutención por municipio
A9: Municipio | B9: Valor total desplazamiento | C9: Valor total desplazamiento y manutención más de 4 horas sin pernocta | D9: Valor total desplazamiento y manutención con (1) una pernocta*
A10: Amagá | B10: 38500 | C10: 87500 | D10: 135500
A11: Amalfí | B11: 124500 | C11: 173500 | D11: 221500
A12: Andes | B12: 62500 | C12: 111500 | D12: 159500
A13: Angelópolis | B13: 38500 | C13: 87500 | D13: 135500
A14: Angostura | B14: 135500 | C14: 184500 | D14: 232500
A15: Anorí | B15: 95500 | C15: 144500 | D15: 192500
A16: Anzá | B16: 62500 | C16: 111500 | D16: 159500
A17: Armenia mantequilla | B17: 52500 | C17: 101500 | D17: 149500
A18: Barbosa | B18: 68500 | C18: 117500 | D18: NA
A19: Bello | B19: 38000 | C19: 62000 | D19: NA
A20: Belmira | B20: 36500 | C20: 85500 | D20: 133500
A21: Betania | B21: 68500 | C21: 117500 | D21: 165500
A22: Betulia | B22: 66500 | C22: 115500 | D22: 163500
A23: Briceño | B23: 64500 | C23: 113500 | D23: 161500
A24: Buriticá | B24: 62500 | C24: 111500 | D24: 159500
A25: Cáceres | B25: 167500 | C25: 216500 | D25: 264500
A26: Caicedo | B26: 64500 | C26: 113500 | D26: 161500
A27: Caldas | B27: 56000 | C27: 105000 | D27: NA
A28: Campamento | B28: 135500 | C28: 184500 | D28: 232500
A29: Caracolí | B29: 124500 | C29: 173500 | D29: 221500
A30: Caramanta | B30: 101500 | C30: 150500 | D30: 198500
A31: Carolina del Príncipe | B31: 74500 | C31: 123500 | D31: 171500
A32: Caucasia | B32: 180500 | C32: 229500 | D32: 277500
A33: Cisneros | B33: 96500 | C33: 145500 | D33: 193500
A34: Ciudad Bolívar | B34: 68500 | C34: 117500 | D34: 165500
A35: Concordia | B35: 57500 | C35: 106500 | D35: 154500
A36: Copacabana | B36: 39000 | C36: 88000 | D36: NA
A37: Don Matías | B37: 29500 | C37: 78500 | D37: 126500
A38: Ebéjico | B38: 57500 | C38: 106500 | D38: 154500
A39: El Bagre | B39: 223500 | C39: 272500 | D39: 320500
A40: Entrerríos | B40: 36500 | C40: 85500 | D40: 133500
A41: Envigado | B41: 38000 | C41: 62000 | D41: NA
A42: Fredonia | B42: 70500 | C42: 119500 | D42: 167500
A43: Girardota | B43: 57500 | C43: 106500 | D43: NA
A44: Gómez Plata | B44: 68500 | C44: 117500 | D44: 165500
A45: Guadalupe | B45: 79500 | C45: 128500 | D45: 176500
A46: Heliconia | B46: 38500 | C46: 87500 | D46: 135500
A47: Hispania | B47: 57500 | C47: 106500 | D47: 154500
A48: Itagüí | B48: 38000 | C48: 62000 | D48: NA
A49: Ituango | B49: 96500 | C49: 145500 | D49: 193500
